Workbook
Name _21: OFFSET('[1]Curva 21'!$C$1,COUNTIFS('[1]Curva 21'!$C:$C,"<>"&"",'[1]Curva 21'!$C:$C,"<>"&"#NAME?",'[1]Curva 21'!$C:$C,"<>"&"0")-252,0,252)
Name _25: OFFSET('[1]Curva 25'!$C$1,COUNTIFS('[1]Curva 25'!$C:$C,"<>"&"",'[1]Curva 25'!$C:$C,"<>"&"#NAME?",'[1]Curva 25'!$C:$C,"<>"&"0")-252,0,252)
Name _Valor: OFFSET('[1]Curva 25'!$D$1,COUNTIFS('[1]Curva 25'!$D:$D,"<>"&"",'[1]Curva 25'!$D:$D,"<>"&"#NAME?",'[1]Curva 25'!$D:$D,"<>"&"0")-252,0,252)
Name _Valor2: OFFSET('[1]Curva 21'!$D$1,COUNTIFS('[1]Curva 21'!$D:$D,"<>"&"",'[1]Curva 21'!$D:$D,"<>"&"#NAME?",'[1]Curva 21'!$D:$D,"<>"&"0")-252,0,252)
Name AAAAAA: OFFSET([2]Weight!$A$5,1,654-1,75,1)
Name aaaaauuu: OFFSET([2]Weight!$A$5,1,655-1,75,1)
Name bb: OFFSET([2]Weight!$A$5,1,655-1,75,1)
Name BBBBB: OFFSET([2]Weight!$A$5,1,MATCH('[2]Comp Weight'!A$6,[2]Weight!$5:$5,0)-1,75,1)
Name Data: OFFSET('[3]BRLUSD Hist'!$A$1,COUNTA('[3]BRLUSD Hist'!$A:$A)-1,0,-6)
Name Data2: OFFSET('[3]BRLUSD Hist'!$A$1,1,0,COUNTA('[3]BRLUSD Hist'!$A:$A)-1)
Name DDDD: OFFSET([2]Weight!$A$5,1,MATCH('[2]Comp Weight'!XFD$5,[2]Weight!$5:$5,0)-1,75,1)
Name High: OFFSET('[3]BRLUSD Hist'!$A$1,COUNTA('[3]BRLUSD Hist'!$A:$A)-1,1,-6)
Name HLPBRD_IB: #REF!
Name HLPBRD_IB: #REF!
Name HLPBRD_IB: #REF!
Name HLPBRD_IB: #REF!
Name HLPBRD_IB: #REF!
Name HLPBRD_IB: #REF!
Name HLPBRD_IB: #REF!
Name HLPBRD_IB: #REF!
Name HLPBRD_IB: #REF!
Name HLPBRD_IB: #REF!
Name HLPBRD_IR: #REF!
Name HLPBRD_IR: #REF!
Name HLPBRD_IR: #REF!
Name HLPBRD_IR: #REF!
Name HLPBRD_IR: #REF!
Name HLPBRD_IR: #REF!
Name HLPBRD_IR: #REF!
Name HLPBRD_IR: #REF!
Name HLPBRD_IR: #REF!
Name HLPBRD_IR: #REF!
Name HLPBRD_OBR: #REF!
Name HLPBRD_OBR: #REF!
Name HLPBRD_OBR: #REF!
Name HLPBRD_OBR: #REF!
Name HLPBRD_OBR: #REF!
Name HLPBRD_OBR: #REF!
Name HLPBRD_OBR: #REF!
Name HLPBRD_OBR: #REF!
Name HLPBRD_OBR: #REF!
Name HLPBRD_OBR: #REF!
Name KK: OFFSET([2]Weight!$A$5,1,MATCH('[2]Comp Weight'!XFD$5,[2]Weight!$5:$5,0)-1,75,1)
Name Last: OFFSET('[3]BRLUSD Hist'!$A$1,COUNTA('[3]BRLUSD Hist'!$A:$A)-1,3,-6)
Name Low: OFFSET('[3]BRLUSD Hist'!$A$1,COUNTA('[3]BRLUSD Hist'!$A:$A)-1,2,-6)
Name oebsi: OFFSET('[3]BRLUSD Hist'!$A$1,COUNTA('[3]BRLUSD Hist'!$A:$A)-1,1,-6,3)
Name Return: OFFSET([2]Weight!$A$5,1,MATCH('[2]Comp Weight'!XFC$5,[2]Weight!$5:$5,0)-1,75,1)
Name Serie: OFFSET('[3]BRLUSD Hist'!$A$1,1,3,COUNTA('[3]BRLUSD Hist'!$A:$A)-1)
Name TickerR1C1: #REF!
Name TickerR1C1: #REF!
Name TickerR1C1: #REF!
Name TickerR1C1: #REF!
Name TickerR1C1: #REF!
Name TickerR1C1: #REF!
Name TickerR1C1: #REF!
Name TickerR1C1: #REF!
Name TickerR1C1: #REF!
Name TickerR1C1: #REF!
Name Tudo: OFFSET('[3]BRLUSD Hist'!$A$1,MATCH(TODAY(),'[3]BRLUSD Hist'!$A:$A)-1,0,-6,4)
Name yyy: OFFSET([2]Weight!$A$5,1,MATCH([2]Weight!WJC$6,[2]Weight!$5:$5,0)-1,75,1)

Sheet Capa
K1: a
O7: Acesse a tese do Itaú
O8: Acesse a tese do Banco do Brasil
O9: Acesse a tese do Banrisul
O10: Acesse a tese do Bradesco
O11: Acesse a tese do Santander
O12: Acesse a tese do BR Partners
O13: -
O14: 1
O15: Link para a
O16: tese completa
O17: Acesse a tese da BRF
O18: Acesse a tese da JBS
O19: Acesse a tese da Ambev
O20: Acesse a tese do Marfrig
O21: Acesse a tese de Jalles Machado
O22: Acesse a tese de São Martinho
O23: Acesse a tese de Boa Safra Sementes
O24: Acesse a tese de BrasilAgro
O25: -
O26: -
... O40: -
O41: 1
O42: Link para a
O43: tese completa
O44: Acesse a tese da Ânima
O45: Acesse a tese da Yduqs
O46: Acesse a tese da Cogna
O47: Acesse a tese da Ser
O48: -
O49: -
O50: 1
O51: Link para a
O52: tese completa
O53: Acesse a tese da AES Tietê
O54: Acesse a tese da Engie
O55: Acesse a tese da Cemig
O56: Acesse a tese da Cemig
O57: Acesse a tese da Equatorial
O58: Acesse a tese da CTEEP
O59: Acesse a tese da TAESA
O60: Acesse a tese da EDP
O61: Acesse a tese da Copel
O62: Acesse a tese da Copel
... O74: -
O75: 1
O76: Link para a
O77: tese completa
O78: -
O79: -
O80: 1
O81: Link para a
O82: tese completa
O83: Acesse a tese da Vale
O84: Acesse a tese da Vale
O85: Acesse a tese da CSN Mineração
O86: Acesse a tese da Gerdau
O87: Acesse a tese da Usiminas
O88: Acesse a tese da Aura Minerals
O89: Acesse a tese da CBA
O90: Acesse a tese da Bradespar
O91: Acesse a tese da Met. Gerdau
O92: -
O93: 1
O94: Link para a
O95: tese completa
O96: Acesse a tese de Klabin
O97: Acesse a tese de Irani
O98: -
O99: 1
O100: Link para a
O101: tese completa
O102: Acesse a tese da Sanepar
O103: Acesse a tese da Sabesp
O104: Acesse a tese da Copasa
O105: Acesse a tese de Orizon
O106: -
O107: 1
O108: Link para a
O109: tese completa
O110: Acesse a tese de Rede D'Or
O111: Acesse a tese de GNDI
O112: Acesse a tese de Alliar
O113: Acesse a tese de Fleury
O114: Acesse a tese de Hermes Pardini
O115: Acesse a tese de Blau
O116: Acesse a tese de Hypera
O117: Acesse a tese de Kora Saúde
O118: -
O119: -
... O122: -
O124: 1
O125: Link para a
O126: tese completa
O127: Acesse a tese da Méliuz
O128: Acesse a tese da G2D
O129: Acesse a tese de Locaweb
O130: Acesse a tese de Bemobi
O131: Acesse a tese de Positivo
O132: Acesse a tese de Totvs
...

Sheet Multiplos >>
O6: Acesse a tese do Itaú
O7: Acesse a tese do Banco do Brasil
O8: Acesse a tese do Banrisul
O9: Acesse a tese do Bradesco
O10: Acesse a tese do Santander
O11: Acesse a tese do BR Partners
O12: -
O13: 1
O14: Link para a
O15: tese completa
O16: Acesse a tese da BRF
O17: Acesse a tese da JBS
O18: Acesse a tese da Ambev
O19: Acesse a tese do Marfrig
O20: Acesse a tese de Jalles Machado
O21: Acesse a tese de São Martinho
O22: Acesse a tese de Boa Safra Sementes
O23: Acesse a tese de BrasilAgro
O24: -
O25: -
... O28: -
O29: 1
O30: Link para a
O31: Acesse a tese de WEG
O32: Acesse a tese da Aeris
O33: Acesse aqui a tese de Randon
O34: Acesse aqui a tese da Fras-Le
O35: Acesse aqui a tese de Tupy
O36: Acesse aqui a tese de Iochpe-Maxion
O37: Acesse aqui a tese da Marcopolo
O38: -
O39: -
O40: -
O41: 1
O42: Link para a
O43: tese completa
O44: Acesse a tese da Ânima
O45: Acesse a tese da Yduqs
O46: Acesse a tese da Cogna
O47: Acesse a tese da Ser
O48: -
O49: -
O50: 1
O51: Link para a
O52: tese completa
O53: Acesse a tese da AES Tietê
O54: Acesse a tese da Engie
O55: Acesse a tese da Cemig
O56: Acesse a tese da Cemig
O57: Acesse a tese da Equatorial
O58: Acesse a tese da CTEEP
O59: Acesse a tese da TAESA
O60: Acesse a tese da EDP
O61: Acesse a tese da Copel
O62: Acesse a tese da Copel
... O74: -
O75: 1
O76: Link para a
O77: tese completa
O78: -
O79: -
O80: 1
O81: Link para a
O82: tese completa
O83: Acesse a tese da Vale
O84: Acesse a tese da Vale
O85: Acesse a tese da CSN Mineração
O86: Acesse a tese da Gerdau
O87: Acesse a tese da Usiminas
O88: Acesse a tese da Aura Minerals
O89: Acesse a tese da CBA
O90: Acesse a tese da Bradespar
O91: Acesse a tese da Met. Gerdau
O92: -
O93: 1
O94: Link para a
O95: tese completa
O96: Acesse a tese de Klabin
O97: Acesse a tese de Irani
O98: -
O99: 1
O100: Link para a
O101: tese completa
O102: Acesse a tese da Sanepar
O103: Acesse a tese da Sabesp
O104: Acesse a tese da Copasa
O105: Acesse a tese de Orizon
O106: -
O107: 1
O108: Link para a
O109: tese completa
O110: Acesse a tese de Rede D'Or
O111: Acesse a tese de GNDI
O112: Acesse a tese de Alliar
O113: Acesse a tese de Fleury
O114: Acesse a tese de Hermes Pardini
O115: Acesse a tese de Blau
O116: Acesse a tese de Hypera
O117: Acesse a tese de Kora Saúde
O118: -
...

Sheet Multiplos
G1: Buy | H1: Under Review | I1: Sell
G2: Neutral | H2: Restricted
B4: Companhia | C4: Ticker | D4: Setor | E4: Analista | F4: Recomendação | G4: Preço | H4: Preço | I4: % Upside | J4: P/L | L4: EV/EBITDA | N4: Div Liq/EBITDA | P4: P/VP | R4: ROE | T4: Div. Yield
G5: Alvo (R$) | H5: Atual (R$) | J5: 2026 | K5: 2027 | L5: 2026 | M5: 2027 | N5: 2026 | O5: 2027 | P5: 2026 | Q5: 2027 | R5: 2026 | S5: 2027 | T5: 2026 | U5: 2027
B6: =MATCH(B8,[4]Multiples!$1:$1,0) -> 1 | C6: =MATCH(C8,[4]Multiples!$1:$1,0) -> 2 | D6: =MATCH(D8,[4]Multiples!$1:$1,0) -> 3 | E6: =MATCH(E8,[4]Multiples!$1:$1,0) -> 4 | F6: =MATCH(F8,[4]Multiples!$1:$1,0) -> 5 | G6: =MATCH(G8,[4]Multiples!$1:$1,0) -> 9 | H6: =MATCH(H8,[4]Multiples!$1:$1,0) -> 10 | I6: =MATCH(I8,[4]Multiples!$1:$1,0) -> 11 | ... U6: =MATCH(U8,[4]Multiples!$1:$1,0) -> 23
J7: P/E | K7: P/E | L7: EV/EBITDA | M7: EV/EBITDA | N7: NET_DEBT/EBITDA | O7: NET_DEBT/EBITDA | P7: P/BV | Q7: P/BV | R7: ROE | S7: ROE | T7: DIV_YIELD | U7: DIV_YIELD
B8: NAME | C8: TICKER | D8: SECTOR_XP | E8: LEAD_ANALYST | F8: RECOMMENDATION | G8: TARGET | H8: adj_close_price | I8: UPSIDE | J8: =J7&"_"&J5 -> P/E_2026 | K8: =K7&"_"&K5 -> P/E_2027 | L8: =L7&"_"&L5 -> EV/EBITDA_2026 | M8: =M7&"_"&M5 -> EV/EBITDA_2027 | N8: =N7&"_"&N5 -> NET_DEBT/EBITDA_2026 | O8: =O7&"_"&O5 -> NET_DEBT/EBITDA_2027 | P8: =P7&"_"&P5 -> P/BV_2026 | Q8: =Q7&"_"&Q5 -> P/BV_2027 | ... U8: =U7&"_"&U5 -> DIV_YIELD_2027
A9: =_xlfn.CONCAT(C9," BZ Equity") -> TTEN3 BZ Equity | B9: 3tentos | C9: TTEN3 | D9: Agro | E9: Leonardo Alencar | F9: Compra | G9: 21.6 | H9: 13.69 | I9: 0.57779401 | J9: 8.1542148 | K9: 7.2012582 | L9: 5.5319096 | M9: 5.1254142 | N9: 1.3041959 | O9: 1.1340049 | P9: 1.2853591 | Q9: 1.1336054 | R9: 0.15763126 | S9: 0.15741769 | T9: 0.030658991 | U9: 0.034716156
A10: =_xlfn.CONCAT(C10," BZ Equity") -> AGXY3 BZ Equity | B10: Agrogalaxy | C10: AGXY3 | D10: Agro | E10: Leonardo Alencar | F10: Sob Revisão | G10: - | H10: - | I10: - | J10: - | K10: - | L10: - | M10: - | N10: - | O10: - | P10: - | Q10: - | R10: - | S10: - | T10: - | U10: -
A11: =_xlfn.CONCAT(C11," BZ Equity") -> SOJA3 BZ Equity | B11: Boa Safra | C11: SOJA3 | D11: Agro | E11: Leonardo Alencar | F11: Compra | G11: 11.8 | H11: 8.21 | I11: 0.43727162 | J11: 13.322221 | K11: 9.3342118 | L11: 7.1025476 | M11: 6.0728333 | N11: 2.0891473 | O11: 1.5213251 | P11: 0.55535515 | Q11: 0.5316719 | R11: 0.041686379 | S11: 0.056959486 | T11: 0.018616181 | U11: 0.026923118
A12: =_xlfn.CONCAT(C12," BZ Equity") -> AGRO3 BZ Equity | B12: BrasilAgro | C12: AGRO3 | D12: Agro | E12: Leonardo Alencar | F12: Neutro | G12: 22.5 | H12: 18.53 | I12: 0.21424717 | J12: -597.23288 | K12: 440.11043 | L12: 13.816711 | M12: 13.666866 | N12: 4.6417082 | O12: 3.9199664 | P12: 0.86567741 | Q12: 0.86482687 | R12: -0.0014494805 | S12: 0.0019650224 | T12: 0.01753277 | U12: 0.0011360785
A13: =_xlfn.CONCAT(C13," BZ Equity") -> JALL3 BZ Equity | B13: Jalles Machado | C13: JALL3 | D13: Agro | E13: Leonardo Alencar | F13: Compra | G13: 4.1 | H13: 2.98 | I13: 0.37583893 | J13: 16.476356 | K13: 3.5751177 | L13: 1.7976679 | M13: 1.4818729 | N13: 1.1384274 | O13: 0.94054545 | P13: 0.43974593 | Q13: 0.40260507 | R13: 0.026689513 | S13: 0.11261309 | T13: 0.015877189 | U13: 0.069927767
A14: =_xlfn.CONCAT(C14," BZ Equity") -> RAIZ4 BZ Equity | B14: Raizen | C14: RAIZ4 | D14: Agro | E14: Leonardo Alencar | F14: Sob Revisão | G14: - | H14: - | I14: - | J14: - | K14: - | L14: - | M14: - | N14: - | O14: - | P14: - | Q14: - | R14: - | S14: - | T14: - | U14: -
A15: =_xlfn.CONCAT(C15," BZ Equity") -> SLCE3 BZ Equity | B15: SLC Agricola | C15: SLCE3 | D15: Agro | E15: Leonardo Alencar | F15: Neutro | G15: 18.7 | H15: 16.97 | I15: 0.10194461 | J15: 12.68631 | K15: 14.812569 | L15: 6.8041824 | M15: 6.0319699 | N15: 3.72094 | O15: 3.3310868 | P15: 1.373286 | Q15: 1.312447 | R15: 0.10824945 | S15: 0.088603601 | T15: 0.018503249 | U15: 0.033755117
A16: =_xlfn.CONCAT(C16," BZ Equity") -> SMTO3 BZ Equity | B16: São Martinho | C16: SMTO3 | D16: Agro | E16: Leonardo Alencar | F16: Compra | G16: 22.4 | H16: 20.85 | I16: 0.074340528 | J16: 8.0483236 | K16: 20.78347 | L16: 4.0189441 | M16: 4.0504589 | N16: 2.098012 | O16: 2.0738426 | P16: 0.91385416 | Q16: 0.88836084 | R16: 0.1135459 | S16: 0.042743626 | T16: 0 | U16: 0.012733954
A17: =_xlfn.CONCAT(C17," BZ Equity") -> VITT3 BZ Equity | B17: Vittia | C17: VITT3 | D17: Agro | E17: Leonardo Alencar | F17: Compra | G17: 5.1 | H17: 3.67 | I17: 0.38964578 | J17: 17.3335 | K17: 12.830296 | L17: 6.6074738 | M17: 5.6843889 | N17: 1.3579245 | O17: 1.0377435 | P17: 0.8692686 | Q17: 0.827234 | R17: 0.05014963 | S17: 0.064475051 | T17: 0.014422938 | U17: 0.019485131
A18: =_xlfn.CONCAT(C18," BZ Equity") -> ABEV3 BZ Equity | B18: Ambev | C18: ABEV3 | D18: Alimentos & Bebidas | E18: Leonardo Alencar | F18: Venda | G18: 13 | H18: 16.69 | I18: -0.22109047 | J18: 15.972086 | K18: 16.554165 | L18: 7.4115572 | M18: 7.2206213 | N18: -0.76103256 | O18: -1.0557737 | P18: 2.8185927 | Q18: 2.7398013 | R18: 0.17646992 | S18: 0.16550525 | T18: 0.050087384 | U18: 0.048326206
A19: =_xlfn.CONCAT(C19," BZ Equity") -> CAML3 BZ Equity | B19: Camil | C19: CAML3 | D19: Alimentos & Bebidas | E19: Leonardo Alencar | F19: Compra | G19: 8.3 | H19: 6.5 | I19: 0.27692308 | J19: 52.888065 | K19: 9.2702091 | L19: 5.3922057 | M19: 5.0336864 | N19: 3.0123591 | O19: 2.8637052 | P19: 0.67467558 | Q19: 0.65491452 | R19: 0.01275667 | S19: 0.070647222 | T19: 0.063149452 | U19: 0.063149452
A20: =_xlfn.CONCAT(C20," BZ Equity") -> JBS BZ Equity | B20: JBS | C20: JBS | D20: Alimentos & Bebidas | E20: Leonardo Alencar | F20: Compra | G20: 20.3 | H20: 12.47 | I20: 0.62790698 | J20: 24.480946 | K20: 11.158644 | L20: 5.7976838 | M20: 5.22999 | N20: 3.341704 | O20: 3.03835 | P20: 1.4016189 | Q20: 1.3569021 | R20: 0.057253461 | S20: 0.12160099 | T20: 0.077808979 | U20: 0.074881199
A21: =_xlfn.CONCAT(C21," BZ Equity") -> MDIA3 BZ Equity | B21: M. Dias Branco | C21: MDIA3 | D21: Alimentos & Bebidas | E21: Leonardo Alencar | F21: Neutro | G21: 25.5 | H21: 19.35 | I21: 0.31782946 | J21: 9.1641728 | K21: 8.039816 | L21: 4.523493 | M21: 3.7215474 | N21: -0.92374648 | O21: -1.3187949 | P21: 0.74112252 | Q21: 0.69658885 | R21: 0.080871732 | S21: 0.086642387 | T21: 0.028535568 | U21: 0.03811846
A22: =_xlfn.CONCAT(C22," BZ Equity") -> MBRF3 BZ Equity | B22: MBRF | C22: MBRF3 | D22: Alimentos & Bebidas | E22: Leonardo Alencar | F22: Neutro | G22: 20.45 | H22: 18.81 | I22: 0.087187666 | J22: 298.93647 | K22: 14.264251 | L22: 5.9880338 | M22: 5.5565548 | N22: 3.9272622 | O22: 3.6125966 | P22: 1.8169782 | Q22: 1.7081841 | R22: 0.0060781417 | S22: 0.11975281 | T22: 0 | U22: 0.035052665
B23: Minerva | C23: BEEF3 | D23: Alimentos & Bebidas | E23: Leonardo Alencar | F23: Neutro | G23: 7.2 | H23: 4.29 | I23: 0.67832168 | J23: 3.4855641 | K23: 3.9451679 | L23: 4.1030342 | M23: 4.0248326 | N23: 3.2010154 | O23: 3.1285544 | P23: 1.1869106 | Q23: 1.0317141 | R23: 0.34052181 | S23: 0.26151336 | T23: 0.11279621 | U23: 0.12673732
A24: =_xlfn.CONCAT(C24," BZ Equity") -> AGBK BZ Equity | B24: Agibank | C24: AGBK | D24: Bancos | E24: Bernardo Guttmann | F24: Compra | G24: 13 | H24: 7.34 | I24: 0.77111717 | J24: 5.9448687 | K24: 4.2568981 | L24: - | M24: - | N24: - | O24: - | P24: 1.0807066 | Q24: 0.91763367 | R24: 0.18178814 | S24: 0.21556393 | T24: 0 | U24: 0.070473851
A25: =_xlfn.CONCAT(C25," BZ Equity") -> BRBI11 BZ Equity | B25: BR Partners | C25: BRBI11 | D25: Bancos | E25: Bernardo Guttmann | F25: Compra | G25: 22 | H25: 18.64 | I25: 0.18025751 | J25: 13.111083 | K25: 10.809654 | L25: - | M25: - | N25: - | O25: - | P25: 2.3676757 | Q25: 2.2003464 | R25: 0.18058582 | S25: 0.20355382 | T25: 0.049790498 | U25: 0.060391142
A26: =_xlfn.CONCAT(C26," BZ Equity") -> BPAC11 BZ Equity | B26: BTG Pactual | C26: BPAC11 | D26: Bancos | E26: Bernardo Guttmann | F26: Compra | G26: 63 | H26: 80.56 | I26: -0.21797418 | J26: 16.089214 | K26: 14.326484 | L26: - | M26: - | N26: - | O26: - | P26: 4.0051174 | Q26: 3.4804299 | R26: 0.24893183 | S26: 0.24293679 | T26: 0.020836532 | U26: 0.030796572
B27: Banco Mercantil do Brasil | C27: BMEB4 | D27: Bancos | E27: Bernardo Guttmann | F27: Compra | G27: 100 | H27: 82.26 | I27: 0.21565767 | J27: 7.4462302 | K27: 5.7741969 | L27: - | M27: - | N27: - | O27: - | P27: 2.2991785 | Q27: 1.8558091 | R27: 0.3087708 | S27: 0.32139692 | T27: 0.020475101 | U27: 0.069273703
B28: Banco Pine | C28: PINE4 | D28: Bancos | E28: Bernardo Guttmann | F28: Compra | G28: 20 | H28: 17.71 | I28: 0.12930548 | J28: 6.0488701 | K28: 5.0395546 | L28: - | M28: - | N28: - | O28: - | P28: 1.9127549 | Q28: 1.5824218 | R28: 0.3162169 | S28: 0.31400033 | T28: 0.041330033 | U28: 0.089293606
B29: Banco do Brasil | C29: BBAS3 | D29: Bancos | E29: Bernardo Guttmann | F29: Neutro | G29: 21 | H29: 24.1 | I29: -0.12863071 | J29: 8.1351851 | K29: 5.8020124 | L29: - | M29: - | N29: - | O29: - | P29: 0.71663292 | Q29: 0.65960348 | R29: 0.088090549 | S29: 0.11368529 | T29: 0.029505224 | U29: 0.051706197
A30: =_xlfn.CONCAT(C30," BZ Equity") -> BBDC4 BZ Equity | B30: Bradesco | C30: BBDC4 | D30: Bancos | E30: Bernardo Guttmann | F30: Neutro | G30: 21 | H30: 20.65 | I30: 0.016949153 | J30: 7.7202259 | K30: 6.9880467 | L30: - | M30: - | N30: - | O30: - | P30: 1.1929155 | Q30: 1.0963688 | R30: 0.15451821 | S30: 0.15689203 | T30: 0.063003392 | U30: 0.069282023
B31: Inter | C31: INBR32 | D31: Bancos | E31: Bernardo Guttmann | F31: Neutro | G31: 45 | H31: - | I31: - | J31: - | K31: - | L31: - | M31: - | N31: - | O31: - | P31: - | Q31: - | R31: 0.15424996 | S31: 0.15226135 | T31: - | U31: -
A32: =_xlfn.CONCAT(C32," BZ Equity") -> ITUB4 BZ Equity | B32: Itaú Unibanco | C32: ITUB4 | D32: Bancos | E32: Bernardo Guttmann | F32: Compra | G32: 50 | H32: 48.9 | I32: 0.022494888 | J32: 11.070655 | K32: 10.061739 | L32: - | M32: - | N32: - | O32: - | P32: 2.6495719 | Q32: 2.4248479 | R32: 0.2393329 | S32: 0.2409969 | T32: 0.05220931 | U32: 0.064408852
B33: Nubank | C33: NU | D33: Bancos | E33: Bernardo Guttmann | F33: Compra | G33: 21 | H33: 15.05 | I33: 0.39534884 | J33: 17.759102 | K33: 13.365844 | L33: - | M33: - | N33: - | O33: - | P33: 4.7162017 | Q33: 3.7292808 | R33: 0.26556533 | S33: 0.27901574 | T33: 0 | U33: 0.018704394
B34: Nubank | C34: ROXO34 | D34: Bancos | E34: Bernardo Guttmann | F34: Compra | G34: 18.6 | H34: 12.74 | I34: 0.4599686 | J34: 3.5322516 | K34: 2.6584409 | L34: - | M34: - | N34: - | O34: - | P34: 0.93804357 | Q34: 0.74174688 | R34: 0.26556533 | S34: 0.27901574 | T34: 0 | U34: 0.09404008
B35: PicPay | C35: PICS | D35: Bancos | E35: Bernardo Guttmann | F35: Compra | G35: 18 | H35: 13.77 | I35: 0.30718954 | J35: 9.1655262 | K35: 4.3061232 | L35: - | M35: - | N35: - | O35: - | P35: 1.2805909 | Q35: 0.98705285 | R35: 0.1397182 | S35: 0.22922076 | T35: 0 | U35: 0
B36: Santander | C36: SANB11 | D36: Bancos | E36: Bernardo Guttmann | F36: Compra | G36: 44 | H36: 28.13 | I36: 0.56416637 | J36: 6.000962 | K36: 5.3075123 | L36: - | M36: - | N36: - | O36: - | P36: 1.0262452 | Q36: 0.96119629 | R36: 0.17101346 | S36: 0.18110109 | T36: 0.10831597 | U36: 0.12246792
B37: Embraer | C37: EMBJ3 | D37: Bens de Capital | E37: Lucas Laghi | F37: Compra | G37: 116 | H37: 91.83 | I37: 0.26320375 | J37: 21.299893 | K37: 18.443931 | L37: 11.875895 | M37: 9.7583883 | N37: -0.14496875 | O37: -0.32872292 | P37: 3.2077771 | Q37: 2.9178355 | R37: 0.15060062 | S37: 0.15820031 | T37: 0.017201465 | U37: 0.024830497
B38: Frasle Mobility | C38: FRAS3 | D38: Bens de Capital | E38: Lucas Laghi | F38: Neutro | G38: 20 | H38: 29.3 | I38: -0.31740614 | J38: 25.528614 | K38: 19.519476 | L38: 9.1176648 | M38: 8.3015131 | N38: 1.1573487 | O38: 0.97709717 | P38: 3.1488036 | Q38: 2.986571 | R38: 0.12334409 | S38: 0.15300468 | T38: 0.024907963 | U38: 0.033979668
B39: Iochpe-Maxion | C39: MYPK3 | D39: Bens de Capital | E39: Lucas Laghi | F39: Compra | G39: 13 | H39: 11.71 | I39: 0.11016225 | J39: 6.3768941 | K39: 5.4442422 | L39: 3.4575868 | M39: 3.4288135 | N39: 2.34907 | O39: 2.3649888 | P39: 0.41246776 | Q39: 0.39367747 | R39: 0.064681607 | S39: 0.072310792 | T39: 0.066595324 | U39: 0.067961709
B40: Kepler Weber | C40: KEPL3 | D40: Bens de Capital | E40: Lucas Laghi | F40: Neutro | G40: 7 | H40: 7.55 | I40: -0.072847682 | J40: 18.594074 | K40: 13.775112 | L40: 9.2737773 | M40: 7.6069332 | N40: -0.34149771 | O40: -0.59296486 | P40: 1.5930627 | Q40: 1.4994097 | R40: 0.08567583 | S40: 0.10884918 | T40: 0.019534027 | U40: 0.033387232
B41: Marcopolo | C41: POMO4 | D41: Bens de Capital | E41: Lucas Laghi | F41: Neutro | G41: 5 | H41: 4.68 | I41: 0.068376068 | J41: 5.4279767 | K41: 5.9678081 | L41: 5.8976926 | M41: 5.5781349 | N41: 1.2452793 | O41: 1.1470266 | P41: 1.2580849 | Q41: 1.1381203 | R41: 0.23177788 | S41: 0.19070993 | T41: 0.0716459 | U41: 0.083782854
A42: =_xlfn.CONCAT(C42," BZ Equity") -> RAPT4 BZ Equity | B42: Randoncorp | C42: RAPT4 | D42: Bens de Capital | E42: Lucas Laghi | F42: Neutro | G42: 5 | H42: 8.02 | I42: -0.3765586 | J42: 114.92696 | K42: 13.717299 | L42: 5.1150375 | M42: 4.4938182 | N42: 3.2735075 | O42: 2.9266277 | P42: 0.99845267 | Q42: 0.99969807 | R42: 0.0086877146 | S42: 0.072878637 | T42: 0.037961909 | U42: 0.074148359
A43: =_xlfn.CONCAT(C43," BZ Equity") -> TUPY3 BZ Equity | B43: Tupy | C43: TUPY3 | D43: Bens de Capital | E43: Lucas Laghi | F43: Compra | G43: 20 | H43: 20.58 | I43: -0.028182702 | J43: 26.366586 | K43: 10.170165 | L43: 5.3053794 | M43: 4.2779091 | N43: 2.3103951 | O43: 1.9498601 | P43: 1.0789662 | Q43: 0.99944209 | R43: 0.040921725 | S43: 0.098271965 | T43: 0.0093683619 | U43: 0.024581706
A44: =_xlfn.CONCAT(C44," BZ Equity") -> WEGE3 BZ Equity | B44: Weg | C44: WEGE3 | D44: Bens de Capital | E44: Lucas Laghi | F44: Neutro | G44: 52 | H44: 45.21 | I44: 0.15018801 | J44: 29.51354 | K44: 25.825092 | L44: 20.391261 | M44: 17.25908 | N44: -0.27350316 | O44: -0.26142724 | P44: 3.9463914 | Q44: 3.4523828 | R44: 0.13371461 | S44: 0.13368327 | T44: 0.0098590292 | U44: 0.020810722
A45: =_xlfn.CONCAT(C45," BZ Equity") -> CURY3 BZ Equity | B45: Cury | C45: CURY3 | D45: Construção Civil | E45: Ygor Altero | F45: Compra | G45: 45 | H45: 32.36 | I45: 0.39060569 | J45: 7.9811713 | K45: 7.1530543 | L45: 5.6914675 | M45: 5.2013908 | N45: -0.21350272 | O45: -0.021931797 | P45: 6.5791116 | Q45: 6.0059434 | R45: 0.82432908 | S45: 0.83963342 | T45: 0.097862657 | U45: 0.12529489
A46: =_xlfn.CONCAT(C46," BZ Equity") -> CYRE3 BZ Equity | B46: Cyrela | C46: CYRE3 | D46: Construção Civil | E46: Ygor Altero | F46: Compra | G46: 37 | H46: 34.39 | I46: 0.075894155 | J46: 7.458751 | K46: 5.9847443 | L46: 5.7919881 | M46: 5.0510871 | N46: 0.23592829 | O46: 0.585574 | P46: 1.2466889 | Q46: 1.0687202 | R46: 0.16714445 | S46: 0.17857408 | T46: 0.033792653 | U46: 0.033517676
B47: Direcional | C47: DIRR3 | D47: Construção Civil | E47: Ygor Altero | F47: Compra | G47: 20 | H47: 11.46 | I47: 0.7452007 | J47: 6.5362724 | K47: 5.0590069 | L47: 4.8368755 | M47: 3.8152361 | N47: 0.62091703 | O47: 0.25841179 | P47: 2.4190941 | Q47: 1.9523185 | R47: 0.37010302 | S47: 0.38590944 | T47: 0.061196959 | U47: 0.098833626
A48: =_xlfn.CONCAT(C48," BZ Equity") -> EZTC3 BZ Equity | B48: EZTec | C48: EZTC3 | D48: Construção Civil | E48: Ygor Altero | F48: Neutro | G48: 16 | H48: 19.19 | I48: -0.16623241 | J48: 9.1415393 | K48: 7.3651243 | L48: 12.875396 | M48: 9.297486 | N48: 0.23053777 | O48: 1.3668382 | P48: 0.96896552 | Q48: 0.8819433 | R48: 0.10599588 | S48: 0.11974588 | T48: 0.022505723 | U48: 0.033943759
A49: =_xlfn.CONCAT(C49," BZ Equity") -> EVEN3 BZ Equity | B49: Even | C49: EVEN3 | D49: Construção Civil | E49: Ygor Altero | F49: Compra | G49: 6 | H49: 5.88 | I49: 0.020408163 | J49: 5.7173142 | K49: 3.9745313 | L49: 6.0245268 | M49: 4.9764629 | N49: 2.5542306 | O49: 2.3655526 | P49: 0.57302987 | Q49: 0.51203673 | R49: 0.10022711 | S49: 0.12882946 | T49: 0.050902779 | U49: 0.043726826
A50: =_xlfn.CONCAT(C50," BZ Equity") -> LAVV3 BZ Equity | B50: Lavvi | C50: LAVV3 | D50: Construção Civil | E50: Ygor Altero | F50: Compra | G50: 19 | H50: 15.6 | I50: 0.21794872 | J50: 7.5307835 | K50: 5.8174753 | L50: 7.4384723 | M50: 5.7974968 | N50: 1.8618582 | O50: 1.6000443 | P50: 1.7914662 | Q50: 1.5066964 | R50: 0.23788576 | S50: 0.25899489 | T50: 0.065600099 | U50: 0.066394154
A51: =_xlfn.CONCAT(C51," BZ Equity") -> MRVE3 BZ Equity | B51: MRV | C51: MRVE3 | D51: Construção Civil | E51: Ygor Altero | F51: Compra | G51: 10 | H51: 8.23 | I51: 0.21506683 | J51: -28.617379 | K51: 6.0442442 | L51: 5.5967419 | M51: 3.956296 | N51: 2.6466228 | O51: 1.8419274 | P51: 0.91641967 | Q51: 0.82714322 | R51: -0.032023187 | S51: 0.13684808 | T51: 0.019489729 | U51: 0.037454039
A52: =_xlfn.CONCAT(C52," BZ Equity") -> MELK3 BZ Equity | B52: Melnick | C52: MELK3 | D52: Construção Civil | E52: Ygor Altero | F52: Compra | G52: 5 | H52: 3.24 | I52: 0.54320988 | J52: 5.0475654 | K52: 3.6620773 | L52: 5.8952242 | M52: 4.6475057 | N52: 2.7612168 | O52: 1.8947556 | P52: 0.57180412 | Q52: 0.5069989 | R52: 0.11328315 | S52: 0.13844571 | T52: 0.011702792 | U52: 0.049528828
A53: =_xlfn.CONCAT(C53," BZ Equity") -> MDNE3 BZ Equity | B53: Moura Dubeux | C53: MDNE3 | D53: Construção Civil | E53: Ygor Altero | F53: Compra | G53: 38 | H53: 30.58 | I53: 0.24264225 | J53: 5.1395696 | K53: 4.8575219 | L53: 4.266362 | M53: 4.1667051 | N53: -0.46576083 | O53: -0.18546574 | P53: 1.305844 | Q53: 1.1376374 | R53: 0.25407653 | S53: 0.23420119 | T53: 0.080172484 | U53: 0.092639829
A54: =_xlfn.CONCAT(C54," BZ Equity") -> PLPL3 BZ Equity | B54: Plano & Plano | C54: PLPL3 | D54: Construção Civil | E54: Ygor Altero | F54: Compra | G54: 20 | H54: 8.06 | I54: 1.4813896 | J54: 4.9208515 | K54: 3.0937531 | L54: 3.7074838 | M54: 3.0465746 | N54: 0.75440052 | O54: 1.0260933 | P54: 1.292699 | Q54: 0.95602016 | R54: 0.26269825 | S54: 0.30901631 | T54: 0.055327916 | U54: 0.050804216
A55: =_xlfn.CONCAT(C55," BZ Equity") -> TEND3 BZ Equity | B55: Tenda | C55: TEND3 | D55: Construção Civil | E55: Ygor Altero | F55: Compra | G55: 44 | H55: 28.6 | I55: 0.53846154 | J55: 5.515538 | K55: 4.4179059 | L55: 4.0480067 | M55: 3.707425 | N55: 0.33717791 | O55: 0.56252957 | P55: 2.0681631 | Q55: 1.5047869 | R55: 0.37497033 | S55: 0.34061089 | T55: 0.061517861 | U55: 0.045326494
A56: =_xlfn.CONCAT(C56," BZ Equity") -> TRIS3 BZ Equity | B56: Trisul | C56: TRIS3 | D56: Construção Civil | E56: Ygor Altero | F56: Neutro | G56: 6 | H56: 6.82 | I56: -0.1202346 | J56: 7.782953 | K56: 5.6921819 | L56: 6.0228047 | M56: 5.762247 | N56: 0.82852826 | O56: 1.9486171 | P56: 0.99335985 | Q56: 0.8693818 | R56: 0.12763277 | S56: 0.15273261 | T56: 0.06279096 | U56: 0.031989639
A57: =_xlfn.CONCAT(C57," BZ Equity") -> ANIM3 BZ Equity | B57: Anima | C57: ANIM3 | D57: Educação | E57: Gustavo Tiseo | F57: Neutro | G57: 3 | H57: 5 | I57: -0.4 | J57: 5.5221845 | K57: 4.7231636 | L57: 2.9472748 | M57: 3.0800396 | N57: 1.7454617 | O57: 1.9377417 | P57: 0.6764474 | Q57: 0.63543256 | R57: 0.12249634 | S57: 0.13453537 | T57: 0.16828088 | U57: 0.031806531
A58: =_xlfn.CONCAT(C58," BZ Equity") -> COGN3 BZ Equity | B58: Cogna | C58: COGN3 | D58: Educação | E58: Gustavo Tiseo | F58: Compra | G58: 3.5 | H58: 3.02 | I58: 0.1589404 | J58: 12.109552 | K58: 8.1065222 | L58: 3.5567208 | M58: 3.0442729 | N58: 0.94347963 | O58: 0.57143753 | P58: 0.43290561 | Q58: 0.42305788 | R58: 0.035749101 | S58: 0.052187346 | T58: 0.015281171 | U58: 0.072348031
A59: =_xlfn.CONCAT(C59," BZ Equity") -> CSED3 BZ Equity | B59: Cruzeiro do Sul | C59: CSED3 | D59: Educação | E59: Gustavo Tiseo | F59: Compra | G59: 6.5 | H59: 6.95 | I59: -0.064748201 | J59: 8.8909894 | K59: 8.3924266 | L59: 3.3608433 | M59: 3.0630429 | N59: 0.40258009 | O59: 0.031709644 | P59: 1.4085868 | Q59: 1.2061469 | R59: 0.15842858 | S59: 0.14371849 | T59: 0.030391889 | U59: 0
B60: Ser Educacional | C60: SEER3 | D60: Educação | E60: Gustavo Tiseo | F60: Compra | G60: 16 | H60: 17.82 | I60: -0.10213244 | J60: 8.3806246 | K60: 7.369213 | L60: 3.890808 | M60: 3.4456819 | N60: 0.086255511 | O60: -0.26450454 | P60: 1.4379563 | Q60: 1.2651482 | R60: 0.17158104 | S60: 0.17168023 | T60: 0.011842367 | U60: 0.04070991
A61: =_xlfn.CONCAT(C61," BZ Equity") -> YDUQ3 BZ Equity | B61: YDUQS | C61: YDUQ3 | D61: Educação | E61: Gustavo Tiseo | F61: Compra | G61: 11 | H61: 14 | I61: -0.21428571 | J61: 15.491788 | K61: 8.6674126 | L61: 3.2658325 | M61: 3.1162695 | N61: 1.3597563 | O61: 1.1698317 | P61: 1.1471011 | Q61: 1.0508234 | R61: 0.074045754 | S61: 0.12123841 | T61: 0.043503806 | U61: 0.03550268
A62: =_xlfn.CONCAT(C62," BZ Equity") -> ALUP11 BZ Equity | B62: Alupar | C62: ALUP11 | D62: Elétricas | E62: Raul Cavendish | F62: Compra | G62: 43.494751 | H62: 38.69 | I62: 0.12418586 | J62: 16.22048 | K62: 12.372331 | L62: 8.0020357 | M62: 7.5926094 | N62: 3.9164431 | O62: 3.8634653 | P62: 2.2374589 | Q62: 2.064282 | R62: 0.13794036 | S62: 0.16684665 | T62: 0.034191724 | U62: 0.043331153
A63: =_xlfn.CONCAT(C63," BZ Equity") -> AURE3 BZ Equity | B63: Auren | C63: AURE3 | D63: Elétricas | E63: Raul Cavendish | F63: Neutro | G63: 13.76131 | H63: 15.23 | I63: -0.096433988 | J63: -15.679211 | K63: -28.75541 | L63: 11.913762 | M63: 9.4730356 | N63: 6.6916899 | O63: 5.1210854 | P63: 1.2343244 | Q63: 1.289684 | R63: -0.078723628 | S63: -0.044850135 | T63: 0 | U63: 0
A64: =_xlfn.CONCAT(C64," BZ Equity") -> AXIA3 BZ Equity | B64: Axia Energia | C64: AXIA3 | D64: Elétricas | E64: Raul Cavendish | F64: Compra | G64: 74.5 | H64: 58.58 | I64: 0.27176511 | J64: 15.622685 | K64: 7.5970073 | L64: 7.2316041 | M64: 5.9824051 | N64: 1.4314456 | O64: 1.5287775 | P64: 1.4920594 | Q64: 1.4992182 | R64: 0.095505954 | S64: 0.19734326 | T64: 0.10986363 | U64: 0.13483105
A65: =_xlfn.CONCAT(C65," BZ Equity") -> CPFE3 BZ Equity | B65: CPFL Energia | C65: CPFE3 | D65: Elétricas | E65: Raul Cavendish | F65: Venda | G65: 51.249943 | H65: 49.51 | I65: 0.035143273 | J65: 11.597544 | K65: 10.986554 | L65: 7.0392542 | M65: 7.0113129 | N65: 2.4308175 | O65: 2.6501128 | P65: 2.812654 | Q65: 2.596199 | R65: 0.24252152 | S65: 0.23630694 | T65: 0.091365495 | U65: 0.061377962
A66: =_xlfn.CONCAT(C66," BZ Equity") -> CMIG4 BZ Equity | B66: Cemig | C66: CMIG4 | D66: Elétricas | E66: Raul Cavendish | F66: Neutro | G66: 14.590001 | H66: 11.7 | I66: 0.2470086 | J66: 14.875122 | K66: 14.660557 | L66: 8.6400403 | M66: 8.837228 | N66: 2.8035782 | O66: 3.2028491 | P66: 1.3385062 | Q66: 1.3038823 | R66: 0.089982873 | S66: 0.088938114 | T66: 0.050140161 | U66: 0.048371343
A67: =_xlfn.CONCAT(C67," BZ Equity") -> PASS3 BZ Equity | B67: Compass | C67: PASS3 | D67: Elétricas | E67: Raul Cavendish | F67: Compra | G67: 36.746142 | H67: 27.55 | I67: 0.33379825 | J67: 13.735881 | K67: 12.220628 | L67: 6.0447195 | M67: 5.5252281 | N67: 2.3263518 | O67: 2.2369473 | P67: 2.3268175 | Q67: 2.0556561 | R67: 0.16939703 | S67: 0.16821199 | T67: 0.051337772 | U67: 0.070526438
A68: =_xlfn.CONCAT(C68," BZ Equity") -> CPLE3 BZ Equity | B68: Copel | C68: CPLE3 | D68: Elétricas | E68: Raul Cavendish | F68: Compra | G68: 19.868809 | H68: 17.36 | I68: 0.14451665 | J68: 17.032969 | K68: 13.803078 | L68: 9.5338324 | M68: 8.3639096 | N68: 2.5005396 | O68: 2.5127071 | P68: 2.5515714 | Q68: 2.6206094 | R68: 0.14980192 | S68: 0.18985689 | T68: 0.11464934 | U68: 0.082772329
A69: =_xlfn.CONCAT(C69," BZ Equity") -> ENGI11 BZ Equity | B69: Energisa | C69: ENGI11 | D69: Elétricas | E69: Raul Cavendish | F69: Compra | G69: 88.270777 | H69: 66 | I69: 0.33743602 | J69: 15.413493 | K69: 12.784595 | L69: 7.7013213 | M69: 7.1686515 | N69: 3.8478039 | O69: 3.6859669 | P69: 1.4591062 | Q69: 1.3803373 | R69: 0.094664213 | S69: 0.10796879 | T69: 0.03243911 | U69: 0.039109568
A70: =_xlfn.CONCAT(C70," BZ Equity") -> ENEV3 BZ Equity | B70: Eneva | C70: ENEV3 | D70: Elétricas | E70: Raul Cavendish | F70: Compra | G70: 30.345897 | H70: 32.17 | I70: -0.056702002 | J70: 56.763557 | K70: 29.918552 | L70: 13.59004 | M70: 10.933392 | N70: 3.3463748 | O70: 2.6602856 | P70: 2.7121842 | Q70: 2.5503289 | R70: 0.047780377 | S70: 0.085242391 | T70: 0 | U70: 0.0078234127
A71: =_xlfn.CONCAT(C71," BZ Equity") -> EGIE3 BZ Equity | B71: Engie Brasil | C71: EGIE3 | D71: Elétricas | E71: Raul Cavendish | F71: Neutro | G71: 31.48433 | H71: 31.1 | I71: 0.012357877 | J71: 11.112348 | K71: 11.274934 | L71: 9.5456244 | M71: 8.0210103 | N71: 3.6881178 | O71: 2.8145976 | P71: 2.6612657 | Q71: 2.573552 | R71: 0.23948725 | S71: 0.22825429 | T71: 0.018173661 | U71: 0.075885355
A72: =_xlfn.CONCAT(C72," BZ Equity") -> EQTL3 BZ Equity | B72: Equatorial Energia | C72: EQTL3 | D72: Elétricas | E72: Raul Cavendish | F72: Compra | G72: 61.727871 | H72: 48.63 | I72: 0.26933726 | J72: 19.049508 | K72: 12.868793 | L72: 10.607912 | M72: 9.4599803 | N72: 4.8670095 | O72: 4.4383574 | P72: 1.973769 | Q72: 1.7604357 | R72: 0.10361259 | S72: 0.13679881 | T72: 0.0098180587 | U72: 0.016117765
... A76: =_xlfn.CONCAT(C76," BZ Equity") -> B3SA3 BZ Equity | B76: B3 | C76: B3SA3 | D76: Inst. Financeiras | E76: Bernardo Guttmann | F76: Neutro | G76: 16 | H76: 23.51 | I76: -0.31943854 | J76: 21.528084 | K76: 18.365308 | L76: 15.932224 | M76: 13.519541 | N76: 0.18823243 | O76: 0.13241978 | P76: 5.9764774 | Q76: 5.9764774 | R76: 0.27761306 | S76: 0.32542212 | T76: 0.046450951 | U76: 0.054450489
B77: Caixa Seguridade | C77: CXSE3 | D77: Inst. Financeiras | E77: Bernardo Guttmann | F77: Compra | G77: 25 | H77: 21.38 | I77: 0.16931712 | J77: 13.722629 | K77: 12.439864 | L77: - | M77: - | N77: - | O77: - | P77: 5.1208907 | Q77: 4.9583228 | R77: 0.37317126 | S77: 0.39858337 | T77: 0.066659391 | U77: 0.073984158
B78: Méliuz | C78: CASH3 | D78: Inst. Financeiras | E78: Bernardo Guttmann | F78: Sob Revisão | G78: - | H78: - | I78: - | J78: - | K78: - | L78: - | M78: - | N78: - | O78: - | P78: - | Q78: - | R78: - | S78: - | T78: - | U78: -
B79: PagBank | C79: PAGS | D79: Inst. Financeiras | E79: Bernardo Guttmann | F79: Compra | G79: 11.4 | H79: 11.44 | I79: -0.0034965035 | J79: 7.106639 | K79: 6.0114625 | L79: - | M79: - | N79: - | O79: - | P79: 1.0610118 | Q79: 1.0248355 | R79: 0.14929868 | S79: 0.17048023 | T79: 0.12664214 | U79: 0.1330791
B80: PagBank | C80: PAGS34 | D80: Inst. Financeiras | E80: Bernardo Guttmann | F80: Compra | G80: 12.3 | H80: 11.6 | I80: 0.060344828 | J80: 1.413497 | K80: 1.1956685 | L80: - | M80: - | N80: - | O80: - | P80: 0.21103324 | Q80: 0.20383784 | R80: 0.14929868 | S80: 0.17048023 | T80: 0.63671871 | U80: 0.66908178
B81: StoneCo. | C81: STNE | D81: Inst. Financeiras | E81: Bernardo Guttmann | F81: Compra | G81: 23.2 | H81: 11.55 | I81: 1.008658 | J81: 4.2811948 | K81: 3.0747586 | L81: - | M81: - | N81: - | O81: - | P81: 0.90247743 | Q81: 0.76734297 | R81: 0.21080036 | S81: 0.24956202 | T81: 0.081752878 | U81: 0.13009151
A82: =_xlfn.CONCAT(C82," BZ Equity") -> STOC34 BZ Equity | B82: StoneCo. | C82: STOC34 | D82: Inst. Financeiras | E82: Bernardo Guttmann | F82: Compra | G82: 124.8 | H82: 58.06 | I82: 1.1495005 | J82: 0.85152154 | K82: 0.61156366 | L82: - | M82: - | N82: - | O82: - | P82: 0.17950105 | Q82: 0.15262306 | R82: 0.21080036 | S82: 0.24956202 | T82: 0.41102895 | U82: 0.6540611
A83: =_xlfn.CONCAT(C83," BZ Equity") -> AURA33 BZ Equity | B83: Aura Minerals | C83: AURA33 | D83: Mineração & Siderurgia | E83: Lucas Laghi | F83: Compra | G83: 145 | H83: 143 | I83: 0.013986014 | J83: 62.396689 | K83: 42.193474 | L83: 36.925469 | M83: 27.259735 | N83: 0.13359865 | O83: 0.042807965 | P83: 54.514799 | Q83: 33.137917 | R83: 0.87368096 | S83: 0.78538014 | T83: 0.0049896844 | U83: 0.011867078
A84: =_xlfn.CONCAT(C84," BZ Equity") -> BRAP4 BZ Equity | B84: Bradespar | C84: BRAP4 | D84: Mineração & Siderurgia | E84: Lucas Laghi | F84: Neutro | G84: 24 | H84: 19.55 | I84: 0.22762148 | J84: - | K84: - | L84: - | M84: - | N84: - | O84: - | P84: - | Q84: - | R84: - | S84: - | T84: - | U84: -
B85: CBA | C85: CBAV3 | D85: Mineração & Siderurgia | E85: Lucas Laghi | F85: Compra | G85: 9.5 | H85: 11.22 | I85: -0.15329768 | J85: 16.573169 | K85: 13.783156 | L85: 5.6788066 | M85: 5.4061117 | N85: 1.636404 | O85: 1.5255536 | P85: 1.4516874 | Q85: 1.3798666 | R85: 0.087592625 | S85: 0.10011252 | T85: 0.015084623 | U85: 0.021161094
B86: CSN | C86: CSNA3 | D86: Mineração & Siderurgia | E86: Lucas Laghi | F86: Neutro | G86: 7 | H86: 5.71 | I86: 0.22591944 | J86: -36.268533 | K86: -24.777784 | L86: 4.6365285 | M86: 4.4930334 | N86: 3.9440274 | O86: 3.8843357 | P86: 0.57401896 | Q86: 0.60698926 | R86: -0.015826914 | S86: -0.024497318 | T86: 0 | U86: 0
A87: =_xlfn.CONCAT(C87," BZ Equity") -> CMIN3 BZ Equity | B87: CSN Mineração | C87: CMIN3 | D87: Mineração & Siderurgia | E87: Lucas Laghi | F87: Neutro | G87: 6.5 | H87: 4.96 | I87: 0.31048387 | J87: 35.580737 | K87: 13.807953 | L87: 6.60218 | M87: 7.0164336 | N87: 0.68719487 | O87: 1.4919075 | P87: 4.3888398 | Q87: 4.3888398 | R87: 0.12334876 | S87: 0.3178487 | T87: 0.057683118 | U87: 0.072422031
B88: Gerdau | C88: GGBR4 | D88: Mineração & Siderurgia | E88: Lucas Laghi | F88: Compra | G88: 30 | H88: 26.52 | I88: 0.13122172 | J88: 8.5677871 | K88: 7.902186 | L88: 4.1895197 | M88: 4.0022374 | N88: 0.56766881 | O88: 0.42586088 | P88: 0.88709238 | Q88: 0.83648834 | R88: 0.1035381 | S88: 0.10585531 | T88: 0.037710533 | U88: 0.058351647
A89: =_xlfn.CONCAT(C89," BZ Equity") -> GOAU4 BZ Equity | B89: Met. Gerdau | C89: GOAU4 | D89: Mineração & Siderurgia | E89: Lucas Laghi | F89: Compra | G89: 13.3 | H89: 11.95 | I89: 0.11297071 | J89: - | K89: - | L89: - | M89: - | N89: - | O89: - | P89: - | Q89: - | R89: - | S89: - | T89: - | U89: -
B90: Usiminas | C90: USIM5 | D90: Mineração & Siderurgia | E90: Lucas Laghi | F90: Neutro | G90: 8.5 | H90: 6.65 | I90: 0.27819549 | J90: 4.8682372 | K90: 5.9744524 | L90: 2.6275043 | M90: 2.2994842 | N90: -0.30808124 | O90: -0.20517916 | P90: 0.38065959 | Q90: 0.36440697 | R90: 0.07819249 | S90: 0.060994204 | T90: 0.026200068 | U90: 0.050213807
A91: =_xlfn.CONCAT(C91," BZ Equity") -> VALE BZ Equity | B91: Vale | C91: VALE | D91: Mineração & Siderurgia | E91: Lucas Laghi | F91: Neutro | G91: 16.5 | H91: 12.7 | I91: 0.2992126 | J91: 8.0486739 | K91: 7.6384959 | L91: 4.6439335 | M91: 4.6632942 | N91: 0.96694177 | O91: 1.0624626 | P91: 1.4306994 | Q91: 1.3407324 | R91: 0.17775592 | S91: 0.1755231 | T91: 0.079014653 | U91: 0.0624522
A92: =_xlfn.CONCAT(C92," BZ Equity") -> VALE3 BZ Equity | B92: Vale | C92: VALE3 | D92: Mineração & Siderurgia | E92: Lucas Laghi | F92: Neutro | G92: 83 | H92: 64.03 | I92: 0.29626737 | J92: 7.7722295 | K92: 7.3761397 | L92: 4.5176414 | M92: 4.5396179 | N92: 0.96694177 | O92: 1.0624626 | P92: 1.3815598 | Q92: 1.2946829 | R92: 0.17775592 | S92: 0.1755231 | T92: 0.081825064 | U92: 0.064673514
A93: =_xlfn.CONCAT(C93," BZ Equity") -> RANI3 BZ Equity | B93: Irani | C93: RANI3 | D93: Papel & Celulose | E93: Lucas Laghi | F93: Compra | G93: 10 | H93: 8.14 | I93: 0.22850123 | J93: 16.077939 | K93: 12.736886 | L93: 5.7636023 | M93: 5.5972309 | N93: 2.1888516 | O93: 2.2906486 | P93: 1.2624074 | Q93: 1.2028001 | R93: 0.078517988 | S93: 0.09443439 | T93: 0.048760302 | U93: 0.039256063
A94: =_xlfn.CONCAT(C94," BZ Equity") -> KLBN11 BZ Equity | B94: Klabin | C94: KLBN11 | D94: Papel & Celulose | E94: Lucas Laghi | F94: Compra | G94: 24 | H94: 18.2 | I94: 0.31868132 | J94: 23.147214 | K94: 12.957961 | L94: 6.2326698 | M94: 6.1838904 | N94: 3.3052218 | O94: 3.3492197 | P94: 2.2563937 | Q94: 2.2073313 | R94: 0.097480139 | S94: 0.17034557 | T94: 0.049567318 | U94: 0.052916199
A95: =_xlfn.CONCAT(C95," BZ Equity") -> SUZB3 BZ Equity | B95: Suzano | C95: SUZB3 | D95: Papel & Celulose | E95: Lucas Laghi | F95: Compra | G95: 60 | H95: 42.64 | I95: 0.40712946 | J95: 5.6941416 | K95: 64.739977 | L95: 5.9762519 | M95: 5.5699253 | N95: 3.3249638 | O95: 3.1052747 | P95: 0.99331055 | Q95: 0.97728019 | R95: 0.1744443 | S95: 0.015095467 | T95: 0.026340471 | U95: 0.0035583215
B96: Allos | C96: ALOS3 | D96: Propriedades Comerciais | E96: Ygor Altero | F96: Compra | G96: 38 | H96: 35.26 | I96: 0.077708452 | J96: 21.023227 | K96: 20.357037 | L96: 9.8095708 | M96: 8.9320988 | N96: 1.93151 | O96: 1.9417892 | P96: 1.439212 | Q96: 1.5405084 | R96: 0.068458187 | S96: 0.07567449 | T96: 0.098934458 | U96: 0.088105663
A97: =_xlfn.CONCAT(C97," BZ Equity") -> IGTI11 BZ Equity | B97: Iguatemi | C97: IGTI11 | D97: Propriedades Comerciais | E97: Ygor Altero | F97: Compra | G97: 35 | H97: 31.97 | I97: 0.094776353 | J97: 13.072979 | K97: 11.504843 | L97: 8.4590385 | M97: 7.8101513 | N97: 1.5440488 | O97: 1.3905208 | P97: 1.8149208 | Q97: 1.6259985 | R97: 0.13882993 | S97: 0.14133165 | T97: 0.021179328 | U97: 0.022901426
A98: =_xlfn.CONCAT(C98," BZ Equity") -> JHSF3 BZ Equity | B98: JHSF | C98: JHSF3 | D98: Propriedades Comerciais | E98: Ygor Altero | F98: Compra | G98: 14 | H98: 14.27 | I98: -0.018920813 | J98: 13.340506 | K98: 11.384089 | L98: 11.832571 | M98: 10.318517 | N98: 1.6459149 | O98: 1.0516836 | P98: 1.5951169 | Q98: 1.4906812 | R98: 0.11956944 | S98: 0.13094427 | T98: 0.019232775 | U98: 0.037479837
A99: =_xlfn.CONCAT(C99," BZ Equity") -> LOGG3 BZ Equity | B99: Log Comm. Prop. | C99: LOGG3 | D99: Propriedades Comerciais | E99: Ygor Altero | F99: Neutro | G99: 32 | H99: 30.41 | I99: 0.052285432 | J99: 10.453434 | K99: 13.809466 | L99: 9.6707595 | M99: 13.868089 | N99: 1.916252 | O99: 1.5090102 | P99: 0.72223253 | Q99: 0.72530371 | R99: 0.069090454 | S99: 0.052522212 | T99: 0.056410471 | U99: 0.060171169
A100: =_xlfn.CONCAT(C100," BZ Equity") -> MULT3 BZ Equity | B100: Multiplan | C100: MULT3 | D100: Propriedades Comerciais | E100: Ygor Altero | F100: Compra | G100: 37 | H100: 37.25 | I100: -0.0067114094 | J100: 13.232752 | K100: 12.632491 | L100: 9.6933777 | M100: 9.6231527 | N100: 1.8567619 | O100: 1.8166399 | P100: 2.597585 | Q100: 2.5921139 | R100: 0.19629968 | S100: 0.2051942 | T100: 0.039349891 | U100: 0.078348395
A101: =_xlfn.CONCAT(C101," BZ Equity") -> AMBP3 BZ Equity | B101: Ambipar | C101: AMBP3 | D101: Saneamento | E101: Raul Cavendish | F101: Sob Revisão | G101: - | H101: - | I101: - | J101: - | K101: - | L101: - | M101: - | N101: - | O101: - | P101: - | Q101: - | R101: - | S101: - | T101: - | U101: -
A102: =_xlfn.CONCAT(C102," BZ Equity") -> CSMG3 BZ Equity | B102: Copasa | C102: CSMG3 | D102: Saneamento | E102: Raul Cavendish | F102: Compra | G102: 88.322034 | H102: 63 | I102: 0.40193705 | J102: 17.02773 | K102: 10.684744 | L102: 9.4233473 | M102: 7.0131652 | N102: 2.4811244 | O102: 2.35888 | P102: 1.78282 | Q102: 1.4496764 | R102: 0.10470098 | S102: 0.13567723 | T102: 0.092216788 | U102: 0.12708044
B103: Orizon | C103: ORVR3 | D103: Saneamento | E103: Raul Cavendish | F103: Compra | G103: 24.4 | H103: 20.5 | I103: 0.1902439 | J103: 26.652197 | K103: 12.640053 | L103: 9.6022076 | M103: 5.5737896 | N103: 1.4054833 | O103: 0.26428143 | P103: 3.7803137 | Q103: 2.0443303 | R103: 0.14183873 | S103: 0.16173431 | T103: 0 | U103: 0
B104: Sabesp | C104: SBSP3 | D104: Saneamento | E104: Raul Cavendish | F104: Compra | G104: 36.844323 | H104: 32.03 | I104: 0.15030669 | J104: 21.273871 | K104: 13.155715 | L104: 10.40384 | M104: 7.995397 | N104: 2.6098739 | O104: 2.3049722 | P104: 2.4875106 | Q104: 2.2726517 | R104: 0.11692797 | S104: 0.17275014 | T104: 0.02350301 | U104: 0.038006295
...

Sheet Operacional >>
O6: Acesse a tese do Itaú
O7: Acesse a tese do Banco do Brasil
O8: Acesse a tese do Banrisul
O9: Acesse a tese do Bradesco
O10: Acesse a tese do Santander
O11: Acesse a tese do BR Partners
O12: -
O13: 1
O14: Link para a
O15: tese completa
O16: Acesse a tese da BRF
O17: Acesse a tese da JBS
O18: Acesse a tese da Ambev
O19: Acesse a tese do Marfrig
O20: Acesse a tese de Jalles Machado
O21: Acesse a tese de São Martinho
O22: Acesse a tese de Boa Safra Sementes
O23: Acesse a tese de BrasilAgro
O24: -
O25: -
... O28: -
O29: 1
O30: Link para a
O31: Acesse a tese de WEG
O32: Acesse a tese da Aeris
O33: Acesse aqui a tese de Randon
O34: Acesse aqui a tese da Fras-Le
O35: Acesse aqui a tese de Tupy
O36: Acesse aqui a tese de Iochpe-Maxion
O37: Acesse aqui a tese da Marcopolo
O38: -
O39: -
O40: -
O41: 1
O42: Link para a
O43: tese completa
O44: Acesse a tese da Ânima
O45: Acesse a tese da Yduqs
O46: Acesse a tese da Cogna
O47: Acesse a tese da Ser
O48: -
O49: -
O50: 1
O51: Link para a
O52: tese completa
O53: Acesse a tese da AES Tietê
O54: Acesse a tese da Engie
O55: Acesse a tese da Cemig
O56: Acesse a tese da Cemig
O57: Acesse a tese da Equatorial
O58: Acesse a tese da CTEEP
O59: Acesse a tese da TAESA
O60: Acesse a tese da EDP
O61: Acesse a tese da Copel
O62: Acesse a tese da Copel
... O74: -
O75: 1
O76: Link para a
O77: tese completa
O78: -
O79: -
O80: 1
O81: Link para a
O82: tese completa
O83: Acesse a tese da Vale
O84: Acesse a tese da Vale
O85: Acesse a tese da CSN Mineração
O86: Acesse a tese da Gerdau
O87: Acesse a tese da Usiminas
O88: Acesse a tese da Aura Minerals
O89: Acesse a tese da CBA
O90: Acesse a tese da Bradespar
O91: Acesse a tese da Met. Gerdau
O92: -
O93: 1
O94: Link para a
O95: tese completa
O96: Acesse a tese de Klabin
O97: Acesse a tese de Irani
O98: -
O99: 1
O100: Link para a
O101: tese completa
O102: Acesse a tese da Sanepar
O103: Acesse a tese da Sabesp
O104: Acesse a tese da Copasa
O105: Acesse a tese de Orizon
O106: -
O107: 1
O108: Link para a
O109: tese completa
O110: Acesse a tese de Rede D'Or
O111: Acesse a tese de GNDI
O112: Acesse a tese de Alliar
O113: Acesse a tese de Fleury
O114: Acesse a tese de Hermes Pardini
O115: Acesse a tese de Blau
O116: Acesse a tese de Hypera
O117: Acesse a tese de Kora Saúde
O118: -
...

Sheet Operacional
B3: Companhia | C3: Ticker | D3: Setor | E3: Analista | F3: Recomendação | G3: Preço | H3: Preço | I3: % Upside | J3: Val. De Mercado | K3: NOSH | L3: Receita Liq (R$ M) | N3: EBITDA (R$ M) | P3: Lucro Líq (R$ M) | R3: NII (R$ M) | T3: LPA (R$ M)
G4: Alvo (R$) | H4: Atual (R$) | J4: (R$ B) | K4: 2023 | L4: 2026 | M4: 2027 | N4: 2026 | O4: 2027 | P4: 2026 | Q4: 2027 | R4: 2026 | S4: 2027 | T4: 2026 | U4: 2027
B5: =MATCH(B7,'[4]Operational Data'!$1:$1,0) -> 1 | C5: =MATCH(C7,'[4]Operational Data'!$1:$1,0) -> 2 | D5: =MATCH(D7,'[4]Operational Data'!$1:$1,0) -> 3 | E5: =MATCH(E7,'[4]Operational Data'!$1:$1,0) -> 4 | F5: =MATCH(F7,'[4]Operational Data'!$1:$1,0) -> 5 | G5: =MATCH(G7,'[4]Operational Data'!$1:$1,0) -> 9 | H5: =MATCH(H7,'[4]Operational Data'!$1:$1,0) -> 10 | I5: =MATCH(I7,'[4]Operational Data'!$1:$1,0) -> 11 | ... U5: =MATCH(U7,'[4]Operational Data'!$1:$1,0) -> 22
K6: NOSH | L6: NET_REV | M6: NET_REV | N6: EBITDA | O6: EBITDA | P6: NET_INCOME | Q6: NET_INCOME | R6: NET_INT_INCOME | S6: NET_INT_INCOME | T6: EPS | U6: EPS
B7: NAME | C7: TICKER | D7: SECTOR_XP | E7: LEAD_ANALYST | F7: RECOMMENDATION | G7: TARGET | H7: adj_close_price | I7: UPSIDE | J7: market_cap_company | K7: =K6&"_"&K4 -> NOSH_2023 | L7: =L6&"_"&L4 -> NET_REV_2026 | M7: =M6&"_"&M4 -> NET_REV_2027 | N7: =N6&"_"&N4 -> EBITDA_2026 | O7: =O6&"_"&O4 -> EBITDA_2027 | P7: =P6&"_"&P4 -> NET_INCOME_2026 | Q7: =Q6&"_"&Q4 -> NET_INCOME_2027 | R7: =R6&"_"&R4 -> NET_INT_INCOME_2026 | ... U7: =U6&"_"&U4 -> EPS_2027
A8: =_xlfn.CONCAT(C8," BZ Equity") -> TTEN3 BZ Equity | B8: 3tentos | C8: TTEN3 | D8: Agro | E8: Leonardo Alencar | F8: Compra | G8: 21.6 | H8: 13.69 | I8: 0.57779401 | J8: 6851.0297 | L8: 20712.849 | M8: 22591.043 | N8: 1620.5047 | O8: 1716.4438 | P8: 840.18264 | Q8: 951.36566 | R8: - | S8: - | T8: 1.6861048 | U8: 1.9092303
A9: =_xlfn.CONCAT(C9," BZ Equity") -> AGXY3 BZ Equity | B9: Agrogalaxy | C9: AGXY3 | D9: Agro | E9: Leonardo Alencar | F9: Sob Revisão | G9: - | H9: - | I9: - | J9: - | L9: - | M9: - | N9: - | O9: - | P9: - | Q9: - | R9: - | S9: - | T9: - | U9: -
A10: =_xlfn.CONCAT(C10," BZ Equity") -> SOJA3 BZ Equity | B10: Boa Safra | C10: SOJA3 | D10: Agro | E10: Leonardo Alencar | F10: Compra | G10: 11.8 | H10: 8.21 | I10: 0.43727162 | J10: 1158.1182 | L10: 2427.0622 | M10: 2566.4025 | N10: 231.00453 | O10: 254.44713 | P10: 86.931316 | Q10: 124.07241 | R10: - | S10: - | T10: 0.64240342 | U10: 0.91686801
A11: =_xlfn.CONCAT(C11," BZ Equity") -> AGRO3 BZ Equity | B11: BrasilAgro | C11: AGRO3 | D11: Agro | E11: Leonardo Alencar | F11: Neutro | G11: 22.5 | H11: 18.53 | I11: 0.21424717 | J11: 1845.8744 | L11: 1027.5695 | M11: 1111.4089 | N11: 133.4137 | O11: 189.38067 | P11: -3.0907113 | Q11: 4.1941165 | R11: - | S11: - | T11: -0.030099542 | U11: 0.040845286
A12: =_xlfn.CONCAT(C12," BZ Equity") -> JALL3 BZ Equity | B12: Jalles Machado | C12: JALL3 | D12: Agro | E12: Leonardo Alencar | F12: Compra | G12: 4.1 | H12: 2.98 | I12: 0.37583893 | J12: 898.61204 | L12: 2161.8013 | M12: 2410.8107 | N12: 1363.102 | O12: 1660.0155 | P12: 54.539488 | Q12: 251.35173 | R12: - | S12: - | T12: 0.17967691 | U12: 0.82806245
A13: =_xlfn.CONCAT(C13," BZ Equity") -> RAIZ4 BZ Equity | B13: Raizen | C13: RAIZ4 | D13: Agro | E13: Leonardo Alencar | F13: Sob Revisão | G13: - | H13: - | I13: - | J13: - | L13: - | M13: - | N13: - | O13: - | P13: - | Q13: - | R13: - | S13: - | T13: - | U13: -
A14: =_xlfn.CONCAT(C14," BZ Equity") -> SLCE3 BZ Equity | B14: SLC Agricola | C14: SLCE3 | D14: Agro | E14: Leonardo Alencar | F14: Neutro | G14: 18.7 | H14: 16.97 | I14: 0.10194461 | J14: 8422.4032 | L14: 10075.92 | M14: 10221.701 | N14: 2904.4673 | O14: 2765.7315 | P14: 663.89701 | Q14: 568.5984 | R14: - | S14: - | T14: 1.4975233 | U14: 1.2825624
A15: =_xlfn.CONCAT(C15," BZ Equity") -> SMTO3 BZ Equity | B15: São Martinho | C15: SMTO3 | D15: Agro | E15: Leonardo Alencar | F15: Compra | G15: 22.4 | H15: 20.85 | I15: 0.074340528 | J15: 6729.8231 | L15: 7431.765 | M15: 7826.9958 | N15: 3766.048 | O15: 4034.0399 | P15: 836.177 | Q15: 323.80653 | R15: - | S15: - | T15: 2.5906039 | U15: 1.003202
A16: =_xlfn.CONCAT(C16," BZ Equity") -> VITT3 BZ Equity | B16: Vittia | C16: VITT3 | D16: Agro | E16: Leonardo Alencar | F16: Compra | G16: 5.1 | H16: 3.67 | I16: 0.38964578 | J16: 575.57556 | L16: 888.43264 | M16: 957.57049 | N16: 109.64285 | O16: 123.86905 | P16: 33.205964 | Q16: 44.860661 | R16: - | S16: - | T16: 0.22540942 | U16: 0.30452408
A17: =_xlfn.CONCAT(C17," BZ Equity") -> ABEV3 BZ Equity | B17: Ambev | C17: ABEV3 | D17: Alimentos & Bebidas | E17: Leonardo Alencar | F17: Venda | G17: 13 | H17: 16.69 | I17: -0.22109047 | J17: 257907.15 | L17: 92998.422 | M17: 96544.205 | N17: 31557.579 | O17: 31161.774 | P17: 16147.368 | Q17: 15579.592 | R17: - | S17: - | T17: 1.0244492 | U17: 0.98842738
A18: =_xlfn.CONCAT(C18," BZ Equity") -> CAML3 BZ Equity | B18: Camil | C18: CAML3 | D18: Alimentos & Bebidas | E18: Leonardo Alencar | F18: Compra | G18: 8.3 | H18: 6.5 | I18: 0.27692308 | J18: 2216.963 | L18: 11124.817 | M18: 11815.913 | N18: 962.78435 | O18: 1021.6508 | P18: 41.918021 | Q18: 239.14919 | R18: - | S18: - | T18: 0.11976577 | U18: 0.6832834
A19: =_xlfn.CONCAT(C19," BZ Equity") -> JBS BZ Equity | B19: JBS | C19: JBS | D19: Alimentos & Bebidas | E19: Leonardo Alencar | F19: Compra | G19: 20.3 | H19: 12.47 | I19: 0.62790698 | J19: 13354.487 | L19: 92551.462 | M19: 94985.183 | N19: 5213.0484 | O19: 6093.3763 | P19: 545.50536 | Q19: 1196.7841 | R19: - | S19: - | T19: 0.50940064 | U19: 1.1175739
A20: =_xlfn.CONCAT(C20," BZ Equity") -> MDIA3 BZ Equity | B20: M. Dias Branco | C20: MDIA3 | D20: Alimentos & Bebidas | E20: Leonardo Alencar | F20: Neutro | G20: 25.5 | H20: 19.35 | I20: 0.31782946 | J20: 6493.3185 | L20: 10781.307 | M20: 11263.008 | N20: 1192.0384 | O20: 1288.2694 | P20: 708.55479 | Q20: 807.64517 | R20: - | S20: - | T20: 2.0901321 | U20: 2.3824341
A21: =_xlfn.CONCAT(C21," BZ Equity") -> MBRF3 BZ Equity | B21: MBRF | C21: MBRF3 | D21: Alimentos & Bebidas | E21: Leonardo Alencar | F21: Neutro | G21: 20.45 | H21: 18.81 | I21: 0.087187666 | J21: 25966.068 | L21: 165808.17 | M21: 171530.97 | N21: 12600.168 | O21: 13357.318 | P21: 86.861492 | Q21: 1820.3598 | R21: - | S21: - | T21: 0.061955415 | U21: 1.2984021
B22: Minerva | C22: BEEF3 | D22: Alimentos & Bebidas | E22: Leonardo Alencar | F22: Neutro | G22: 7.2 | H22: 4.29 | I22: 0.67832168 | J22: 4252.0014 | L22: 56798.233 | M22: 59263.989 | N22: 4713.8721 | O22: 4744.064 | P22: 1219.889 | Q22: 1077.7745 | R22: - | S22: - | T22: 1.0272286 | U22: 0.90755861
A23: =_xlfn.CONCAT(C23," BZ Equity") -> AGBK BZ Equity | B23: Agibank | C23: AGBK | D23: Bancos | E23: Bernardo Guttmann | F23: Compra | G23: 13 | H23: 7.34 | I23: 0.77111717 | J23: 1173.8867 | L23: 6102.8773 | M23: 7516.1009 | N23: - | O23: - | P23: 992.78059 | Q23: 1386.4439 | R23: 5500.9288 | S23: 6645.7916 | T23: 6.2075918 | U23: 8.6690631
A24: =_xlfn.CONCAT(C24," BZ Equity") -> BRBI11 BZ Equity | B24: BR Partners | C24: BRBI11 | D24: Bancos | E24: Bernardo Guttmann | F24: Compra | G24: 22 | H24: 18.64 | I24: 0.18025751 | J24: 1957.1199 | L24: 512.27725 | M24: 575.67516 | N24: - | O24: - | P24: 149.27218 | Q24: 181.05297 | R24: - | S24: - | T24: 1.421698 | U24: 1.7243845
B25: BTG Pactual | C25: BPAC11 | D25: Bancos | E25: Bernardo Guttmann | F25: Compra | G25: 63 | H25: 80.56 | I25: -0.21797418 | J25: 320887.98 | L25: 39192.944 | M25: 43510.238 | N25: - | O25: - | P25: 19944.292 | Q25: 22398.237 | R25: - | S25: - | T25: 5.2376042 | U25: 5.8820387
B26: Banco Mercantil do Brasil | C26: BMEB4 | D26: Bancos | E26: Bernardo Guttmann | F26: Compra | G26: 100 | H26: 82.26 | I26: 0.21565767 | J26: 8555.5939 | L26: 7528.9379 | M26: 8703.9078 | N26: - | O26: - | P26: 1148.9833 | Q26: 1481.6942 | R26: 6020.0717 | S26: 6819.6926 | T26: 9.3125474 | U26: 12.00918
B27: Banco Pine | C27: PINE4 | D27: Bancos | E27: Bernardo Guttmann | F27: Compra | G27: 20 | H27: 17.71 | I27: 0.12930548 | J27: 4146.1625 | L27: 2179.3719 | M27: 2530.312 | N27: - | O27: - | P27: 685.44413 | Q27: 822.724 | R27: 2811.202 | S27: 3276.1667 | T27: 2.9487639 | U27: 3.5393385
A28: =_xlfn.CONCAT(C28," BZ Equity") -> BBAS3 BZ Equity | B28: Banco do Brasil | C28: BBAS3 | D28: Bancos | E28: Bernardo Guttmann | F28: Neutro | G28: 21 | H28: 24.1 | I28: -0.12863071 | J28: 137586.21 | L28: 255535.94 | M28: 241245.1 | N28: - | O28: - | P28: 16912.487 | Q28: 23713.533 | R28: 110849.97 | S28: 112772.57 | T28: 2.9511389 | U28: 4.1378851
A29: =_xlfn.CONCAT(C29," BZ Equity") -> BBDC4 BZ Equity | B29: Bradesco | C29: BBDC4 | D29: Bancos | E29: Bernardo Guttmann | F29: Neutro | G29: 21 | H29: 20.65 | I29: 0.016949153 | J29: 217871.2 | L29: 152659.3 | M29: 166242.88 | N29: - | O29: - | P29: 28220.832 | Q29: 31177.697 | R29: 85013.327 | S29: 95013.474 | T29: 2.6697191 | U29: 2.9494415
B30: Inter | C30: INBR32 | D30: Bancos | E30: Bernardo Guttmann | F30: Neutro | G30: 45 | H30: - | I30: - | J30: - | L30: 9934.6985 | M30: 11063.08 | N30: - | O30: - | P30: 1790.4808 | Q30: 2030.1432 | R30: 7283.3528 | S30: 8050.8088 | T30: 4.0688962 | U30: 4.6135327
A31: =_xlfn.CONCAT(C31," BZ Equity") -> ITUB4 BZ Equity | B31: Itaú Unibanco | C31: ITUB4 | D31: Bancos | E31: Bernardo Guttmann | F31: Compra | G31: 50 | H31: 48.9 | I31: 0.022494888 | J31: 563743.79 | L31: 196028.66 | M31: 209826.45 | N31: - | O31: - | P31: 50922.352 | Q31: 56028.466 | R31: 136527.69 | S31: 147718.68 | T31: 4.618169 | U31: 5.0812446
B32: Nubank | C32: NU | D32: Bancos | E32: Bernardo Guttmann | F32: Compra | G32: 21 | H32: 15.05 | I32: 0.39534884 | J32: 72701.864 | L32: 14893.218 | M32: 19036.401 | N32: - | O32: - | P32: 4093.7805 | Q32: 5439.3772 | R32: 12054.413 | S32: 15557.415 | T32: 0.83421375 | U32: 1.1084139
B33: Nubank | C33: ROXO34 | D33: Bancos | E33: Bernardo Guttmann | F33: Compra | G33: 18.6 | H33: 12.74 | I33: 0.4599686 | J33: 72701.864 | L33: 14893.218 | M33: 19036.401 | N33: - | O33: - | P33: 4093.7805 | Q33: 5439.3772 | R33: 12054.413 | S33: 15557.415 | T33: 0.83421375 | U33: 1.1084139
A34: =_xlfn.CONCAT(C34," BZ Equity") -> PICS BZ Equity | B34: PicPay | C34: PICS | D34: Bancos | E34: Bernardo Guttmann | F34: Compra | G34: 18 | H34: 13.77 | I34: 0.30718954 | J34: 1750.7277 | L34: 11955.003 | M34: 16717.495 | N34: - | O34: - | P34: 960.35224 | Q34: 2044.097 | R34: 7910.3735 | S34: 11420.96 | T34: 7.4108377 | U34: 15.77387
B35: Santander | C35: SANB11 | D35: Bancos | E35: Bernardo Guttmann | F35: Compra | G35: 44 | H35: 28.13 | I35: 0.56416637 | J35: 104410.09 | L35: 90835.175 | M35: 97878.875 | N35: - | O35: - | P35: 17398.893 | Q35: 19672.134 | R35: 67929.383 | S35: 73799.144 | T35: 4.6575898 | U35: 5.2661242
B36: Embraer | C36: EMBJ3 | D36: Bens de Capital | E36: Lucas Laghi | F36: Compra | G36: 116 | H36: 91.83 | I36: 0.26320375 | J36: 65367.624 | L36: 8537.4348 | M36: 9525.4058 | N36: 1126.1775 | O36: 1288.9217 | P36: 610.40198 | Q36: 704.92005 | R36: - | S36: - | T36: 0.85750728 | U36: 0.99028853
B37: Frasle Mobility | C37: FRAS3 | D37: Bens de Capital | E37: Lucas Laghi | F37: Neutro | G37: 20 | H37: 29.3 | I37: -0.31740614 | J37: 8125.9155 | L37: 5518.7559 | M37: 5910.8078 | N37: 1020.7723 | O37: 1109.4285 | P37: 318.30618 | Q37: 416.29784 | R37: - | S37: - | T37: 1.1602828 | U37: 1.5174799
B38: Iochpe-Maxion | C38: MYPK3 | D38: Bens de Capital | E38: Lucas Laghi | F38: Compra | G38: 13 | H38: 11.71 | I38: 0.11016225 | J38: 1753.8067 | L38: 15430.905 | M38: 16097.403 | N38: 1582.1201 | O38: 1648.5861 | P38: 275.02522 | Q38: 322.13973 | R38: - | S38: - | T38: 1.8363171 | U38: 2.1508962
B39: Kepler Weber | C39: KEPL3 | D39: Bens de Capital | E39: Lucas Laghi | F39: Neutro | G39: 7 | H39: 7.55 | I39: -0.072847682 | J39: 1308.0979 | L39: 1398.3043 | M39: 1463.6235 | N39: 136.04373 | O39: 159.52612 | P39: 70.350259 | Q39: 94.960964 | R39: - | S39: - | T39: 0.40604417 | U39: 0.54809103
B40: Marcopolo | C40: POMO4 | D40: Bens de Capital | E40: Lucas Laghi | F40: Neutro | G40: 5 | H40: 4.68 | I40: 0.068376068 | J40: 5669.9604 | L40: 8980.6579 | M40: 9262.0898 | N40: 1341.0253 | O40: 1381.9181 | P40: 1044.5808 | Q40: 950.09093 | R40: - | S40: - | T40: 0.84149499 | U40: 0.76537567
A41: =_xlfn.CONCAT(C41," BZ Equity") -> RAPT4 BZ Equity | B41: Randoncorp | C41: RAPT4 | D41: Bens de Capital | E41: Lucas Laghi | F41: Neutro | G41: 5 | H41: 8.02 | I41: -0.3765586 | J41: 3152.6106 | L41: 13202.962 | M41: 14364.566 | N41: 1711.9517 | O41: 2011.6319 | P41: 27.431427 | Q41: 229.82736 | R41: - | S41: - | T41: 0.078670407 | U41: 0.65912035
A42: =_xlfn.CONCAT(C42," BZ Equity") -> TUPY3 BZ Equity | B42: Tupy | C42: TUPY3 | D42: Bens de Capital | E42: Lucas Laghi | F42: Compra | G42: 20 | H42: 20.58 | I42: -0.028182702 | J42: 2697.647 | L42: 10201.346 | M42: 10968.003 | N42: 676.19027 | O42: 886.89872 | P42: 102.31309 | Q42: 265.25105 | R42: - | S42: - | T42: 0.78028246 | U42: 2.0229155
B43: Weg | C43: WEGE3 | D43: Bens de Capital | E43: Lucas Laghi | F43: Neutro | G43: 52 | H43: 45.21 | I43: 0.15018801 | J43: 189693.46 | L43: 41751.615 | M43: 47625.146 | N43: 9179.561 | O43: 10826.939 | P43: 6427.3368 | Q43: 7345.3158 | R43: - | S43: - | T43: 1.5318393 | U43: 1.750623
B44: Cury | C44: CURY3 | D44: Construção Civil | E44: Ygor Altero | F44: Compra | G44: 45 | H44: 32.36 | I44: 0.39060569 | J44: 9968.4201 | L44: 6744.0436 | M44: 7384.8404 | N44: 1670.8542 | O44: 1888.3487 | P44: 1248.9921 | Q44: 1393.5893 | R44: - | S44: - | T44: 4.0545426 | U44: 4.5239415
A45: =_xlfn.CONCAT(C45," BZ Equity") -> CYRE3 BZ Equity | B45: Cyrela | C45: CYRE3 | D45: Construção Civil | E45: Ygor Altero | F45: Compra | G45: 37 | H45: 34.39 | I45: 0.075894155 | J45: 14846.097 | L45: 10156.846 | M45: 12248.579 | N45: 2419.778 | O45: 3094.1777 | P45: 1990.4266 | Q45: 2480.6568 | R45: - | S45: - | T45: 4.6031665 | U45: 5.7368989
A46: =_xlfn.CONCAT(C46," BZ Equity") -> DIRR3 BZ Equity | B46: Direcional | C46: DIRR3 | D46: Construção Civil | E46: Ygor Altero | F46: Compra | G46: 20 | H46: 11.46 | I46: 0.7452007 | J46: 5959.2434 | L46: 5118.0808 | M46: 6038.0975 | N46: 1316.8672 | O46: 1579.5238 | P46: 911.71894 | Q46: 1177.9473 | R46: - | S46: - | T46: 1.7521234 | U46: 2.2637558
A47: =_xlfn.CONCAT(C47," BZ Equity") -> EZTC3 BZ Equity | B47: EZTec | C47: EZTC3 | D47: Construção Civil | E47: Ygor Altero | F47: Neutro | G47: 16 | H47: 19.19 | I47: -0.16623241 | J47: 5322.5197 | L47: 1603.5341 | M47: 2318.8843 | N47: 384.22534 | O47: 626.69866 | P47: 582.23452 | Q47: 722.6653 | R47: - | S47: - | T47: 2.1273626 | U47: 2.6404671
A48: =_xlfn.CONCAT(C48," BZ Equity") -> EVEN3 BZ Equity | B48: Even | C48: EVEN3 | D48: Construção Civil | E48: Ygor Altero | F48: Compra | G48: 6 | H48: 5.88 | I48: 0.020408163 | J48: 1167.7326 | L48: 1514.4274 | M48: 2092.8322 | N48: 217.65928 | O48: 354.77345 | P48: 204.24497 | Q48: 293.80386 | R48: - | S48: - | T48: 1.0284549 | U48: 1.4794197
A49: =_xlfn.CONCAT(C49," BZ Equity") -> LAVV3 BZ Equity | B49: Lavvi | C49: LAVV3 | D49: Construção Civil | E49: Ygor Altero | F49: Compra | G49: 19 | H49: 15.6 | I49: 0.21794872 | J49: 3048.7759 | L49: 1957.5814 | M49: 2525.7137 | N49: 486.63181 | O49: 666.22025 | P49: 404.84179 | Q49: 524.072 | R49: - | S49: - | T49: 2.0714976 | U49: 2.6815756
A50: =_xlfn.CONCAT(C50," BZ Equity") -> MRVE3 BZ Equity | B50: MRV | C50: MRVE3 | D50: Construção Civil | E50: Ygor Altero | F50: Compra | G50: 10 | H50: 8.23 | I50: 0.21506683 | J50: 4632.1321 | L50: 11453.663 | M50: 11852.291 | N50: 1175.047 | O50: 1767.7248 | P50: -161.8643 | Q50: 766.37076 | R50: - | S50: - | T50: -0.28759208 | U50: 1.3616478
A51: =_xlfn.CONCAT(C51," BZ Equity") -> MELK3 BZ Equity | B51: Melnick | C51: MELK3 | D51: Construção Civil | E51: Ygor Altero | F51: Compra | G51: 5 | H51: 3.24 | I51: 0.54320988 | J51: 657.46668 | L51: 1217.9737 | M51: 1264.5498 | N51: 151.94128 | O51: 178.91473 | P51: 130.25422 | Q51: 179.53381 | R51: - | S51: - | T51: 0.64189374 | U51: 0.88474393
A52: =_xlfn.CONCAT(C52," BZ Equity") -> MDNE3 BZ Equity | B52: Moura Dubeux | C52: MDNE3 | D52: Construção Civil | E52: Ygor Altero | F52: Compra | G52: 38 | H52: 30.58 | I52: 0.24264225 | J52: 3171.5546 | L52: 2914.4002 | M52: 2998.3379 | N52: 620.48237 | O52: 678.77107 | P52: 617.08565 | Q52: 652.91617 | R52: - | S52: - | T52: 5.9499142 | U52: 6.2953907
A53: =_xlfn.CONCAT(C53," BZ Equity") -> PLPL3 BZ Equity | B53: Plano & Plano | C53: PLPL3 | D53: Construção Civil | E53: Ygor Altero | F53: Compra | G53: 20 | H53: 8.06 | I53: 1.4813896 | J53: 1635.743 | L53: 3636.6075 | M53: 4547.8624 | N53: 512.09036 | O53: 771.97484 | P53: 332.41056 | Q53: 528.72448 | R53: - | S53: - | T53: 1.6382185 | U53: 2.6057122
A54: =_xlfn.CONCAT(C54," BZ Equity") -> TEND3 BZ Equity | B54: Tenda | C54: TEND3 | D54: Construção Civil | E54: Ygor Altero | F54: Compra | G54: 44 | H54: 28.6 | I54: 0.53846154 | J54: 3503.8676 | L54: 5174.529 | M54: 6009.9162 | N54: 852.01643 | O54: 1022.6099 | P54: 635.27213 | Q54: 793.10597 | R54: - | S54: - | T54: 5.182595 | U54: 6.4702146
A55: =_xlfn.CONCAT(C55," BZ Equity") -> TRIS3 BZ Equity | B55: Trisul | C55: TRIS3 | D55: Construção Civil | E55: Ygor Altero | F55: Neutro | G55: 6 | H55: 6.82 | I55: -0.1202346 | J55: 1592.5859 | L55: 1567.6004 | M55: 2047.614 | N55: 246.86483 | O55: 373.08284 | P55: 204.62489 | Q55: 279.7848 | R55: - | S55: - | T55: 0.87627408 | U55: 1.1981346
A56: =_xlfn.CONCAT(C56," BZ Equity") -> ANIM3 BZ Equity | B56: Anima | C56: ANIM3 | D56: Educação | E56: Gustavo Tiseo | F56: Neutro | G56: 3 | H56: 5 | I56: -0.4 | J56: 1889.301 | L56: 4259.7484 | M56: 4817.1268 | N56: 1528.6174 | O56: 1653.9477 | P56: 342.12929 | Q56: 400.00754 | R56: - | S56: - | T56: 0.84712976 | U56: 0.9904393
... A58: =_xlfn.CONCAT(C58," BZ Equity") -> CSED3 BZ Equity | B58: Cruzeiro do Sul | C58: CSED3 | D58: Educação | E58: Gustavo Tiseo | F58: Compra | G58: 6.5 | H58: 6.95 | I58: -0.064748201 | J58: 2533.5707 | L58: 2950.5171 | M58: 3022.5376 | N58: 855.13858 | O58: 835.79419 | P58: 284.95937 | Q58: 301.88774 | R58: - | S58: - | T58: 0.78178153 | U58: 0.82822426
B59: Ser Educacional | C59: SEER3 | D59: Educação | E59: Gustavo Tiseo | F59: Compra | G59: 16 | H59: 17.82 | I59: -0.10213244 | J59: 2281.6812 | L59: 2336.8066 | M59: 2542.9322 | N59: 722.06579 | O59: 748.24929 | P59: 272.2567 | Q59: 309.62345 | R59: - | S59: - | T59: 2.1328541 | U59: 2.4255846
A60: =_xlfn.CONCAT(C60," BZ Equity") -> YDUQ3 BZ Equity | B60: YDUQS | C60: YDUQ3 | D60: Educação | E60: Gustavo Tiseo | F60: Compra | G60: 11 | H60: 14 | I60: -0.21428571 | J60: 3562.286 | L60: 5609.5597 | M60: 5954.8028 | N60: 1716.0277 | O60: 1830.1566 | P60: 229.94673 | Q60: 410.99763 | R60: - | S60: - | T60: 0.83894959 | U60: 1.4995051
A61: =_xlfn.CONCAT(C61," BZ Equity") -> ALUP11 BZ Equity | B61: Alupar | C61: ALUP11 | D61: Elétricas | E61: Raul Cavendish | F61: Compra | G61: 43.494751 | H61: 38.69 | I61: 0.12418586 | J61: 12541.944 | L61: 3909.5989 | M61: 4119.0133 | N61: 3069.798 | O61: 3363.2231 | P61: 773.21654 | Q61: 1013.709 | R61: - | S61: - | T61: 2.3457328 | U61: 3.0753227
A62: =_xlfn.CONCAT(C62," BZ Equity") -> AURE3 BZ Equity | B62: Auren | C62: AURE3 | D62: Elétricas | E62: Raul Cavendish | F62: Neutro | G62: 13.76131 | H62: 15.23 | I62: -0.096433988 | J62: 15909.791 | L62: 26314.509 | M62: 21855.309 | N62: 3046.6433 | O62: 3655.7843 | P62: -1014.7061 | Q62: -553.27992 | R62: 559.07512 | S62: 440.31215 | T62: -0.96603898 | U62: -0.52674364
A63: =_xlfn.CONCAT(C63," BZ Equity") -> AXIA3 BZ Equity | B63: Axia Energia | C63: AXIA3 | D63: Elétricas | E63: Raul Cavendish | F63: Compra | G63: 74.5 | H63: 58.58 | I63: 0.27176511 | J63: 165703.33 | L63: 42074.118 | M63: 50132.685 | N63: 28511.282 | O63: 41994.951 | P63: 10606.584 | Q63: 21811.658 | R63: 4437.9751 | S63: 3764.2744 | T63: 3.6896869 | U63: 7.5875687
A64: =_xlfn.CONCAT(C64," BZ Equity") -> CPFE3 BZ Equity | B64: CPFL Energia | C64: CPFE3 | D64: Elétricas | E64: Raul Cavendish | F64: Venda | G64: 51.249943 | H64: 49.51 | I64: 0.035143273 | J64: 57048.117 | L64: 37305.77 | M64: 39245.364 | N64: 12379.06 | O64: 13080.83 | P64: 4918.9828 | Q64: 5192.5396 | R64: 799.65094 | S64: 751.72432 | T64: 4.2690076 | U64: 4.5064177
A65: =_xlfn.CONCAT(C65," BZ Equity") -> CMIG4 BZ Equity | B65: Cemig | C65: CMIG4 | D65: Elétricas | E65: Raul Cavendish | F65: Neutro | G65: 14.590001 | H65: 11.7 | I65: 0.2470086 | J65: 39152.195 | L65: 47822.455 | M65: 48137.233 | N65: 6708.2069 | O65: 6948.8041 | P65: 2632.0588 | Q65: 2670.5804 | R65: 638.55617 | S65: 724.13019 | T65: 0.91972726 | U65: 0.93318794
A66: =_xlfn.CONCAT(C66," BZ Equity") -> PASS3 BZ Equity | B66: Compass | C66: PASS3 | D66: Elétricas | E66: Raul Cavendish | F66: Compra | G66: 36.746142 | H66: 27.55 | I66: 0.33379825 | J66: 19675.937 | L66: 12358.417 | M66: 12717.781 | N66: 5291.5523 | O66: 5983.6547 | P66: 1432.4481 | Q66: 1610.0595 | R66: - | S66: - | T66: 2.0056959 | U66: 2.254385
A67: =_xlfn.CONCAT(C67," BZ Equity") -> CPLE3 BZ Equity | B67: Copel | C67: CPLE3 | D67: Elétricas | E67: Raul Cavendish | F67: Compra | G67: 19.868809 | H67: 17.36 | I67: 0.14451665 | J67: 51561.28 | L67: 28477.499 | M67: 31299.942 | N67: 7331.0299 | O67: 8812.0824 | P67: 3027.1458 | Q67: 3735.4914 | R67: 712.0057 | S67: 572.10591 | T67: 1.0148634 | U67: 1.2523393
A68: =_xlfn.CONCAT(C68," BZ Equity") -> ENGI11 BZ Equity | B68: Energisa | C68: ENGI11 | D68: Elétricas | E68: Raul Cavendish | F68: Compra | G68: 88.270777 | H68: 66 | I68: 0.33743602 | J68: 32446.249 | L68: 29782.956 | M68: 31990.849 | N68: 8419.9046 | O68: 9316.4478 | P68: 2105.0549 | Q68: 2537.9175 | R68: 2195.3613 | S68: 2228.8517 | T68: 4.1794043 | U68: 5.0388157
A69: =_xlfn.CONCAT(C69," BZ Equity") -> ENEV3 BZ Equity | B69: Eneva | C69: ENEV3 | D69: Elétricas | E69: Raul Cavendish | F69: Compra | G69: 30.345897 | H69: 32.17 | I69: -0.056702002 | J69: 61777.555 | L69: 9172.8273 | M69: 10976.579 | N69: 6030.806 | O69: 7467.2746 | P69: 1088.3313 | Q69: 2064.8578 | R69: 568.87399 | S69: 646.68777 | T69: 0.56187201 | U69: 1.0660226
A70: =_xlfn.CONCAT(C70," BZ Equity") -> EGIE3 BZ Equity | B70: Engie Brasil | C70: EGIE3 | D70: Elétricas | E70: Raul Cavendish | F70: Neutro | G70: 31.48433 | H70: 31.1 | I70: 0.012357877 | J70: 44049.465 | L70: 12242.308 | M70: 12641.789 | N70: 7520.1734 | O70: 8460.6173 | P70: 3964.0107 | Q70: 3906.8491 | R70: 273.14063 | S70: 294.34544 | T70: 3.4702046 | U70: 3.4201638
A71: =_xlfn.CONCAT(C71," BZ Equity") -> EQTL3 BZ Equity | B71: Equatorial Energia | C71: EQTL3 | D71: Elétricas | E71: Raul Cavendish | F71: Compra | G71: 61.727871 | H71: 48.63 | I71: 0.26933726 | J71: 61032.171 | L71: 39904.481 | M71: 42963.983 | N71: 10631.111 | O71: 12153.874 | P71: 3203.8712 | Q71: 4742.6491 | R71: - | S71: - | T71: 2.5584223 | U71: 3.7871994
A72: =_xlfn.CONCAT(C72," BZ Equity") -> ISAE4 BZ Equity | B72: ISA Energia | C72: ISAE4 | D72: Elétricas | E72: Raul Cavendish | F72: Neutro | G72: 32.284301 | H72: 28.98 | I72: 0.11402005 | J72: 22160.083 | L72: 5088.2715 | M72: 5801.3807 | N72: 4242.2273 | O72: 4924.3167 | P72: 2195.7008 | Q72: 2644.0753 | R72: - | S72: - | T72: 3.1218773 | U72: 3.7593824
A73: =_xlfn.CONCAT(C73," BZ Equity") -> LIGT3 BZ Equity | B73: Light | C73: LIGT3 | D73: Elétricas | E73: Raul Cavendish | F73: Compra | G73: 5.5162938 | H73: 3.68 | I73: 0.49899288 | J73: 5924.0993 | L73: 12560.372 | M73: 13685.636 | N73: 1818.3585 | O73: 3090.8322 | P73: 3077.9909 | Q73: 1339.9718 | R73: 286.03659 | S73: 276.80207 | T73: 1.9105602 | U73: 0.83174279
A74: =_xlfn.CONCAT(C74," BZ Equity") -> TAEE11 BZ Equity | B74: Taesa | C74: TAEE11 | D74: Elétricas | E74: Raul Cavendish | F74: Neutro | G74: 40.546067 | H74: 45.24 | I74: -0.10375625 | J74: 15585.074 | L74: 2888.1727 | M74: 3308.1844 | N74: 2427.3003 | O74: 2782.776 | P74: 1207.4595 | Q74: 1486.585 | R74: - | S74: - | T74: 3.5049733 | U74: 4.3152095
A75: =_xlfn.CONCAT(C75," BZ Equity") -> B3SA3 BZ Equity | B75: B3 | C75: B3SA3 | D75: Inst. Financeiras | E75: Bernardo Guttmann | F75: Neutro | G75: 16 | H75: 23.51 | I75: -0.31943854 | J75: 117510 | L75: 10741.599 | M75: 12356.655 | N75: 7463.7995 | O75: 8777.8392 | P75: 5458.4513 | Q75: 6398.4769 | R75: - | S75: - | T75: 1.1271953 | U75: 1.3213149
B76: Caixa Seguridade | C76: CXSE3 | D76: Inst. Financeiras | E76: Bernardo Guttmann | F76: Compra | G76: 25 | H76: 21.38 | I76: 0.16931712 | J76: 64140 | L76: 6169.311 | M76: 6729.4887 | N76: - | O76: - | P76: 4674.0315 | Q76: 5156.005 | R76: 3654.8109 | S76: 4083.5541 | T76: 1.5580105 | U76: 1.7186683
B77: Méliuz | C77: CASH3 | D77: Inst. Financeiras | E77: Bernardo Guttmann | F77: Sob Revisão | G77: - | H77: - | I77: - | J77: - | L77: - | M77: - | N77: - | O77: - | P77: - | Q77: - | R77: - | S77: - | T77: - | U77: -
B78: PagBank | C78: PAGS | D78: Inst. Financeiras | E78: Bernardo Guttmann | F78: Compra | G78: 11.4 | H78: 11.44 | I78: -0.0034965035 | J78: 3197.7012 | L78: 21216.574 | M78: 20840.849 | N78: - | O78: - | P78: 2262.2624 | Q78: 2674.4045 | R78: - | S78: - | T78: 7.7508839 | U78: 9.1629506
B79: PagBank | C79: PAGS34 | D79: Inst. Financeiras | E79: Bernardo Guttmann | F79: Compra | G79: 12.3 | H79: 11.6 | I79: 0.060344828 | J79: 3197.7012 | L79: 21216.574 | M79: 20840.849 | N79: - | O79: - | P79: 2262.2624 | Q79: 2674.4045 | R79: - | S79: - | T79: 7.7508839 | U79: 9.1629506
B80: StoneCo. | C80: STNE | D80: Inst. Financeiras | E80: Bernardo Guttmann | F80: Compra | G80: 23.2 | H80: 11.55 | I80: 1.008658 | J80: 2624.1783 | L80: 15516.026 | M80: 17135.999 | N80: - | O80: - | P80: 3081.7521 | Q80: 4290.9323 | R80: - | S80: - | T80: 11.446498 | U80: 15.937735
A81: =_xlfn.CONCAT(C81," BZ Equity") -> STOC34 BZ Equity | B81: StoneCo. | C81: STOC34 | D81: Inst. Financeiras | E81: Bernardo Guttmann | F81: Compra | G81: 124.8 | H81: 58.06 | I81: 1.1495005 | J81: 2624.1783 | L81: 15516.026 | M81: 17135.999 | N81: - | O81: - | P81: 3081.7521 | Q81: 4290.9323 | R81: - | S81: - | T81: 11.446498 | U81: 15.937735
A82: =_xlfn.CONCAT(C82," BZ Equity") -> AURA33 BZ Equity | B82: Aura Minerals | C82: AURA33 | D82: Mineração & Siderurgia | E82: Lucas Laghi | F82: Compra | G82: 145 | H82: 143 | I82: 0.013986014 | J82: 35835.896 | L82: 1567.7571 | M82: 1954.443 | N82: 974.01669 | O82: 1316.6768 | P82: 574.32367 | Q82: 849.32317 | R82: - | S82: - | T82: 2.2847953 | U82: 3.3788083
B83: Bradespar | C83: BRAP4 | D83: Mineração & Siderurgia | E83: Lucas Laghi | F83: Neutro | G83: 24 | H83: 19.55 | I83: 0.22762148 | J83: 7471.1619 | L83: - | M83: - | N83: - | O83: - | P83: - | Q83: - | R83: - | S83: - | T83: - | U83: -
B84: CBA | C84: CBAV3 | D84: Mineração & Siderurgia | E84: Lucas Laghi | F84: Compra | G84: 9.5 | H84: 11.22 | I84: -0.15329768 | J84: 7305.0391 | L84: 9221.2608 | M84: 9569.7248 | N84: 1823.4973 | O84: 1899.535 | P84: 440.77504 | Q84: 529.99755 | R84: - | S84: - | T84: 0.67699819 | U84: 0.81403743
A85: =_xlfn.CONCAT(C85," BZ Equity") -> CSNA3 BZ Equity | B85: CSN | C85: CSNA3 | D85: Mineração & Siderurgia | E85: Lucas Laghi | F85: Neutro | G85: 7 | H85: 5.71 | I85: 0.22591944 | J85: 7571.9964 | L85: 45007.809 | M85: 47426.743 | N85: 8242.652 | O85: 9629.827 | P85: -208.77592 | Q85: -305.59619 | R85: - | S85: - | T85: -0.15743675 | U85: -0.23044837
A86: =_xlfn.CONCAT(C86," BZ Equity") -> CMIN3 BZ Equity | B86: CSN Mineração | C86: CMIN3 | D86: Mineração & Siderurgia | E86: Lucas Laghi | F86: Neutro | G86: 6.5 | H86: 4.96 | I86: 0.31048387 | J86: 26796.08 | L86: 11881.559 | M86: 12048.559 | N86: 4642.7839 | O86: 5132.0176 | P86: 753.10637 | Q86: 1940.6265 | R86: - | S86: - | T86: 0.13921037 | U86: 0.35921274
A87: =_xlfn.CONCAT(C87," BZ Equity") -> GGBR4 BZ Equity | B87: Gerdau | C87: GGBR4 | D87: Mineração & Siderurgia | E87: Lucas Laghi | F87: Compra | G87: 30 | H87: 26.52 | I87: 0.13122172 | J87: 49237.735 | L87: 70989.11 | M87: 72623.252 | N87: 12814.375 | O87: 13116.95 | P87: 5746.8439 | Q87: 6230.9006 | R87: - | S87: - | T87: 2.9257129 | U87: 3.1721457
B88: Met. Gerdau | C88: GOAU4 | D88: Mineração & Siderurgia | E88: Lucas Laghi | F88: Compra | G88: 13.3 | H88: 11.95 | I88: 0.11297071 | J88: 15207.355 | L88: - | M88: - | N88: - | O88: - | P88: - | Q88: - | R88: - | S88: - | T88: - | U88: -
B89: Usiminas | C89: USIM5 | D89: Mineração & Siderurgia | E89: Lucas Laghi | F89: Neutro | G89: 8.5 | H89: 6.65 | I89: 0.27819549 | J89: 8024.1277 | L89: 24537.196 | M89: 26309.184 | N89: 2845.6955 | O89: 3368.8134 | P89: 1648.2615 | Q89: 1343.0733 | R89: - | S89: - | T89: 1.3390238 | U89: 1.0910933
B90: Vale | C90: VALE | D90: Mineração & Siderurgia | E90: Lucas Laghi | F90: Neutro | G90: 16.5 | H90: 12.7 | I90: 0.2992126 | J90: 56126.799 | L90: 41346.144 | M90: 41928.276 | N90: 13470.196 | O90: 14014.982 | P90: 6973.422 | Q90: 7347.8863 | R90: - | S90: - | T90: 1.6385833 | U90: 1.7265733
A91: =_xlfn.CONCAT(C91," BZ Equity") -> VALE3 BZ Equity | B91: Vale | C91: VALE3 | D91: Mineração & Siderurgia | E91: Lucas Laghi | F91: Neutro | G91: 83 | H91: 64.03 | I91: 0.29626737 | J91: 272496.49 | L91: 41346.144 | M91: 41928.276 | N91: 13470.196 | O91: 14014.982 | P91: 6973.422 | Q91: 7347.8863 | R91: - | S91: - | T91: 1.6385833 | U91: 1.7265733
A92: =_xlfn.CONCAT(C92," BZ Equity") -> RANI3 BZ Equity | B92: Irani | C92: RANI3 | D92: Papel & Celulose | E92: Lucas Laghi | F92: Compra | G92: 10 | H92: 8.14 | I92: 0.22850123 | J92: 1871.3534 | L92: 1736.6882 | M92: 1816.9091 | N92: 583.58124 | O92: 631.63015 | P92: 116.39262 | Q92: 146.92394 | R92: - | S92: - | T92: 0.50612057 | U92: 0.63937483
A93: =_xlfn.CONCAT(C93," BZ Equity") -> KLBN11 BZ Equity | B93: Klabin | C93: KLBN11 | D93: Papel & Celulose | E93: Lucas Laghi | F93: Compra | G93: 24 | H93: 18.2 | I93: 0.31868132 | J93: 22434.137 | L93: 20663.814 | M93: 21440.649 | N93: 7810.951 | O93: 8172.0708 | P93: 969.19381 | Q93: 1731.3015 | R93: - | S93: - | T93: 0.79973225 | U93: 1.4285869
A94: =_xlfn.CONCAT(C94," BZ Equity") -> SUZB3 BZ Equity | B94: Suzano | C94: SUZB3 | D94: Papel & Celulose | E94: Lucas Laghi | F94: Compra | G94: 60 | H94: 42.64 | I94: 0.40712946 | J94: 52580.95 | L94: 47906.609 | M94: 49813.481 | N94: 19832.228 | O94: 21334.038 | P94: 9234.2188 | Q94: 812.18672 | R94: - | S94: - | T94: 7.4716022 | U94: 0.65715749
B95: Allos | C95: ALOS3 | D95: Propriedades Comerciais | E95: Ygor Altero | F95: Compra | G95: 38 | H95: 35.26 | I95: 0.077708452 | J95: 17633.622 | L95: 3006.5229 | M95: 3337.3782 | N95: 2247.445 | O95: 2522.581 | P95: 838.76854 | Q95: 866.21749 | R95: - | S95: - | T95: 0.0016802935 | U95: 0.0017352816
A96: =_xlfn.CONCAT(C96," BZ Equity") -> IGTI11 BZ Equity | B96: Iguatemi | C96: IGTI11 | D96: Propriedades Comerciais | E96: Ygor Altero | F96: Compra | G96: 35 | H96: 31.97 | I96: 0.094776353 | J96: 9443.1704 | L96: 1678.0129 | M96: 1980.3553 | N96: 1365.6087 | O96: 1470.9835 | P96: 722.34266 | Q96: 820.79956 | R96: - | S96: - | T96: 2.4369326 | U96: 2.7690919
A97: =_xlfn.CONCAT(C97," BZ Equity") -> JHSF3 BZ Equity | B97: JHSF | C97: JHSF3 | D97: Propriedades Comerciais | E97: Ygor Altero | F97: Compra | G97: 14 | H97: 14.27 | I97: -0.018920813 | J97: 9457.4362 | L97: 2274.9127 | M97: 2421.7508 | N97: 928.41418 | O97: 1020.5683 | P97: 708.92632 | Q97: 830.75912 | R97: - | S97: - | T97: 1.0457366 | U97: 1.2254521
A98: =_xlfn.CONCAT(C98," BZ Equity") -> LOGG3 BZ Equity | B98: Log Comm. Prop. | C98: LOGG3 | D98: Propriedades Comerciais | E98: Ygor Altero | F98: Neutro | G98: 32 | H98: 30.41 | I98: 0.052285432 | J98: 2659.0808 | L98: 279.58628 | M98: 294.20951 | N98: 342.90776 | O98: 215.15202 | P98: 254.3739 | Q98: 192.55493 | R98: - | S98: - | T98: 2.9096192 | U98: 2.2025119
A99: =_xlfn.CONCAT(C99," BZ Equity") -> MULT3 BZ Equity | B99: Multiplan | C99: MULT3 | D99: Propriedades Comerciais | E99: Ygor Altero | F99: Compra | G99: 37 | H99: 37.25 | I99: -0.0067114094 | J99: 18291.485 | L99: 3113.2535 | M99: 2983.3085 | N99: 2263.1009 | O99: 2273.6413 | P99: 1382.2888 | Q99: 1447.9714 | R99: - | S99: - | T99: 2.8194272 | U99: 2.9525862
A100: =_xlfn.CONCAT(C100," BZ Equity") -> AMBP3 BZ Equity | B100: Ambipar | C100: AMBP3 | D100: Saneamento | E100: Raul Cavendish | F100: Sob Revisão | G100: - | H100: - | I100: - | J100: - | L100: - | M100: - | N100: - | O100: - | P100: - | Q100: - | R100: - | S100: - | T100: - | U100: -
A101: =_xlfn.CONCAT(C101," BZ Equity") -> CSMG3 BZ Equity | B101: Copasa | C101: CSMG3 | D101: Saneamento | E101: Raul Cavendish | F101: Compra | G101: 88.322034 | H101: 63 | I101: 0.40193705 | J101: 23888.403 | L101: 7913.2279 | M101: 9273.7465 | N101: 3391.344 | O101: 5107.6585 | P101: 1402.9118 | Q101: 2235.7488 | R101: - | S101: - | T101: 3.6894161 | U101: 5.8796339
B102: Orizon | C102: ORVR3 | D102: Saneamento | E102: Raul Cavendish | F102: Compra | G102: 24.4 | H102: 20.5 | I102: 0.1902439 | J102: 11260.568 | L102: 3304.5734 | M102: 4681.2219 | N102: 1373.7888 | O102: 2120.8307 | P102: 422.50055 | Q102: 890.864 | R102: -290.94098 | S102: -228.62514 | T102: 2.7057883 | U102: 5.705293
B103: Sabesp | C103: SBSP3 | D103: Saneamento | E103: Raul Cavendish | F103: Compra | G103: 36.844323 | H103: 32.03 | I103: 0.15030669 | J103: 112890.83 | L103: 24190.553 | M103: 28928.197 | N103: 14372.103 | O103: 19610.901 | P103: 5306.5484 | Q103: 8581.1241 | R103: - | S103: - | T103: 1.552735 | U103: 2.5108998
...

Sheet Screenings
A3: - | H3: Target | I3: EV | J3: Mkt cap | K3: Dividends | L3: Dividends | M3: Equity | N3: Equity | O3: NET DEBT | P3: NET DEBT | Q3: Net Income | S3: EBITDA | U3: P/E | W3: P/VP | Y3: EV/EBITDA | AA3: Net Debt/EBITDA | AC3: DY | AE3: ROE
A4: Company | B4: Ticker | C4: Sector | D4: Analyst | E4: Recommendation | F4: Restricted | H4: price | I4: (BRL B) | J4: (BRL B) | K4: 2023 | L4: 2024 | M4: 2023 | N4: 2024 | O4: 2023 | P4: 2024 | Q4: 2023 | R4: 2024 | S4: 2023 | T4: 2024 | U4: 2023 | V4: 2024 | W4: 2023 | X4: 2024 | Y4: 2023 | Z4: 2024 | AA4: 2023 | AB4: 2024 | AC4: 2023 | AD4: 2024 | AE4: 2023 | AF4: 2024
K5: DIVIDENDS | L5: DIVIDENDS | M5: SHAREHOLDERS_EQUITY | N5: SHAREHOLDERS_EQUITY | O5: NET_DEBT | P5: NET_DEBT | Q5: NET_INCOME | R5: NET_INCOME | S5: EBITDA | T5: EBITDA | U5: P_E | V5: P_E | W5: P_VP | X5: P_VP | Y5: EV_EBITDA | Z5: EV_EBITDA | AA5: NET DEBT_EBITDA | AB5: NET DEBT_EBITDA | AC5: DY | AD5: DY | AE5: ROE | AF5: ROE
A6: NAME | B6: TICKER | C6: SECTOR_XP | D6: LEAD_ANALYST | E6: RECOMMENDATION | F6: RESTRICTED | G6: CURRENCY | H6: TARGET | K6: =K5&"_"&K4 -> DIVIDENDS_2023 | L6: =L5&"_"&L4 -> DIVIDENDS_2024 | M6: =M5&"_"&M4 -> SHAREHOLDERS_EQUITY_2023 | N6: =N5&"_"&N4 -> SHAREHOLDERS_EQUITY_2024 | O6: =O5&"_"&O4 -> NET_DEBT_2023 | P6: =P5&"_"&P4 -> NET_DEBT_2024 | Q6: =Q5&"_"&Q4 -> NET_INCOME_2023 | R6: =R5&"_"&R4 -> NET_INCOME_2024 | ... AF6: =AF5&"_"&AF4 -> ROE_2024
A7: =INDEX([5]Sheet1!$1:$1048576,MATCH($B7,[5]Sheet1!$A:$A,0),MATCH(A$6,[5]Sheet1!$1:$1,0)) -> #N/A | B7: BRML3 | C7: =INDEX([5]Sheet1!$1:$1048576,MATCH($B7,[5]Sheet1!$A:$A,0),MATCH(C$6,[5]Sheet1!$1:$1,0)) -> #N/A | D7: =INDEX([5]Sheet1!$1:$1048576,MATCH($B7,[5]Sheet1!$A:$A,0),MATCH(D$6,[5]Sheet1!$1:$1,0)) -> #N/A | E7: =INDEX([5]Sheet1!$1:$1048576,MATCH($B7,[5]Sheet1!$A:$A,0),MATCH(E$6,[5]Sheet1!$1:$1,0)) -> #N/A | F7: =INDEX([5]Sheet1!$1:$1048576,MATCH($B7,[5]Sheet1!$A:$A,0),MATCH(F$6,[5]Sheet1!$1:$1,0)) -> #N/A | G7: =INDEX([5]Sheet1!$1:$1048576,MATCH($B7,[5]Sheet1!$A:$A,0),MATCH(G$6,[5]Sheet1!$1:$1,0)) -> #N/A | H7: =INDEX([5]Sheet1!$1:$1048576,MATCH($B7,[5]Sheet1!$A:$A,0),MATCH(H$6,[5]Sheet1!$1:$1,0)) -> #N/A | I7: {=IFERROR((_xll.ECONOMATICA($B7,"EV")/1000000) / IF($G7="USD",Aux!$B$1,1),"")} | J7: {=IFERROR((_xll.ECONOMATICA($B7,"MarketCapitaliz")/1000000) / IF($G7="USD",Aux!$B$1,1),"")} | K7: =ABS(INDEX([5]Sheet1!$1:$1048576,MATCH($B7,[5]Sheet1!$A:$A,0),MATCH(K$6,[5]Sheet1!$1:$1,0))) -> #N/A | L7: =ABS(INDEX([5]Sheet1!$1:$1048576,MATCH($B7,[5]Sheet1!$A:$A,0),MATCH(L$6,[5]Sheet1!$1:$1,0))) -> #N/A | M7: =ABS(INDEX([5]Sheet1!$1:$1048576,MATCH($B7,[5]Sheet1!$A:$A,0),MATCH(M$6,[5]Sheet1!$1:$1,0))) -> #N/A | N7: =ABS(INDEX([5]Sheet1!$1:$1048576,MATCH($B7,[5]Sheet1!$A:$A,0),MATCH(N$6,[5]Sheet1!$1:$1,0))) -> #N/A | O7: =ABS(INDEX([5]Sheet1!$1:$1048576,MATCH($B7,[5]Sheet1!$A:$A,0),MATCH(O$6,[5]Sheet1!$1:$1,0))) -> #N/A | P7: =ABS(INDEX([5]Sheet1!$1:$1048576,MATCH($B7,[5]Sheet1!$A:$A,0),MATCH(P$6,[5]Sheet1!$1:$1,0))) -> #N/A | Q7: =INDEX([5]Sheet1!$1:$1048576,MATCH($B7,[5]Sheet1!$A:$A,0),MATCH(Q$6,[5]Sheet1!$1:$1,0)) -> #N/A | R7: =INDEX([5]Sheet1!$1:$1048576,MATCH($B7,[5]Sheet1!$A:$A,0),MATCH(R$6,[5]Sheet1!$1:$1,0)) -> #N/A | S7: =INDEX([5]Sheet1!$1:$1048576,MATCH($B7,[5]Sheet1!$A:$A,0),MATCH(S$6,[5]Sheet1!$1:$1,0)) -> #N/A | T7: =INDEX([5]Sheet1!$1:$1048576,MATCH($B7,[5]Sheet1!$A:$A,0),MATCH(T$6,[5]Sheet1!$1:$1,0)) -> #N/A | Y7: =IFERROR($I7/S7,"") | Z7: =IFERROR($I7/T7,"") | AC7: =IFERROR($K7/J7,"") | AE7: =IFERROR($Q7/$M7,"-") -> - | AF7: =IFERROR($R7/$N7,"-") -> -
A8: =INDEX([5]Sheet1!$1:$1048576,MATCH($B8,[5]Sheet1!$A:$A,0),MATCH(A$6,[5]Sheet1!$1:$1,0)) -> Americanas | B8: AMER3 | C8: =INDEX([5]Sheet1!$1:$1048576,MATCH($B8,[5]Sheet1!$A:$A,0),MATCH(C$6,[5]Sheet1!$1:$1,0)) -> Retail | D8: =INDEX([5]Sheet1!$1:$1048576,MATCH($B8,[5]Sheet1!$A:$A,0),MATCH(D$6,[5]Sheet1!$1:$1,0)) -> Pedro Caravina | E8: =INDEX([5]Sheet1!$1:$1048576,MATCH($B8,[5]Sheet1!$A:$A,0),MATCH(E$6,[5]Sheet1!$1:$1,0)) -> Under Review | F8: =INDEX([5]Sheet1!$1:$1048576,MATCH($B8,[5]Sheet1!$A:$A,0),MATCH(F$6,[5]Sheet1!$1:$1,0)) -> FALSE | G8: =INDEX([5]Sheet1!$1:$1048576,MATCH($B8,[5]Sheet1!$A:$A,0),MATCH(G$6,[5]Sheet1!$1:$1,0)) -> #N/A | H8: =INDEX([5]Sheet1!$1:$1048576,MATCH($B8,[5]Sheet1!$A:$A,0),MATCH(H$6,[5]Sheet1!$1:$1,0)) -> 20 | I8: {=IFERROR((_xll.ECONOMATICA($B8,"EV")/1000000) / IF($G8="USD",Aux!$B$1,1),"")} | J8: {=IFERROR((_xll.ECONOMATICA($B8,"MarketCapitaliz")/1000000) / IF($G8="USD",Aux!$B$1,1),"")} | K8: =ABS(INDEX([5]Sheet1!$1:$1048576,MATCH($B8,[5]Sheet1!$A:$A,0),MATCH(K$6,[5]Sheet1!$1:$1,0))) -> 2380 | L8: =ABS(INDEX([5]Sheet1!$1:$1048576,MATCH($B8,[5]Sheet1!$A:$A,0),MATCH(L$6,[5]Sheet1!$1:$1,0))) -> 3635.0643 | M8: =ABS(INDEX([5]Sheet1!$1:$1048576,MATCH($B8,[5]Sheet1!$A:$A,0),MATCH(M$6,[5]Sheet1!$1:$1,0))) -> 15761.842 | N8: =ABS(INDEX([5]Sheet1!$1:$1048576,MATCH($B8,[5]Sheet1!$A:$A,0),MATCH(N$6,[5]Sheet1!$1:$1,0))) -> 16650.275 | O8: =ABS(INDEX([5]Sheet1!$1:$1048576,MATCH($B8,[5]Sheet1!$A:$A,0),MATCH(O$6,[5]Sheet1!$1:$1,0))) -> 10062.591 | P8: =ABS(INDEX([5]Sheet1!$1:$1048576,MATCH($B8,[5]Sheet1!$A:$A,0),MATCH(P$6,[5]Sheet1!$1:$1,0))) -> 10575.491 | Q8: =INDEX([5]Sheet1!$1:$1048576,MATCH($B8,[5]Sheet1!$A:$A,0),MATCH(Q$6,[5]Sheet1!$1:$1,0)) -> 715.48685 | R8: =INDEX([5]Sheet1!$1:$1048576,MATCH($B8,[5]Sheet1!$A:$A,0),MATCH(R$6,[5]Sheet1!$1:$1,0)) -> 1154.43 | S8: =INDEX([5]Sheet1!$1:$1048576,MATCH($B8,[5]Sheet1!$A:$A,0),MATCH(S$6,[5]Sheet1!$1:$1,0)) -> 4913.5607 | T8: =INDEX([5]Sheet1!$1:$1048576,MATCH($B8,[5]Sheet1!$A:$A,0),MATCH(T$6,[5]Sheet1!$1:$1,0)) -> 5517.0587 | U8: =IFERROR((J8/Q8),"-") -> - | V8: =IFERROR((J8/R8),"-") -> - | W8: =IFERROR(J8/M8,"-") -> - | X8: =IFERROR(J8/N8,"-") -> - | Y8: =IFERROR($I8/S8,"-") -> - | Z8: =IFERROR($I8/T8,"-") -> - | AA8: =IFERROR(O8/S8,"-") -> 2.0479224 | AB8: =IFERROR(P8/T8,"-") -> 1.9168711 | AC8: =IFERROR($K8/J8,"") | AD8: =IFERROR($L8/J8,"") | AE8: =IFERROR($Q8/$M8,"-") -> 0.045393605 | AF8: =IFERROR($R8/$N8,"-") -> 0.06933399
A9: =INDEX([5]Sheet1!$1:$1048576,MATCH($B9,[5]Sheet1!$A:$A,0),MATCH(A$6,[5]Sheet1!$1:$1,0)) -> Petrobras | B9: PETR4 | C9: =INDEX([5]Sheet1!$1:$1048576,MATCH($B9,[5]Sheet1!$A:$A,0),MATCH(C$6,[5]Sheet1!$1:$1,0)) -> Oil, Gas & Petrochemicals | D9: =INDEX([5]Sheet1!$1:$1048576,MATCH($B9,[5]Sheet1!$A:$A,0),MATCH(D$6,[5]Sheet1!$1:$1,0)) -> Regis Cardoso | E9: =INDEX([5]Sheet1!$1:$1048576,MATCH($B9,[5]Sheet1!$A:$A,0),MATCH(E$6,[5]Sheet1!$1:$1,0)) -> Buy | F9: =INDEX([5]Sheet1!$1:$1048576,MATCH($B9,[5]Sheet1!$A:$A,0),MATCH(F$6,[5]Sheet1!$1:$1,0)) -> FALSE | G9: =INDEX([5]Sheet1!$1:$1048576,MATCH($B9,[5]Sheet1!$A:$A,0),MATCH(G$6,[5]Sheet1!$1:$1,0)) -> #N/A | H9: =INDEX([5]Sheet1!$1:$1048576,MATCH($B9,[5]Sheet1!$A:$A,0),MATCH(H$6,[5]Sheet1!$1:$1,0)) -> 63 | I9: {=IFERROR((_xll.ECONOMATICA($B9,"EV")/1000000) / IF($G9="USD",Aux!$B$1,1),"")} | J9: {=IFERROR((_xll.ECONOMATICA($B9,"MarketCapitaliz")/1000000) / IF($G9="USD",Aux!$B$1,1),"")} | K9: =ABS(INDEX([5]Sheet1!$1:$1048576,MATCH($B9,[5]Sheet1!$A:$A,0),MATCH(K$6,[5]Sheet1!$1:$1,0))) -> 19670 | L9: =ABS(INDEX([5]Sheet1!$1:$1048576,MATCH($B9,[5]Sheet1!$A:$A,0),MATCH(L$6,[5]Sheet1!$1:$1,0))) -> 18327 | M9: =ABS(INDEX([5]Sheet1!$1:$1048576,MATCH($B9,[5]Sheet1!$A:$A,0),MATCH(M$6,[5]Sheet1!$1:$1,0))) -> 78975 | N9: =ABS(INDEX([5]Sheet1!$1:$1048576,MATCH($B9,[5]Sheet1!$A:$A,0),MATCH(N$6,[5]Sheet1!$1:$1,0))) -> 59350 | O9: =ABS(INDEX([5]Sheet1!$1:$1048576,MATCH($B9,[5]Sheet1!$A:$A,0),MATCH(O$6,[5]Sheet1!$1:$1,0))) -> 44645 | P9: =ABS(INDEX([5]Sheet1!$1:$1048576,MATCH($B9,[5]Sheet1!$A:$A,0),MATCH(P$6,[5]Sheet1!$1:$1,0))) -> 52195 | Q9: =INDEX([5]Sheet1!$1:$1048576,MATCH($B9,[5]Sheet1!$A:$A,0),MATCH(Q$6,[5]Sheet1!$1:$1,0)) -> 24995 | R9: =INDEX([5]Sheet1!$1:$1048576,MATCH($B9,[5]Sheet1!$A:$A,0),MATCH(R$6,[5]Sheet1!$1:$1,0)) -> 7605 | S9: =INDEX([5]Sheet1!$1:$1048576,MATCH($B9,[5]Sheet1!$A:$A,0),MATCH(S$6,[5]Sheet1!$1:$1,0)) -> 52414 | T9: =INDEX([5]Sheet1!$1:$1048576,MATCH($B9,[5]Sheet1!$A:$A,0),MATCH(T$6,[5]Sheet1!$1:$1,0)) -> 40399 | U9: =IFERROR((J9/Q9),"-") -> - | V9: =IFERROR((J9/R9),"-") -> - | W9: =IFERROR(J9/M9,"-") -> - | X9: =IFERROR(J9/N9,"-") -> - | Y9: =IFERROR($I9/S9,"-") -> - | Z9: =IFERROR($I9/T9,"-") -> - | AA9: =IFERROR(O9/S9,"-") -> 0.85177624 | AB9: =IFERROR(P9/T9,"-") -> 1.2919874 | AC9: =IFERROR($K9/J9,"") | AD9: =IFERROR($L9/J9,"") | AE9: =IFERROR($Q9/$M9,"-") -> 0.31649256 | AF9: =IFERROR($R9/$N9,"-") -> 0.12813816
A10: =INDEX([5]Sheet1!$1:$1048576,MATCH($B10,[5]Sheet1!$A:$A,0),MATCH(A$6,[5]Sheet1!$1:$1,0)) -> Even | B10: EVEN3 | C10: =INDEX([5]Sheet1!$1:$1048576,MATCH($B10,[5]Sheet1!$A:$A,0),MATCH(C$6,[5]Sheet1!$1:$1,0)) -> Homebuilders | D10: =INDEX([5]Sheet1!$1:$1048576,MATCH($B10,[5]Sheet1!$A:$A,0),MATCH(D$6,[5]Sheet1!$1:$1,0)) -> Ygor Altero | E10: =INDEX([5]Sheet1!$1:$1048576,MATCH($B10,[5]Sheet1!$A:$A,0),MATCH(E$6,[5]Sheet1!$1:$1,0)) -> Buy | F10: =INDEX([5]Sheet1!$1:$1048576,MATCH($B10,[5]Sheet1!$A:$A,0),MATCH(F$6,[5]Sheet1!$1:$1,0)) -> FALSE | G10: =INDEX([5]Sheet1!$1:$1048576,MATCH($B10,[5]Sheet1!$A:$A,0),MATCH(G$6,[5]Sheet1!$1:$1,0)) -> #N/A | H10: =INDEX([5]Sheet1!$1:$1048576,MATCH($B10,[5]Sheet1!$A:$A,0),MATCH(H$6,[5]Sheet1!$1:$1,0)) -> 6 | I10: {=IFERROR((_xll.ECONOMATICA($B10,"EV")/1000000) / IF($G10="USD",Aux!$B$1,1),"")} | J10: {=IFERROR((_xll.ECONOMATICA($B10,"MarketCapitaliz")/1000000) / IF($G10="USD",Aux!$B$1,1),"")} | K10: =ABS(INDEX([5]Sheet1!$1:$1048576,MATCH($B10,[5]Sheet1!$A:$A,0),MATCH(K$6,[5]Sheet1!$1:$1,0))) -> 81 | L10: =ABS(INDEX([5]Sheet1!$1:$1048576,MATCH($B10,[5]Sheet1!$A:$A,0),MATCH(L$6,[5]Sheet1!$1:$1,0))) -> 229.5425 | M10: =ABS(INDEX([5]Sheet1!$1:$1048576,MATCH($B10,[5]Sheet1!$A:$A,0),MATCH(M$6,[5]Sheet1!$1:$1,0))) -> 1485.7757 | N10: =ABS(INDEX([5]Sheet1!$1:$1048576,MATCH($B10,[5]Sheet1!$A:$A,0),MATCH(N$6,[5]Sheet1!$1:$1,0))) -> 1799.389 | O10: =ABS(INDEX([5]Sheet1!$1:$1048576,MATCH($B10,[5]Sheet1!$A:$A,0),MATCH(O$6,[5]Sheet1!$1:$1,0))) -> 508.32947 | P10: =ABS(INDEX([5]Sheet1!$1:$1048576,MATCH($B10,[5]Sheet1!$A:$A,0),MATCH(P$6,[5]Sheet1!$1:$1,0))) -> 412.115 | Q10: =INDEX([5]Sheet1!$1:$1048576,MATCH($B10,[5]Sheet1!$A:$A,0),MATCH(Q$6,[5]Sheet1!$1:$1,0)) -> 173.71661 | R10: =INDEX([5]Sheet1!$1:$1048576,MATCH($B10,[5]Sheet1!$A:$A,0),MATCH(R$6,[5]Sheet1!$1:$1,0)) -> 149.56793 | S10: =INDEX([5]Sheet1!$1:$1048576,MATCH($B10,[5]Sheet1!$A:$A,0),MATCH(S$6,[5]Sheet1!$1:$1,0)) -> 205.73808 | T10: =INDEX([5]Sheet1!$1:$1048576,MATCH($B10,[5]Sheet1!$A:$A,0),MATCH(T$6,[5]Sheet1!$1:$1,0)) -> 228.19117 | U10: =IFERROR((J10/Q10),"-") -> - | V10: =IFERROR((J10/R10),"-") -> - | W10: =IFERROR(J10/M10,"-") -> - | X10: =IFERROR(J10/N10,"-") -> - | Y10: =IFERROR($I10/S10,"-") -> - | Z10: =IFERROR($I10/T10,"-") -> - | AA10: =IFERROR(O10/S10,"-") -> 2.4707602 | AB10: =IFERROR(P10/T10,"-") -> 1.8060077 | AC10: =IFERROR($K10/J10,"") | AD10: =IFERROR($L10/J10,"") | AE10: =IFERROR($Q10/$M10,"-") -> 0.11691981 | AF10: =IFERROR($R10/$N10,"-") -> 0.083121509
A11: =INDEX([5]Sheet1!$1:$1048576,MATCH($B11,[5]Sheet1!$A:$A,0),MATCH(A$6,[5]Sheet1!$1:$1,0)) -> EZTec | B11: EZTC3 | C11: =INDEX([5]Sheet1!$1:$1048576,MATCH($B11,[5]Sheet1!$A:$A,0),MATCH(C$6,[5]Sheet1!$1:$1,0)) -> Homebuilders | D11: =INDEX([5]Sheet1!$1:$1048576,MATCH($B11,[5]Sheet1!$A:$A,0),MATCH(D$6,[5]Sheet1!$1:$1,0)) -> Ygor Altero | E11: =INDEX([5]Sheet1!$1:$1048576,MATCH($B11,[5]Sheet1!$A:$A,0),MATCH(E$6,[5]Sheet1!$1:$1,0)) -> Neutral | F11: =INDEX([5]Sheet1!$1:$1048576,MATCH($B11,[5]Sheet1!$A:$A,0),MATCH(F$6,[5]Sheet1!$1:$1,0)) -> FALSE | G11: =INDEX([5]Sheet1!$1:$1048576,MATCH($B11,[5]Sheet1!$A:$A,0),MATCH(G$6,[5]Sheet1!$1:$1,0)) -> #N/A | H11: =INDEX([5]Sheet1!$1:$1048576,MATCH($B11,[5]Sheet1!$A:$A,0),MATCH(H$6,[5]Sheet1!$1:$1,0)) -> 16 | I11: {=IFERROR((_xll.ECONOMATICA($B11,"EV")/1000000) / IF($G11="USD",Aux!$B$1,1),"")} | J11: {=IFERROR((_xll.ECONOMATICA($B11,"MarketCapitaliz")/1000000) / IF($G11="USD",Aux!$B$1,1),"")} | K11: =ABS(INDEX([5]Sheet1!$1:$1048576,MATCH($B11,[5]Sheet1!$A:$A,0),MATCH(K$6,[5]Sheet1!$1:$1,0))) -> 44.692383 | L11: =ABS(INDEX([5]Sheet1!$1:$1048576,MATCH($B11,[5]Sheet1!$A:$A,0),MATCH(L$6,[5]Sheet1!$1:$1,0))) -> 235.67948 | M11: =ABS(INDEX([5]Sheet1!$1:$1048576,MATCH($B11,[5]Sheet1!$A:$A,0),MATCH(M$6,[5]Sheet1!$1:$1,0))) -> 4645.827 | N11: =ABS(INDEX([5]Sheet1!$1:$1048576,MATCH($B11,[5]Sheet1!$A:$A,0),MATCH(N$6,[5]Sheet1!$1:$1,0))) -> 4804.338 | O11: =ABS(INDEX([5]Sheet1!$1:$1048576,MATCH($B11,[5]Sheet1!$A:$A,0),MATCH(O$6,[5]Sheet1!$1:$1,0))) -> 93.895 | P11: =ABS(INDEX([5]Sheet1!$1:$1048576,MATCH($B11,[5]Sheet1!$A:$A,0),MATCH(P$6,[5]Sheet1!$1:$1,0))) -> 365.95 | Q11: =INDEX([5]Sheet1!$1:$1048576,MATCH($B11,[5]Sheet1!$A:$A,0),MATCH(Q$6,[5]Sheet1!$1:$1,0)) -> 239.467 | R11: =INDEX([5]Sheet1!$1:$1048576,MATCH($B11,[5]Sheet1!$A:$A,0),MATCH(R$6,[5]Sheet1!$1:$1,0)) -> 404.609 | S11: =INDEX([5]Sheet1!$1:$1048576,MATCH($B11,[5]Sheet1!$A:$A,0),MATCH(S$6,[5]Sheet1!$1:$1,0)) -> 193.599 | T11: =INDEX([5]Sheet1!$1:$1048576,MATCH($B11,[5]Sheet1!$A:$A,0),MATCH(T$6,[5]Sheet1!$1:$1,0)) -> 339.625 | U11: =IFERROR((J11/Q11),"-") -> - | V11: =IFERROR((J11/R11),"-") -> - | W11: =IFERROR(J11/M11,"-") -> - | X11: =IFERROR(J11/N11,"-") -> - | Y11: =IFERROR($I11/S11,"-") -> - | Z11: =IFERROR($I11/T11,"-") -> - | AA11: =IFERROR(O11/S11,"-") -> 0.48499734 | AB11: =IFERROR(P11/T11,"-") -> 1.077512 | AC11: =IFERROR($K11/J11,"") | AD11: =IFERROR($L11/J11,"") | AE11: =IFERROR($Q11/$M11,"-") -> 0.051544537 | AF11: =IFERROR($R11/$N11,"-") -> 0.08421743
A12: =INDEX([5]Sheet1!$1:$1048576,MATCH($B12,[5]Sheet1!$A:$A,0),MATCH(A$6,[5]Sheet1!$1:$1,0)) -> Engie Brasil | B12: EGIE3 | C12: =INDEX([5]Sheet1!$1:$1048576,MATCH($B12,[5]Sheet1!$A:$A,0),MATCH(C$6,[5]Sheet1!$1:$1,0)) -> Utilities & Energy | D12: =INDEX([5]Sheet1!$1:$1048576,MATCH($B12,[5]Sheet1!$A:$A,0),MATCH(D$6,[5]Sheet1!$1:$1,0)) -> Raul Cavendish | E12: =INDEX([5]Sheet1!$1:$1048576,MATCH($B12,[5]Sheet1!$A:$A,0),MATCH(E$6,[5]Sheet1!$1:$1,0)) -> Neutral | F12: =INDEX([5]Sheet1!$1:$1048576,MATCH($B12,[5]Sheet1!$A:$A,0),MATCH(F$6,[5]Sheet1!$1:$1,0)) -> FALSE | G12: =INDEX([5]Sheet1!$1:$1048576,MATCH($B12,[5]Sheet1!$A:$A,0),MATCH(G$6,[5]Sheet1!$1:$1,0)) -> #N/A | H12: =INDEX([5]Sheet1!$1:$1048576,MATCH($B12,[5]Sheet1!$A:$A,0),MATCH(H$6,[5]Sheet1!$1:$1,0)) -> 31.48433 | I12: {=IFERROR((_xll.ECONOMATICA($B12,"EV")/1000000) / IF($G12="USD",Aux!$B$1,1),"")} | J12: {=IFERROR((_xll.ECONOMATICA($B12,"MarketCapitaliz")/1000000) / IF($G12="USD",Aux!$B$1,1),"")} | K12: =ABS(INDEX([5]Sheet1!$1:$1048576,MATCH($B12,[5]Sheet1!$A:$A,0),MATCH(K$6,[5]Sheet1!$1:$1,0))) -> 1811.1946 | L12: =ABS(INDEX([5]Sheet1!$1:$1048576,MATCH($B12,[5]Sheet1!$A:$A,0),MATCH(L$6,[5]Sheet1!$1:$1,0))) -> 2260.6089 | M12: =ABS(INDEX([5]Sheet1!$1:$1048576,MATCH($B12,[5]Sheet1!$A:$A,0),MATCH(M$6,[5]Sheet1!$1:$1,0))) -> 9094.549 | N12: =ABS(INDEX([5]Sheet1!$1:$1048576,MATCH($B12,[5]Sheet1!$A:$A,0),MATCH(N$6,[5]Sheet1!$1:$1,0))) -> 11932.365 | O12: =ABS(INDEX([5]Sheet1!$1:$1048576,MATCH($B12,[5]Sheet1!$A:$A,0),MATCH(O$6,[5]Sheet1!$1:$1,0))) -> 20516.379 | P12: =ABS(INDEX([5]Sheet1!$1:$1048576,MATCH($B12,[5]Sheet1!$A:$A,0),MATCH(P$6,[5]Sheet1!$1:$1,0))) -> 25535.14 | Q12: =INDEX([5]Sheet1!$1:$1048576,MATCH($B12,[5]Sheet1!$A:$A,0),MATCH(Q$6,[5]Sheet1!$1:$1,0)) -> 3293.081 | R12: =INDEX([5]Sheet1!$1:$1048576,MATCH($B12,[5]Sheet1!$A:$A,0),MATCH(R$6,[5]Sheet1!$1:$1,0)) -> 4110.198 | S12: =INDEX([5]Sheet1!$1:$1048576,MATCH($B12,[5]Sheet1!$A:$A,0),MATCH(S$6,[5]Sheet1!$1:$1,0)) -> 6131.574 | T12: =INDEX([5]Sheet1!$1:$1048576,MATCH($B12,[5]Sheet1!$A:$A,0),MATCH(T$6,[5]Sheet1!$1:$1,0)) -> 7802.256 | U12: =IFERROR((J12/Q12),"-") -> - | V12: =IFERROR((J12/R12),"-") -> - | W12: =IFERROR(J12/M12,"-") -> - | X12: =IFERROR(J12/N12,"-") -> - | Y12: =IFERROR($I12/S12,"-") -> - | Z12: =IFERROR($I12/T12,"-") -> - | AA12: =IFERROR(O12/S12,"-") -> 3.3460216 | AB12: =IFERROR(P12/T12,"-") -> 3.2727893 | AC12: =IFERROR($K12/J12,"") | AD12: =IFERROR($L12/J12,"") | AE12: =IFERROR($Q12/$M12,"-") -> 0.36209393 | AF12: =IFERROR($R12/$N12,"-") -> 0.34445795
A13: =INDEX([5]Sheet1!$1:$1048576,MATCH($B13,[5]Sheet1!$A:$A,0),MATCH(A$6,[5]Sheet1!$1:$1,0)) -> Raizen | B13: RAIZ4 | C13: =INDEX([5]Sheet1!$1:$1048576,MATCH($B13,[5]Sheet1!$A:$A,0),MATCH(C$6,[5]Sheet1!$1:$1,0)) -> Agribusiness | D13: =INDEX([5]Sheet1!$1:$1048576,MATCH($B13,[5]Sheet1!$A:$A,0),MATCH(D$6,[5]Sheet1!$1:$1,0)) -> Leonardo Alencar | E13: =INDEX([5]Sheet1!$1:$1048576,MATCH($B13,[5]Sheet1!$A:$A,0),MATCH(E$6,[5]Sheet1!$1:$1,0)) -> Under Review | F13: =INDEX([5]Sheet1!$1:$1048576,MATCH($B13,[5]Sheet1!$A:$A,0),MATCH(F$6,[5]Sheet1!$1:$1,0)) -> FALSE | G13: =INDEX([5]Sheet1!$1:$1048576,MATCH($B13,[5]Sheet1!$A:$A,0),MATCH(G$6,[5]Sheet1!$1:$1,0)) -> #N/A | H13: =INDEX([5]Sheet1!$1:$1048576,MATCH($B13,[5]Sheet1!$A:$A,0),MATCH(H$6,[5]Sheet1!$1:$1,0)) -> 1.1 | I13: {=IFERROR((_xll.ECONOMATICA($B13,"EV")/1000000) / IF($G13="USD",Aux!$B$1,1),"")} | J13: {=IFERROR((_xll.ECONOMATICA($B13,"MarketCapitaliz")/1000000) / IF($G13="USD",Aux!$B$1,1),"")} | K13: =ABS(INDEX([5]Sheet1!$1:$1048576,MATCH($B13,[5]Sheet1!$A:$A,0),MATCH(K$6,[5]Sheet1!$1:$1,0))) -> 0 | L13: =ABS(INDEX([5]Sheet1!$1:$1048576,MATCH($B13,[5]Sheet1!$A:$A,0),MATCH(L$6,[5]Sheet1!$1:$1,0))) -> 0 | M13: =ABS(INDEX([5]Sheet1!$1:$1048576,MATCH($B13,[5]Sheet1!$A:$A,0),MATCH(M$6,[5]Sheet1!$1:$1,0))) -> 22904.161 | N13: =ABS(INDEX([5]Sheet1!$1:$1048576,MATCH($B13,[5]Sheet1!$A:$A,0),MATCH(N$6,[5]Sheet1!$1:$1,0))) -> 22125.564 | O13: =ABS(INDEX([5]Sheet1!$1:$1048576,MATCH($B13,[5]Sheet1!$A:$A,0),MATCH(O$6,[5]Sheet1!$1:$1,0))) -> 19438.181 | P13: =ABS(INDEX([5]Sheet1!$1:$1048576,MATCH($B13,[5]Sheet1!$A:$A,0),MATCH(P$6,[5]Sheet1!$1:$1,0))) -> 20007.651 | Q13: =INDEX([5]Sheet1!$1:$1048576,MATCH($B13,[5]Sheet1!$A:$A,0),MATCH(Q$6,[5]Sheet1!$1:$1,0)) -> 2952.771 | R13: =INDEX([5]Sheet1!$1:$1048576,MATCH($B13,[5]Sheet1!$A:$A,0),MATCH(R$6,[5]Sheet1!$1:$1,0)) -> 612.061 | S13: =INDEX([5]Sheet1!$1:$1048576,MATCH($B13,[5]Sheet1!$A:$A,0),MATCH(S$6,[5]Sheet1!$1:$1,0)) -> 16739.277 | T13: =INDEX([5]Sheet1!$1:$1048576,MATCH($B13,[5]Sheet1!$A:$A,0),MATCH(T$6,[5]Sheet1!$1:$1,0)) -> 17223.2 | U13: =IFERROR((J13/Q13),"-") -> - | V13: =IFERROR((J13/R13),"-") -> - | W13: =IFERROR(J13/M13,"-") -> - | X13: =IFERROR(J13/N13,"-") -> - | Y13: =IFERROR($I13/S13,"-") -> - | Z13: =IFERROR($I13/T13,"-") -> - | AA13: =IFERROR(O13/S13,"-") -> 1.1612318 | AB13: =IFERROR(P13/T13,"-") -> 1.1616686 | AC13: =IFERROR($K13/J13,"") | AD13: =IFERROR($L13/J13,"") | AE13: =IFERROR($Q13/$M13,"-") -> 0.12891854 | AF13: =IFERROR($R13/$N13,"-") -> 0.027663069
A14: =INDEX([5]Sheet1!$1:$1048576,MATCH($B14,[5]Sheet1!$A:$A,0),MATCH(A$6,[5]Sheet1!$1:$1,0)) -> Gerdau | B14: GGBR4 | C14: =INDEX([5]Sheet1!$1:$1048576,MATCH($B14,[5]Sheet1!$A:$A,0),MATCH(C$6,[5]Sheet1!$1:$1,0)) -> Metals & Mining | D14: =INDEX([5]Sheet1!$1:$1048576,MATCH($B14,[5]Sheet1!$A:$A,0),MATCH(D$6,[5]Sheet1!$1:$1,0)) -> Lucas Laghi | E14: =INDEX([5]Sheet1!$1:$1048576,MATCH($B14,[5]Sheet1!$A:$A,0),MATCH(E$6,[5]Sheet1!$1:$1,0)) -> Buy | F14: =INDEX([5]Sheet1!$1:$1048576,MATCH($B14,[5]Sheet1!$A:$A,0),MATCH(F$6,[5]Sheet1!$1:$1,0)) -> FALSE | G14: =INDEX([5]Sheet1!$1:$1048576,MATCH($B14,[5]Sheet1!$A:$A,0),MATCH(G$6,[5]Sheet1!$1:$1,0)) -> #N/A | H14: =INDEX([5]Sheet1!$1:$1048576,MATCH($B14,[5]Sheet1!$A:$A,0),MATCH(H$6,[5]Sheet1!$1:$1,0)) -> 30 | I14: {=IFERROR((_xll.ECONOMATICA($B14,"EV")/1000000) / IF($G14="USD",Aux!$B$1,1),"")} | J14: {=IFERROR((_xll.ECONOMATICA($B14,"MarketCapitaliz")/1000000) / IF($G14="USD",Aux!$B$1,1),"")} | K14: =ABS(INDEX([5]Sheet1!$1:$1048576,MATCH($B14,[5]Sheet1!$A:$A,0),MATCH(K$6,[5]Sheet1!$1:$1,0))) -> 2683.328 | L14: =ABS(INDEX([5]Sheet1!$1:$1048576,MATCH($B14,[5]Sheet1!$A:$A,0),MATCH(L$6,[5]Sheet1!$1:$1,0))) -> 1656.414 | M14: =ABS(INDEX([5]Sheet1!$1:$1048576,MATCH($B14,[5]Sheet1!$A:$A,0),MATCH(M$6,[5]Sheet1!$1:$1,0))) -> 49058.959 | N14: =ABS(INDEX([5]Sheet1!$1:$1048576,MATCH($B14,[5]Sheet1!$A:$A,0),MATCH(N$6,[5]Sheet1!$1:$1,0))) -> 57948.759 | O14: =ABS(INDEX([5]Sheet1!$1:$1048576,MATCH($B14,[5]Sheet1!$A:$A,0),MATCH(O$6,[5]Sheet1!$1:$1,0))) -> 6812.747 | P14: =ABS(INDEX([5]Sheet1!$1:$1048576,MATCH($B14,[5]Sheet1!$A:$A,0),MATCH(P$6,[5]Sheet1!$1:$1,0))) -> 6640.31 | Q14: =INDEX([5]Sheet1!$1:$1048576,MATCH($B14,[5]Sheet1!$A:$A,0),MATCH(Q$6,[5]Sheet1!$1:$1,0)) -> 7540.72 | R14: =INDEX([5]Sheet1!$1:$1048576,MATCH($B14,[5]Sheet1!$A:$A,0),MATCH(R$6,[5]Sheet1!$1:$1,0)) -> 3689.1731 | S14: =INDEX([5]Sheet1!$1:$1048576,MATCH($B14,[5]Sheet1!$A:$A,0),MATCH(S$6,[5]Sheet1!$1:$1,0)) -> 13503.377 | T14: =INDEX([5]Sheet1!$1:$1048576,MATCH($B14,[5]Sheet1!$A:$A,0),MATCH(T$6,[5]Sheet1!$1:$1,0)) -> 9703.3626 | U14: =IFERROR((J14/Q14),"-") -> - | V14: =IFERROR((J14/R14),"-") -> - | W14: =IFERROR(J14/M14,"-") -> - | X14: =IFERROR(J14/N14,"-") -> - | Y14: =IFERROR($I14/S14,"-") -> - | Z14: =IFERROR($I14/T14,"-") -> - | AA14: =IFERROR(O14/S14,"-") -> 0.50452174 | AB14: =IFERROR(P14/T14,"-") -> 0.68433081 | AC14: =IFERROR($K14/J14,"") | AD14: =IFERROR($L14/J14,"") | AE14: =IFERROR($Q14/$M14,"-") -> 0.1537073 | AF14: =IFERROR($R14/$N14,"-") -> 0.063662677
A15: =INDEX([5]Sheet1!$1:$1048576,MATCH($B15,[5]Sheet1!$A:$A,0),MATCH(A$6,[5]Sheet1!$1:$1,0)) -> Banco do Brasil | B15: BBAS3 | C15: =INDEX([5]Sheet1!$1:$1048576,MATCH($B15,[5]Sheet1!$A:$A,0),MATCH(C$6,[5]Sheet1!$1:$1,0)) -> Banks | D15: =INDEX([5]Sheet1!$1:$1048576,MATCH($B15,[5]Sheet1!$A:$A,0),MATCH(D$6,[5]Sheet1!$1:$1,0)) -> Bernardo Guttmann | E15: =INDEX([5]Sheet1!$1:$1048576,MATCH($B15,[5]Sheet1!$A:$A,0),MATCH(E$6,[5]Sheet1!$1:$1,0)) -> Neutral | F15: =INDEX([5]Sheet1!$1:$1048576,MATCH($B15,[5]Sheet1!$A:$A,0),MATCH(F$6,[5]Sheet1!$1:$1,0)) -> FALSE | G15: =INDEX([5]Sheet1!$1:$1048576,MATCH($B15,[5]Sheet1!$A:$A,0),MATCH(G$6,[5]Sheet1!$1:$1,0)) -> #N/A | H15: =INDEX([5]Sheet1!$1:$1048576,MATCH($B15,[5]Sheet1!$A:$A,0),MATCH(H$6,[5]Sheet1!$1:$1,0)) -> 21 | I15: {=IFERROR((_xll.ECONOMATICA($B15,"EV")/1000000) / IF($G15="USD",Aux!$B$1,1),"")} | J15: {=IFERROR((_xll.ECONOMATICA($B15,"MarketCapitaliz")/1000000) / IF($G15="USD",Aux!$B$1,1),"")} | K15: =ABS(INDEX([5]Sheet1!$1:$1048576,MATCH($B15,[5]Sheet1!$A:$A,0),MATCH(K$6,[5]Sheet1!$1:$1,0))) -> 0 | L15: =ABS(INDEX([5]Sheet1!$1:$1048576,MATCH($B15,[5]Sheet1!$A:$A,0),MATCH(L$6,[5]Sheet1!$1:$1,0))) -> 0 | M15: =ABS(INDEX([5]Sheet1!$1:$1048576,MATCH($B15,[5]Sheet1!$A:$A,0),MATCH(M$6,[5]Sheet1!$1:$1,0))) -> 0 | N15: =ABS(INDEX([5]Sheet1!$1:$1048576,MATCH($B15,[5]Sheet1!$A:$A,0),MATCH(N$6,[5]Sheet1!$1:$1,0))) -> 0 | O15: =ABS(INDEX([5]Sheet1!$1:$1048576,MATCH($B15,[5]Sheet1!$A:$A,0),MATCH(O$6,[5]Sheet1!$1:$1,0))) -> 0 | P15: =ABS(INDEX([5]Sheet1!$1:$1048576,MATCH($B15,[5]Sheet1!$A:$A,0),MATCH(P$6,[5]Sheet1!$1:$1,0))) -> 0 | Q15: =INDEX([5]Sheet1!$1:$1048576,MATCH($B15,[5]Sheet1!$A:$A,0),MATCH(Q$6,[5]Sheet1!$1:$1,0)) -> 0 | R15: =INDEX([5]Sheet1!$1:$1048576,MATCH($B15,[5]Sheet1!$A:$A,0),MATCH(R$6,[5]Sheet1!$1:$1,0)) -> 0 | S15: =INDEX([5]Sheet1!$1:$1048576,MATCH($B15,[5]Sheet1!$A:$A,0),MATCH(S$6,[5]Sheet1!$1:$1,0)) -> 0 | T15: =INDEX([5]Sheet1!$1:$1048576,MATCH($B15,[5]Sheet1!$A:$A,0),MATCH(T$6,[5]Sheet1!$1:$1,0)) -> 0 | U15: =IFERROR((J15/Q15),"-") -> - | V15: =IFERROR((J15/R15),"-") -> - | W15: =IFERROR(J15/M15,"-") -> - | X15: =IFERROR(J15/N15,"-") -> - | Y15: =IFERROR($I15/S15,"-") -> - | Z15: =IFERROR($I15/T15,"-") -> - | AA15: =IFERROR(O15/S15,"-") -> - | AB15: =IFERROR(P15/T15,"-") -> - | AC15: =IFERROR($K15/J15,"") | AD15: =IFERROR($L15/J15,"") | AE15: =IFERROR($Q15/$M15,"-") -> - | AF15: =IFERROR($R15/$N15,"-") -> -
A16: =INDEX([5]Sheet1!$1:$1048576,MATCH($B16,[5]Sheet1!$A:$A,0),MATCH(A$6,[5]Sheet1!$1:$1,0)) -> Trisul | B16: TRIS3 | C16: =INDEX([5]Sheet1!$1:$1048576,MATCH($B16,[5]Sheet1!$A:$A,0),MATCH(C$6,[5]Sheet1!$1:$1,0)) -> Homebuilders | D16: =INDEX([5]Sheet1!$1:$1048576,MATCH($B16,[5]Sheet1!$A:$A,0),MATCH(D$6,[5]Sheet1!$1:$1,0)) -> Ygor Altero | E16: =INDEX([5]Sheet1!$1:$1048576,MATCH($B16,[5]Sheet1!$A:$A,0),MATCH(E$6,[5]Sheet1!$1:$1,0)) -> Neutral | F16: =INDEX([5]Sheet1!$1:$1048576,MATCH($B16,[5]Sheet1!$A:$A,0),MATCH(F$6,[5]Sheet1!$1:$1,0)) -> FALSE | G16: =INDEX([5]Sheet1!$1:$1048576,MATCH($B16,[5]Sheet1!$A:$A,0),MATCH(G$6,[5]Sheet1!$1:$1,0)) -> #N/A | H16: =INDEX([5]Sheet1!$1:$1048576,MATCH($B16,[5]Sheet1!$A:$A,0),MATCH(H$6,[5]Sheet1!$1:$1,0)) -> 6 | I16: {=IFERROR((_xll.ECONOMATICA($B16,"EV")/1000000) / IF($G16="USD",Aux!$B$1,1),"")} | J16: {=IFERROR((_xll.ECONOMATICA($B16,"MarketCapitaliz")/1000000) / IF($G16="USD",Aux!$B$1,1),"")} | K16: =ABS(INDEX([5]Sheet1!$1:$1048576,MATCH($B16,[5]Sheet1!$A:$A,0),MATCH(K$6,[5]Sheet1!$1:$1,0))) -> 25 | L16: =ABS(INDEX([5]Sheet1!$1:$1048576,MATCH($B16,[5]Sheet1!$A:$A,0),MATCH(L$6,[5]Sheet1!$1:$1,0))) -> 36 | M16: =ABS(INDEX([5]Sheet1!$1:$1048576,MATCH($B16,[5]Sheet1!$A:$A,0),MATCH(M$6,[5]Sheet1!$1:$1,0))) -> 1347.166 | N16: =ABS(INDEX([5]Sheet1!$1:$1048576,MATCH($B16,[5]Sheet1!$A:$A,0),MATCH(N$6,[5]Sheet1!$1:$1,0))) -> 1459.011 | O16: =ABS(INDEX([5]Sheet1!$1:$1048576,MATCH($B16,[5]Sheet1!$A:$A,0),MATCH(O$6,[5]Sheet1!$1:$1,0))) -> 678.768 | P16: =ABS(INDEX([5]Sheet1!$1:$1048576,MATCH($B16,[5]Sheet1!$A:$A,0),MATCH(P$6,[5]Sheet1!$1:$1,0))) -> 351.567 | Q16: =INDEX([5]Sheet1!$1:$1048576,MATCH($B16,[5]Sheet1!$A:$A,0),MATCH(Q$6,[5]Sheet1!$1:$1,0)) -> 123.88 | R16: =INDEX([5]Sheet1!$1:$1048576,MATCH($B16,[5]Sheet1!$A:$A,0),MATCH(R$6,[5]Sheet1!$1:$1,0)) -> 181.908 | S16: =INDEX([5]Sheet1!$1:$1048576,MATCH($B16,[5]Sheet1!$A:$A,0),MATCH(S$6,[5]Sheet1!$1:$1,0)) -> 168.087 | T16: =INDEX([5]Sheet1!$1:$1048576,MATCH($B16,[5]Sheet1!$A:$A,0),MATCH(T$6,[5]Sheet1!$1:$1,0)) -> 212.099 | U16: =IFERROR((J16/Q16),"-") -> - | V16: =IFERROR((J16/R16),"-") -> - | W16: =IFERROR(J16/M16,"-") -> - | X16: =IFERROR(J16/N16,"-") -> - | Y16: =IFERROR($I16/S16,"-") -> - | Z16: =IFERROR($I16/T16,"-") -> - | AA16: =IFERROR(O16/S16,"-") -> 4.0381945 | AB16: =IFERROR(P16/T16,"-") -> 1.6575609 | AC16: =IFERROR($K16/J16,"") | AD16: =IFERROR($L16/J16,"") | AE16: =IFERROR($Q16/$M16,"-") -> 0.091956002 | AF16: =IFERROR($R16/$N16,"-") -> 0.12467898
A17: =INDEX([5]Sheet1!$1:$1048576,MATCH($B17,[5]Sheet1!$A:$A,0),MATCH(A$6,[5]Sheet1!$1:$1,0)) -> Melnick | B17: MELK3 | C17: =INDEX([5]Sheet1!$1:$1048576,MATCH($B17,[5]Sheet1!$A:$A,0),MATCH(C$6,[5]Sheet1!$1:$1,0)) -> Homebuilders | D17: =INDEX([5]Sheet1!$1:$1048576,MATCH($B17,[5]Sheet1!$A:$A,0),MATCH(D$6,[5]Sheet1!$1:$1,0)) -> Ygor Altero | E17: =INDEX([5]Sheet1!$1:$1048576,MATCH($B17,[5]Sheet1!$A:$A,0),MATCH(E$6,[5]Sheet1!$1:$1,0)) -> Buy | F17: =INDEX([5]Sheet1!$1:$1048576,MATCH($B17,[5]Sheet1!$A:$A,0),MATCH(F$6,[5]Sheet1!$1:$1,0)) -> FALSE | G17: =INDEX([5]Sheet1!$1:$1048576,MATCH($B17,[5]Sheet1!$A:$A,0),MATCH(G$6,[5]Sheet1!$1:$1,0)) -> #N/A | H17: =INDEX([5]Sheet1!$1:$1048576,MATCH($B17,[5]Sheet1!$A:$A,0),MATCH(H$6,[5]Sheet1!$1:$1,0)) -> 5 | I17: {=IFERROR((_xll.ECONOMATICA($B17,"EV")/1000000) / IF($G17="USD",Aux!$B$1,1),"")} | J17: {=IFERROR((_xll.ECONOMATICA($B17,"MarketCapitaliz")/1000000) / IF($G17="USD",Aux!$B$1,1),"")} | K17: =ABS(INDEX([5]Sheet1!$1:$1048576,MATCH($B17,[5]Sheet1!$A:$A,0),MATCH(K$6,[5]Sheet1!$1:$1,0))) -> 124.58005 | L17: =ABS(INDEX([5]Sheet1!$1:$1048576,MATCH($B17,[5]Sheet1!$A:$A,0),MATCH(L$6,[5]Sheet1!$1:$1,0))) -> 41.412101 | M17: =ABS(INDEX([5]Sheet1!$1:$1048576,MATCH($B17,[5]Sheet1!$A:$A,0),MATCH(M$6,[5]Sheet1!$1:$1,0))) -> 1205.197 | N17: =ABS(INDEX([5]Sheet1!$1:$1048576,MATCH($B17,[5]Sheet1!$A:$A,0),MATCH(N$6,[5]Sheet1!$1:$1,0))) -> 1211.564 | O17: =ABS(INDEX([5]Sheet1!$1:$1048576,MATCH($B17,[5]Sheet1!$A:$A,0),MATCH(O$6,[5]Sheet1!$1:$1,0))) -> 113.916 | P17: =ABS(INDEX([5]Sheet1!$1:$1048576,MATCH($B17,[5]Sheet1!$A:$A,0),MATCH(P$6,[5]Sheet1!$1:$1,0))) -> 102.454 | Q17: =INDEX([5]Sheet1!$1:$1048576,MATCH($B17,[5]Sheet1!$A:$A,0),MATCH(Q$6,[5]Sheet1!$1:$1,0)) -> 103.8855 | R17: =INDEX([5]Sheet1!$1:$1048576,MATCH($B17,[5]Sheet1!$A:$A,0),MATCH(R$6,[5]Sheet1!$1:$1,0)) -> 71.3666 | S17: =INDEX([5]Sheet1!$1:$1048576,MATCH($B17,[5]Sheet1!$A:$A,0),MATCH(S$6,[5]Sheet1!$1:$1,0)) -> 101.283 | T17: =INDEX([5]Sheet1!$1:$1048576,MATCH($B17,[5]Sheet1!$A:$A,0),MATCH(T$6,[5]Sheet1!$1:$1,0)) -> 81.6506 | U17: =IFERROR((J17/Q17),"-") -> - | V17: =IFERROR((J17/R17),"-") -> - | W17: =IFERROR(J17/M17,"-") -> - | X17: =IFERROR(J17/N17,"-") -> - | Y17: =IFERROR($I17/S17,"-") -> - | Z17: =IFERROR($I17/T17,"-") -> - | AA17: =IFERROR(O17/S17,"-") -> 1.1247297 | AB17: =IFERROR(P17/T17,"-") -> 1.2547856 | AC17: =IFERROR($K17/J17,"") | AD17: =IFERROR($L17/J17,"") | AE17: =IFERROR($Q17/$M17,"-") -> 0.086197941 | AF17: =IFERROR($R17/$N17,"-") -> 0.058904523
A18: =INDEX([5]Sheet1!$1:$1048576,MATCH($B18,[5]Sheet1!$A:$A,0),MATCH(A$6,[5]Sheet1!$1:$1,0)) -> BR Partners | B18: BRBI11 | C18: =INDEX([5]Sheet1!$1:$1048576,MATCH($B18,[5]Sheet1!$A:$A,0),MATCH(C$6,[5]Sheet1!$1:$1,0)) -> Banks | D18: =INDEX([5]Sheet1!$1:$1048576,MATCH($B18,[5]Sheet1!$A:$A,0),MATCH(D$6,[5]Sheet1!$1:$1,0)) -> Bernardo Guttmann | E18: =INDEX([5]Sheet1!$1:$1048576,MATCH($B18,[5]Sheet1!$A:$A,0),MATCH(E$6,[5]Sheet1!$1:$1,0)) -> Buy | F18: =INDEX([5]Sheet1!$1:$1048576,MATCH($B18,[5]Sheet1!$A:$A,0),MATCH(F$6,[5]Sheet1!$1:$1,0)) -> FALSE | G18: =INDEX([5]Sheet1!$1:$1048576,MATCH($B18,[5]Sheet1!$A:$A,0),MATCH(G$6,[5]Sheet1!$1:$1,0)) -> #N/A | H18: =INDEX([5]Sheet1!$1:$1048576,MATCH($B18,[5]Sheet1!$A:$A,0),MATCH(H$6,[5]Sheet1!$1:$1,0)) -> 22 | I18: {=IFERROR((_xll.ECONOMATICA($B18,"EV")/1000000) / IF($G18="USD",Aux!$B$1,1),"")} | J18: {=IFERROR((_xll.ECONOMATICA($B18,"MarketCapitaliz")/1000000) / IF($G18="USD",Aux!$B$1,1),"")} | K18: =ABS(INDEX([5]Sheet1!$1:$1048576,MATCH($B18,[5]Sheet1!$A:$A,0),MATCH(K$6,[5]Sheet1!$1:$1,0))) -> 119.6951 | L18: =ABS(INDEX([5]Sheet1!$1:$1048576,MATCH($B18,[5]Sheet1!$A:$A,0),MATCH(L$6,[5]Sheet1!$1:$1,0))) -> 129.13476 | M18: =ABS(INDEX([5]Sheet1!$1:$1048576,MATCH($B18,[5]Sheet1!$A:$A,0),MATCH(M$6,[5]Sheet1!$1:$1,0))) -> 820.817 | N18: =ABS(INDEX([5]Sheet1!$1:$1048576,MATCH($B18,[5]Sheet1!$A:$A,0),MATCH(N$6,[5]Sheet1!$1:$1,0))) -> 804.59 | O18: =ABS(INDEX([5]Sheet1!$1:$1048576,MATCH($B18,[5]Sheet1!$A:$A,0),MATCH(O$6,[5]Sheet1!$1:$1,0))) -> 0 | P18: =ABS(INDEX([5]Sheet1!$1:$1048576,MATCH($B18,[5]Sheet1!$A:$A,0),MATCH(P$6,[5]Sheet1!$1:$1,0))) -> 0 | Q18: =INDEX([5]Sheet1!$1:$1048576,MATCH($B18,[5]Sheet1!$A:$A,0),MATCH(Q$6,[5]Sheet1!$1:$1,0)) -> 155.08364 | R18: =INDEX([5]Sheet1!$1:$1048576,MATCH($B18,[5]Sheet1!$A:$A,0),MATCH(R$6,[5]Sheet1!$1:$1,0)) -> 193.69248 | S18: =INDEX([5]Sheet1!$1:$1048576,MATCH($B18,[5]Sheet1!$A:$A,0),MATCH(S$6,[5]Sheet1!$1:$1,0)) -> 0 | T18: =INDEX([5]Sheet1!$1:$1048576,MATCH($B18,[5]Sheet1!$A:$A,0),MATCH(T$6,[5]Sheet1!$1:$1,0)) -> 0 | U18: =IFERROR((J18/Q18),"-") -> - | V18: =IFERROR((J18/R18),"-") -> - | W18: =IFERROR(J18/M18,"-") -> - | X18: =IFERROR(J18/N18,"-") -> - | Y18: =IFERROR($I18/S18,"-") -> - | Z18: =IFERROR($I18/T18,"-") -> - | AA18: =IFERROR(O18/S18,"-") -> - | AB18: =IFERROR(P18/T18,"-") -> - | AC18: =IFERROR($K18/J18,"") | AD18: =IFERROR($L18/J18,"") | AE18: =IFERROR($Q18/$M18,"-") -> 0.18893814 | AF18: =IFERROR($R18/$N18,"-") -> 0.24073439
A19: =INDEX([5]Sheet1!$1:$1048576,MATCH($B19,[5]Sheet1!$A:$A,0),MATCH(A$6,[5]Sheet1!$1:$1,0)) -> #N/A | B19: MRFG3 | C19: =INDEX([5]Sheet1!$1:$1048576,MATCH($B19,[5]Sheet1!$A:$A,0),MATCH(C$6,[5]Sheet1!$1:$1,0)) -> #N/A | D19: =INDEX([5]Sheet1!$1:$1048576,MATCH($B19,[5]Sheet1!$A:$A,0),MATCH(D$6,[5]Sheet1!$1:$1,0)) -> #N/A | E19: =INDEX([5]Sheet1!$1:$1048576,MATCH($B19,[5]Sheet1!$A:$A,0),MATCH(E$6,[5]Sheet1!$1:$1,0)) -> #N/A | F19: =INDEX([5]Sheet1!$1:$1048576,MATCH($B19,[5]Sheet1!$A:$A,0),MATCH(F$6,[5]Sheet1!$1:$1,0)) -> #N/A | G19: =INDEX([5]Sheet1!$1:$1048576,MATCH($B19,[5]Sheet1!$A:$A,0),MATCH(G$6,[5]Sheet1!$1:$1,0)) -> #N/A | H19: =INDEX([5]Sheet1!$1:$1048576,MATCH($B19,[5]Sheet1!$A:$A,0),MATCH(H$6,[5]Sheet1!$1:$1,0)) -> #N/A | I19: {=IFERROR((_xll.ECONOMATICA($B19,"EV")/1000000) / IF($G19="USD",Aux!$B$1,1),"")} | J19: {=IFERROR((_xll.ECONOMATICA($B19,"MarketCapitaliz")/1000000) / IF($G19="USD",Aux!$B$1,1),"")} | K19: =ABS(INDEX([5]Sheet1!$1:$1048576,MATCH($B19,[5]Sheet1!$A:$A,0),MATCH(K$6,[5]Sheet1!$1:$1,0))) -> #N/A | L19: =ABS(INDEX([5]Sheet1!$1:$1048576,MATCH($B19,[5]Sheet1!$A:$A,0),MATCH(L$6,[5]Sheet1!$1:$1,0))) -> #N/A | M19: =ABS(INDEX([5]Sheet1!$1:$1048576,MATCH($B19,[5]Sheet1!$A:$A,0),MATCH(M$6,[5]Sheet1!$1:$1,0))) -> #N/A | N19: =ABS(INDEX([5]Sheet1!$1:$1048576,MATCH($B19,[5]Sheet1!$A:$A,0),MATCH(N$6,[5]Sheet1!$1:$1,0))) -> #N/A | O19: =ABS(INDEX([5]Sheet1!$1:$1048576,MATCH($B19,[5]Sheet1!$A:$A,0),MATCH(O$6,[5]Sheet1!$1:$1,0))) -> #N/A | P19: =ABS(INDEX([5]Sheet1!$1:$1048576,MATCH($B19,[5]Sheet1!$A:$A,0),MATCH(P$6,[5]Sheet1!$1:$1,0))) -> #N/A | Q19: =INDEX([5]Sheet1!$1:$1048576,MATCH($B19,[5]Sheet1!$A:$A,0),MATCH(Q$6,[5]Sheet1!$1:$1,0)) -> #N/A | R19: =INDEX([5]Sheet1!$1:$1048576,MATCH($B19,[5]Sheet1!$A:$A,0),MATCH(R$6,[5]Sheet1!$1:$1,0)) -> #N/A | S19: =INDEX([5]Sheet1!$1:$1048576,MATCH($B19,[5]Sheet1!$A:$A,0),MATCH(S$6,[5]Sheet1!$1:$1,0)) -> #N/A | T19: =INDEX([5]Sheet1!$1:$1048576,MATCH($B19,[5]Sheet1!$A:$A,0),MATCH(T$6,[5]Sheet1!$1:$1,0)) -> #N/A | U19: =IFERROR((J19/Q19),"-") -> - | V19: =IFERROR((J19/R19),"-") -> - | W19: =IFERROR(J19/M19,"-") -> - | X19: =IFERROR(J19/N19,"-") -> - | Y19: =IFERROR($I19/S19,"-") -> - | Z19: =IFERROR($I19/T19,"-") -> - | AA19: =IFERROR(O19/S19,"-") -> - | AB19: =IFERROR(P19/T19,"-") -> - | AC19: =IFERROR($K19/J19,"") | AD19: =IFERROR($L19/J19,"") | AE19: =IFERROR($Q19/$M19,"-") -> - | AF19: =IFERROR($R19/$N19,"-") -> -
... A150: =INDEX([5]Sheet1!$1:$1048576,MATCH($B150,[5]Sheet1!$A:$A,0),MATCH(A$6,[5]Sheet1!$1:$1,0)) -> G2D | B150: G2DI33 | C150: =INDEX([5]Sheet1!$1:$1048576,MATCH($B150,[5]Sheet1!$A:$A,0),MATCH(C$6,[5]Sheet1!$1:$1,0)) -> TMT | D150: =INDEX([5]Sheet1!$1:$1048576,MATCH($B150,[5]Sheet1!$A:$A,0),MATCH(D$6,[5]Sheet1!$1:$1,0)) -> Bernardo Guttmann | E150: =INDEX([5]Sheet1!$1:$1048576,MATCH($B150,[5]Sheet1!$A:$A,0),MATCH(E$6,[5]Sheet1!$1:$1,0)) -> Under Review | F150: =INDEX([5]Sheet1!$1:$1048576,MATCH($B150,[5]Sheet1!$A:$A,0),MATCH(F$6,[5]Sheet1!$1:$1,0)) -> FALSE | G150: =INDEX([5]Sheet1!$1:$1048576,MATCH($B150,[5]Sheet1!$A:$A,0),MATCH(G$6,[5]Sheet1!$1:$1,0)) -> #N/A | H150: =INDEX([5]Sheet1!$1:$1048576,MATCH($B150,[5]Sheet1!$A:$A,0),MATCH(H$6,[5]Sheet1!$1:$1,0)) -> 7.18 | I150: {=IFERROR((_xll.ECONOMATICA($B150,"EV")/1000000) / IF($G150="USD",Aux!$B$1,1),"")} | J150: {=IFERROR((_xll.ECONOMATICA($B150,"MarketCapitaliz")/1000000) / IF($G150="USD",Aux!$B$1,1),"")} | K150: =ABS(INDEX([5]Sheet1!$1:$1048576,MATCH($B150,[5]Sheet1!$A:$A,0),MATCH(K$6,[5]Sheet1!$1:$1,0))) -> 0 | L150: =ABS(INDEX([5]Sheet1!$1:$1048576,MATCH($B150,[5]Sheet1!$A:$A,0),MATCH(L$6,[5]Sheet1!$1:$1,0))) -> 0 | M150: =ABS(INDEX([5]Sheet1!$1:$1048576,MATCH($B150,[5]Sheet1!$A:$A,0),MATCH(M$6,[5]Sheet1!$1:$1,0))) -> 0 | N150: =ABS(INDEX([5]Sheet1!$1:$1048576,MATCH($B150,[5]Sheet1!$A:$A,0),MATCH(N$6,[5]Sheet1!$1:$1,0))) -> 0 | O150: =ABS(INDEX([5]Sheet1!$1:$1048576,MATCH($B150,[5]Sheet1!$A:$A,0),MATCH(O$6,[5]Sheet1!$1:$1,0))) -> 0 | P150: =ABS(INDEX([5]Sheet1!$1:$1048576,MATCH($B150,[5]Sheet1!$A:$A,0),MATCH(P$6,[5]Sheet1!$1:$1,0))) -> 0 | Q150: =INDEX([5]Sheet1!$1:$1048576,MATCH($B150,[5]Sheet1!$A:$A,0),MATCH(Q$6,[5]Sheet1!$1:$1,0)) -> 0 | R150: =INDEX([5]Sheet1!$1:$1048576,MATCH($B150,[5]Sheet1!$A:$A,0),MATCH(R$6,[5]Sheet1!$1:$1,0)) -> 0 | S150: =INDEX([5]Sheet1!$1:$1048576,MATCH($B150,[5]Sheet1!$A:$A,0),MATCH(S$6,[5]Sheet1!$1:$1,0)) -> 0 | T150: =INDEX([5]Sheet1!$1:$1048576,MATCH($B150,[5]Sheet1!$A:$A,0),MATCH(T$6,[5]Sheet1!$1:$1,0)) -> 0 | U150: =IFERROR((J150/Q150),"-") -> - | V150: =IFERROR((J150/R150),"-") -> - | W150: =IFERROR(J150/M150,"-") -> - | X150: =IFERROR(J150/N150,"-") -> - | Y150: =IFERROR($I150/S150,"-") -> - | Z150: =IFERROR($I150/T150,"-") -> - | AA150: =IFERROR(O150/S150,"-") -> - | AB150: =IFERROR(P150/T150,"-") -> - | AC150: =IFERROR($K150/J150,"") | AD150: =IFERROR($L150/J150,"") | AE150: =IFERROR($Q150/$M150,"-") -> - | AF150: =IFERROR($R150/$N150,"-") -> -

Sheet Aux
A1: DOLOF | B1: {=_xll.ECONOMATICA(A1,"close")} -> #VALUE!

Sheet Valores
A4: - | G4: Target | H4: Actual | J4: P/E | L4: EV/EBITDA | N4: Net debt/EBITDA | P4: P/VP | R4: ROE | T4: Div. Yield
A5: Company | B5: Ticker | C5: Sector | D5: Analyst | E5: Recommendation | F5: Restricted | G5: price | H5: price | I5: % Upside | J5: 2023 | K5: 2024 | L5: 2023 | M5: 2024 | N5: 2023 | O5: 2024 | P5: 2023 | Q5: 2024 | R5: 2023 | S5: 2024 | T5: 2023 | U5: 2024
J6: P_E | K6: P_E | L6: EV_EBITDA | M6: EV_EBITDA | N6: NET DEBT_EBITDA | O6: NET DEBT_EBITDA | P6: P_VP | Q6: P_VP | R6: ROE | S6: ROE | T6: DY | U6: DY
A7: NAME | B7: TICKER | C7: SECTOR_XP | D7: LEAD_ANALYST | E7: RECOMMENDATION | F7: RESTRICTED | G7: TARGET | J7: =J6&"_"&J5 -> P_E_2023 | K7: =K6&"_"&K5 -> P_E_2024 | L7: =L6&"_"&L5 -> EV_EBITDA_2023 | M7: =M6&"_"&M5 -> EV_EBITDA_2024 | N7: =N6&"_"&N5 -> NET DEBT_EBITDA_2023 | O7: =O6&"_"&O5 -> NET DEBT_EBITDA_2024 | P7: =P6&"_"&P5 -> P_VP_2023 | Q7: =Q6&"_"&Q5 -> P_VP_2024 | ... U7: =U6&"_"&U5 -> DY_2024
A8: Boa Safra | B8: SOJA3 | C8: Agribusiness | D8: Leonardo Alencar | E8: Buy | F8: FALSE | G8: 17.9 | H8: 11.16 | I8: 0.60394265 | J8: 5.1117576 | K8: 4.1768139 | L8: 4.5804479 | M8: 3.6721198 | N8: 1.0884737 | O8: 0.86772055 | P8: 1.2188028 | Q8: 0.99996003 | R8: 0.23843126 | S8: 0.23940737 | T8: 0.043044326 | U8: 0.052679425
A9: Agrogalaxy | B9: AGXY3 | C9: Agribusiness | D9: Leonardo Alencar | E9: Buy | F9: FALSE | G9: 16.1 | H9: 7.8 | I9: 1.0641026 | J9: 21.832315 | K9: 16.005474 | L9: 9.8517944 | M9: 9.5463266 | N9: 2.3987784 | O9: 2.6664302 | P9: 1.307551 | Q9: 1.2801559 | R9: 0.059890628 | S9: 0.079982383 | T9: 0 | U9: 0
A10: Vittia | B10: VITT3 | C10: Agribusiness | D10: Leonardo Alencar | E10: Buy | F10: FALSE | G10: 18.9 | H10: 11.54 | I10: 0.63778163 | J10: 9.0495198 | K10: 8.0089718 | L10: 8.55539 | M10: 6.7777595 | N10: 1.219508 | O10: 0.82007891 | P10: 2.3280341 | Q10: 1.9460251 | R10: 0.25725499 | S10: 0.24298064 | T10: 0.039155451 | U10: 0.044242636
A11: BrasilAgro | B11: AGRO3 | C11: Agribusiness | D11: Leonardo Alencar | E11: Neutral | F11: FALSE | G11: 31.8 | H11: 23.8 | I11: 0.33613445 | J11: 12.539293 | K11: 4.6950772 | L11: 5.169637 | M11: 4.4433597 | N11: 0.22529624 | O11: 0.74027946 | P11: 0.91213713 | Q11: 0.83137897 | R11: 0.072742312 | S11: 0.17707461 | T11: 0.034174846 | U11: 0.091271854
A12: São Martinho | B12: SMTO3 | C12: Agribusiness | D12: Leonardo Alencar | E12: Buy | F12: FALSE | G12: 33.5 | H12: 23.74 | I12: 0.41112047 | J12: 6.6161756 | K12: 6.2122511 | L12: 4.127658 | M12: 3.9327031 | N12: 0.35835625 | O12: 0.26561838 | P12: 1.2650291 | Q12: 1.2037479 | R12: 0.19120246 | S12: 0.19377 | T12: 0.045872416 | U12: 0.098673377
A13: Raizen | B13: RAIZ4 | C13: Agribusiness | D13: Leonardo Alencar | E13: Buy | F13: FALSE | G13: 7.1 | H13: 2.26 | I13: 2.1415929 | J13: 4.0829717 | K13: 4.3783552 | L13: 4.5390053 | M13: 4.0989602 | N13: 1.5115527 | O13: 1.3119827 | P13: 0.89886759 | Q13: 0.83912162 | R13: 0.22015034 | S13: 0.19165225 | T13: 0.12468112 | U13: 0.11547804
A14: SLC Agricola | B14: SLCE3 | C14: Agribusiness | D14: Leonardo Alencar | E14: Buy | F14: FALSE | G14: 58.8 | H14: 45 | I14: 0.30666667 | J14: 5.5539194 | K14: 6.7348832 | L14: 4.2427955 | M14: 4.63827 | N14: 0.0051254974 | O14: 0.37886407 | P14: 1.4632928 | Q14: 1.3199045 | R14: 0.2634703 | S14: 0.19598032 | T14: 0.073933199 | U14: 0.065045196
A15: 3tentos | B15: TTEN3 | C15: Agribusiness | D15: Leonardo Alencar | E15: Buy | F15: FALSE | G15: 16.2 | H15: 12.12 | I15: 0.33663366 | J15: 8.5359472 | K15: 6.0459458 | L15: 6.5358171 | M15: 5.1227998 | N15: 0.33149194 | O15: 0.23418888 | P15: 1.6830368 | Q15: 1.3923424 | R15: 0.19717048 | S15: 0.23029356 | T15: 0 | U15: 0.039965623
A16: Jalles Machado | B16: JALL3 | C16: Agribusiness | D16: Leonardo Alencar | E16: Buy | F16: FALSE | G16: 11 | H16: 6.55 | I16: 0.67938931 | J16: 5.5577966 | K16: 4.7227552 | L16: 2.398387 | M16: 2.3044652 | N16: 0.020735392 | O16: 0.12004383 | P16: 0.99772604 | Q16: 0.86126357 | R16: 0.17951827 | S16: 0.18236464 | T16: 0.029544248 | U16: 0.046595951
A17: Sector Average | B17: - | J17: 8.7644106 | K17: 6.7756141 | L17: 5.5556591 | M17: 4.9485293 | N17: 0.7954798 | O17: 0.82280078 | P17: 1.3416086 | Q17: 1.1859889 | R17: 0.18664789 | S17: 0.19261175 | T17: 0.0433784 | U17: 0.061550234
A18: Ambev | B18: ABEV3 | C18: Food & Beverages | D18: Leonardo Alencar | E18: Buy | F18: FALSE | G18: 18.1 | H18: 13.78 | I18: 0.31349782 | J18: 15.371024 | K18: 13.606448 | L18: 7.7304125 | M18: 7.0674521 | N18: 0.90844942 | O18: 1.0594654 | P18: 2.3183258 | Q18: 2.1363274 | R18: 0.15082442 | S18: 0.15700846 | T18: 0.03311495 | U18: 0.037409521
A19: Marfrig | B19: MRFG3 | C19: Food & Beverages | D19: Leonardo Alencar | E19: Buy | F19: FALSE | G19: 28.3 | H19: 6.37 | I19: 3.4427002 | J19: 1.0295811 | K19: 1.2315323 | L19: 8.8033115 | M19: 10.14875 | N19: 2.0741605 | O19: 2.1022148 | P19: 0.1729665 | Q19: 0.15038581 | R19: 0.16799697 | S19: 0.12211277 | T19: 0.10524459 | U19: 0.088619209
A20: Minerva | B20: BEEF3 | C20: Food & Beverages | D20: Leonardo Alencar | E20: Buy | F20: FALSE | G20: 19.1 | H20: 11.45 | I20: 0.66812227 | J20: 6.8273631 | K20: 4.598104 | L20: 4.3266772 | M20: 4.1377599 | N20: 1.8086645 | O20: 1.7028449 | P20: 3.9451686 | Q20: 2.7607908 | R20: 0.57784661 | S20: 0.60041939 | T20: 0.068388838 | U20: 0.10154521
A21: M. Dias Branco | B21: MDIA3 | C21: Food & Beverages | D21: Leonardo Alencar | E21: Neutral | F21: FALSE | G21: 31.8 | H21: 24.28 | I21: 0.30971993 | J21: 8.2766795 | K21: 7.0660256 | L21: 6.6043733 | M21: 5.7227045 | N21: 0.63958749 | O21: 0.34480139 | P21: 1.1006407 | Q21: 1.0284632 | R21: 0.13298095 | S21: 0.14555045 | T21: 0.01244128 | U21: 0.026382201
A22: JBS | B22: JBSS3 | C22: Food & Beverages | D22: Leonardo Alencar | E22: Buy | F22: FALSE | G22: 58.1 | H22: 18.23 | I22: 2.1870543 | J22: 2.348534 | K22: 2.5997892 | L22: 3.4965685 | M22: 3.5477412 | N22: 1.5689136 | O22: 1.4855138 | P22: 0.56757488 | Q22: 0.50934605 | R22: 0.24167199 | S22: 0.19591821 | T22: 0.10103794 | U22: 0.18334661
A23: BRF | B23: BRFS3 | C23: Food & Beverages | D23: Leonardo Alencar | E23: Buy | F23: FALSE | G23: 20.6 | H23: 5.55 | I23: 2.7117117 | J23: 13.232059 | K23: 5.448132 | L23: 3.669712 | M23: 3.1763204 | N23: 2.6671372 | O23: 2.2485941 | P23: 0.43279484 | Q23: 0.40362336 | R23: 0.032708049 | S23: 0.074084723 | T23: 0 | U23: 0
A24: Camil | B24: CAML3 | C24: Food & Beverages | D24: Leonardo Alencar | E24: Buy | F24: FALSE | G24: 12.3 | H24: 6.59 | I24: 0.86646434 | J24: 7.3223802 | K24: 5.1351942 | L24: 5.4256293 | M24: 4.5362557 | N24: 2.5972414 | O24: 2.0771017 | P24: 0.69971206 | Q24: 0.63831729 | R24: 0.095558007 | S24: 0.12430246 | T24: 0.075864357 | U24: 0.097318893
A25: Sector Average | B25: - | J25: 7.7725174 | K25: 5.6693179 | L25: 5.7223835 | M25: 5.476712 | N25: 1.752022 | O25: 1.5743623 | P25: 1.3195976 | Q25: 1.0896077 | R25: 0.199941 | S25: 0.20277092 | T25: 0.056584566 | U25: 0.07637452
A26: Itaú Unibanco | B26: ITUB4 | C26: Banks | D26: Matheus Guimarães | E26: Buy | F26: FALSE | G26: 34 | H26: 23.15 | I26: 0.46868251 | J26: 5.863668 | K26: 5.1660933 | L26: - | M26: - | N26: - | O26: - | P26: 1.1062582 | Q26: 0.96205 | R26: 0.18866317 | S26: 0.18622389 | T26: 0.036813518 | U26: 0.050141313
A27: Banco do Brasil | B27: BBAS3 | C27: Banks | D27: Matheus Guimarães | E27: Buy | F27: FALSE | G27: 61 | H27: 37.21 | I27: 0.63934426 | J27: 3.2540564 | K27: 3.1030309 | L27: - | M27: - | N27: - | O27: - | P27: 0.59559254 | Q27: 0.53408545 | R27: 0.18303079 | S27: 0.17211735 | T27: 0.1174015 | U27: 0.12311547
A28: Bradesco | B28: BBDC4 | C28: Banks | D28: Matheus Guimarães | E28: Neutral | F28: FALSE | G28: 18 | H28: 12.57 | I28: 0.43198091 | J28: 5.0044261 | K28: 3.937923 | L28: - | M28: - | N28: - | O28: - | P28: 0.71138925 | Q28: 0.63152888 | R28: 0.14215202 | S28: 0.16037106 | T28: 0.053571931 | U28: 0.068080754
A29: Santander | B29: SANB11 | C29: Banks | D29: Matheus Guimarães | E29: Neutral | F29: FALSE | G29: 34 | H29: 25.52 | I29: 0.3322884 | J29: 6.7550674 | K29: 5.3498679 | L29: - | M29: - | N29: - | O29: - | P29: 1.0538483 | Q29: 0.95935831 | R29: 0.15600856 | S29: 0.17932374 | T29: 0.034854445 | U29: 0.044009335
A30: Inter | B30: INBR32 | C30: Banks | D30: Matheus Guimarães | E30: Buy | F30: FALSE | G30: 18 | H30: 7.41 | I30: 1.4291498 | J30: #N/A | K30: #N/A | L30: #N/A | M30: #N/A | N30: #N/A | O30: #N/A | P30: #N/A | Q30: #N/A | R30: #N/A | S30: #N/A | T30: 0 | U30: 0
A31: Sector Average | B31: - | J31: #N/A | K31: #N/A | L31: #N/A | M31: #N/A | N31: #N/A | O31: #N/A | P31: #N/A | Q31: #N/A | R31: #N/A | S31: #N/A | T31: 0.048528278 | U31: 0.057069374
A32: Iochp-Maxion | B32: MYPK3 | C32: Capital Goods | D32: Lucas Laghi | E32: Neutral | F32: FALSE | G32: 13 | H32: 11.51 | I32: 0.12945265 | J32: 4.177294 | K32: 3.310647 | L32: 4.1278794 | M32: 3.6281536 | N32: 1.7279545 | O32: 0.80178804 | P32: - | Q32: - | R32: - | S32: - | T32: 0 | U32: 0
A33: Randon | B33: RAPT4 | C33: Capital Goods | D33: Lucas Laghi | E33: Buy | F33: FALSE | G33: 11 | H33: 7.13 | I33: 0.542777 | J33: 10.32546 | K33: 5.2682568 | L33: 4.0045431 | M33: 3.3221051 | N33: 0.00017631589 | O33: 0.00014626885 | P33: 0.83839225 | Q33: 0.83338694 | R33: 0.081196604 | S33: 0.15819027 | T33: 0 | U33: 0
A34: #N/A | B34: EMBR3 | C34: #N/A | D34: #N/A | E34: #N/A | F34: #N/A | G34: #N/A | H34: 20.54 | I34: #N/A | J34: #N/A | K34: #N/A | L34: #N/A | M34: #N/A | N34: #N/A | O34: #N/A | P34: #N/A | Q34: #N/A | R34: #N/A | S34: #N/A | T34: #N/A | U34: #N/A
A35: Fras-Le | B35: FRAS3 | C35: Capital Goods | D35: Lucas Laghi | E35: Neutral | F35: FALSE | G35: 11 | H35: 9.06 | I35: 0.21412804 | J35: 8.7553646 | K35: 8.0357495 | L35: 4.4828239 | M35: 4.1401031 | N35: 0.85428086 | O35: 0.98346935 | P35: 10.792568 | Q35: 10.792568 | R35: 1.2326806 | S35: 1.3430693 | T35: 0 | U35: 0
A36: Marcopolo | B36: POMO4 | C36: Capital Goods | D36: Lucas Laghi | E36: Buy | F36: FALSE | G36: 4.5 | H36: 3.25 | I36: 0.38461538 | J36: 8.8957252 | K36: 6.5453929 | L36: 5.8564964 | M36: 5.2911113 | N36: 0.0015157412 | O36: 0.0011748275 | P36: 0.84715282 | Q36: 0.81700911 | R36: 0.095231451 | S36: 0.12482201 | T36: 0.053989034 | U36: 0.095730097
A37: Tupy | B37: TUPY3 | C37: Capital Goods | D37: Lucas Laghi | E37: Buy | F37: FALSE | G37: 43 | H37: 24.09 | I37: 0.78497302 | J37: 5.718354 | K37: 4.6551459 | L37: 3.1200428 | M37: 2.7437067 | N37: 2.0158891 | O37: 1.8870336 | P37: 0.84774709 | Q37: 0.77210958 | R37: 0.14825019 | S37: 0.16586152 | T37: 0.078687359 | U37: 0.14498864
A38: WEG | B38: WEGE3 | C38: Capital Goods | D38: Lucas Laghi | E38: Buy | F38: FALSE | G38: 50 | H38: 39.89 | I38: 0.25344698 | J38: 32.665709 | K38: 27.284636 | L38: 25.404136 | M38: 21.649301 | N38: 7.6394465e-06 | O38: 6.5103052e-06 | P38: 50.414245 | Q38: 28.039179 | R38: 1.5433384 | S38: 1.0276545 | T38: 0 | U38: 0
A39: Aeris | B39: AERI3 | C39: Capital Goods | D39: Lucas Laghi | E39: Buy | F39: FALSE | G39: 4 | H39: 1.14 | I39: 2.5087719 | J39: 4.7686998 | K39: 3.2255268 | L39: 3.8903511 | M39: 3.3008837 | N39: 1.6779585 | O39: 0.97888892 | P39: 0.78692108 | Q39: 0.71695575 | R39: 0.16501795 | S39: 0.22227555 | T39: 0.09802991 | U39: 0.17391586
A40: Sector Average | B40: - | J40: #N/A | K40: #N/A | L40: #N/A | M40: #N/A | N40: #N/A | O40: #N/A | P40: #N/A | Q40: #N/A | R40: #N/A | S40: #N/A | T40: #N/A | U40: #N/A
A41: Plano & Plano | B41: PLPL3 | C41: Homebuilders | D41: Ygor Altero | E41: Buy | F41: FALSE | G41: 7 | H41: 5.78 | I41: 0.21107266 | J41: 6.0118829 | K41: 5.3702432 | L41: 5.3513185 | M41: 5.0493233 | N41: 0.75906345 | O41: 0.42305429 | P41: 2.0806431 | Q41: 1.6121774 | R41: 0.34608842 | S41: 0.30020567 | T41: 0.039215047 | U41: 0.055767357
A42: Cyrela | B42: CYRE3 | C42: Homebuilders | D42: Ygor Altero | E42: Buy | F42: FALSE | G42: 33 | H42: 13.26 | I42: 1.4886878 | J42: 4.3034908 | K42: 3.747945 | L42: 6.0358194 | M42: 5.6138303 | N42: 0.70930916 | O42: 0.37363152 | P42: 0.71314632 | Q42: 0.66270724 | R42: 0.16571346 | S42: 0.17681883 | T42: 0.095580009 | U42: 0.12249028
A43: MRV | B43: MRVE3 | C43: Homebuilders | D43: Ygor Altero | E43: Buy | F43: FALSE | G43: 17 | H43: 6.99 | I43: 1.4320458 | J43: 4.4271998 | K43: 3.5807561 | L43: 8.5663306 | M43: 7.1908884 | N43: 0.84951343 | O43: 0.3649128 | P43: 0.48444935 | Q43: 0.43982099 | R43: 0.10942568 | S43: 0.12282908 | T43: 0.020924231 | U43: 0.095444704
A44: Cury | B44: CURY3 | C44: Homebuilders | D44: Ygor Altero | E44: Buy | F44: FALSE | G44: 17 | H44: 12.06 | I44: 0.40961857 | J44: 6.9276426 | K44: 6.1896732 | L44: 5.58124 | M44: 5.0200465 | N44: 0.66611785 | O44: 0.53848969 | P44: 3.6800002 | Q44: 2.8367279 | R44: 0.53120525 | S44: 0.45830011 | T44: 0.05480545 | U44: 0.070026224
A45: EZTec | B45: EZTC3 | C45: Homebuilders | D45: Ygor Altero | E45: Buy | F45: FALSE | G45: 48 | H45: 12.17 | I45: 2.9441249 | J45: 1.7396469 | K45: 1.9343698 | L45: 1.5591439 | M45: 1.8000896 | N45: 0.43047833 | O45: 0.8662645 | P45: 0.46134232 | Q45: 0.41218927 | R45: 0.26519309 | S45: 0.21308711 | T45: 0.23357556 | U45: 0.25331292
A46: Direcional | B46: DIRR3 | C46: Homebuilders | D46: Ygor Altero | E46: Buy | F46: FALSE | G46: 22 | H46: 15.35 | I46: 0.43322476 | J46: 6.8640836 | K46: 5.5001724 | L46: 4.3353172 | M46: 4.005031 | N46: 0.49994253 | O46: 0.50743444 | P46: 1.5003048 | Q46: 1.320241 | R46: 0.21857322 | S46: 0.2400363 | T46: 0.03348062 | U46: 0.074061857
A47: Even | B47: EVEN3 | C47: Homebuilders | D47: Ygor Altero | E47: Neutral | F47: FALSE | G47: 13 | H47: 4.41 | I47: 1.9478458 | J47: 2.7686079 | K47: 2.5758853 | L47: 4.3236641 | M47: 4.1737767 | N47: 2.2783296 | O47: 2.73617 | P47: 0.44657888 | Q47: 0.42802721 | R47: 0.16130088 | S47: 0.16616703 | T47: 0.23754325 | U47: 0.26965911
A48: Tenda | B48: TEND3 | C48: Homebuilders | D48: Ygor Altero | E48: Neutral | F48: FALSE | G48: 11 | H48: 4.86 | I48: 1.2633745 | J48: -2.4829404 | K48: 9.5125584 | L48: 24.728573 | M48: 5.6392621 | N48: 17.929965 | O48: 3.6016865 | P48: 0.66252592 | Q48: 0.64023069 | R48: -0.26683118 | S48: 0.067303733 | T48: 0 | U48: 0.05617291
A49: Lavvi | B49: LAVV3 | C49: Homebuilders | D49: Ygor Altero | E49: Buy | F49: FALSE | G49: 11.5 | H49: 4.91 | I49: 1.3421589 | J49: 3.3614362 | K49: 2.5329576 | L49: 2.2024147 | M49: 1.66373 | N49: 1.0868867 | O49: 1.0690041 | P49: 0.57702773 | Q49: 0.51802288 | R49: 0.17166107 | S49: 0.20451305 | T49: 0.046742349 | U49: 0.066237834
A50: Melnick | B50: MELK3 | C50: Homebuilders | D50: Ygor Altero | E50: Buy | F50: FALSE | G50: 9 | H50: 3 | I50: 2 | J50: 3.6051597 | K50: 2.6566692 | L50: 2.6092916 | M50: 1.9118146 | N50: 1.2537018 | O50: 0.56185766 | P50: 0.45986716 | Q50: 0.43008802 | R50: 0.12755805 | S50: 0.16188994 | T50: 0.12012679 | U50: 0.16566425
A51: Trisul | B51: TRIS3 | C51: Homebuilders | D51: Ygor Altero | E51: Buy | F51: FALSE | G51: 14 | H51: 2.89 | I51: 3.8442907 | J51: 1.5443384 | K51: 1.3191998 | L51: 2.8249213 | M51: 2.4668864 | N51: 0.63852631 | O51: 0.37325582 | P51: 0.30489866 | Q51: 0.26776633 | R51: 0.19742996 | S51: 0.20297634 | T51: 0.12826097 | U51: 0.16961484
A52: Sector Average | B52: - | J52: 3.551868 | K52: 4.0836754 | L52: 6.1925486 | M52: 4.0486071 | N52: 2.4638031 | O52: 1.0377965 | P52: 1.0337077 | Q52: 0.86981809 | R52: 0.18430163 | S52: 0.2103752 | T52: 0.091841297 | U52: 0.12713203
A53: Cruzeiro do Sul | B53: CSED3 | C53: Education | D53: Rafael Barros | E53: Buy | F53: FALSE | G53: 11.4 | H53: 2.15 | I53: 4.3023256 | J53: 4.480093 | K53: 2.7861299 | L53: 1.4202534 | M53: 1.2279809 | N53: 2.269138 | O53: 1.7571459 | P53: 0.48456576 | Q53: 0.4283666 | R53: 0.10815976 | S53: 0.15374969 | T53: 0 | U53: 0
A54: Anima | B54: ANIM3 | C54: Education | D54: Rafael Barros | E54: Buy | F54: FALSE | G54: 11.2 | H54: 3.24 | I54: 2.4567901 | J54: 11.672342 | K54: 4.2643851 | L54: 4.4453045 | M54: 3.8995614 | N54: 3.3449853 | O54: 2.9245007 | P54: 0.37868844 | Q54: 0.35865639 | R54: 0.032443227 | S54: 0.084105066 | T54: 0 | U54: 0
A55: YDUQS | B55: YDUQ3 | C55: Education | D55: Rafael Barros | E55: Buy | F55: FALSE | G55: 33.7 | H55: 6.55 | I55: 4.1450382 | J55: 3.8163126 | K55: 2.4720779 | L55: 3.3037265 | M55: 2.8684939 | N55: 2.1062582 | O55: 1.7525719 | P55: 0.50586999 | Q55: 0.4506596 | R55: 0.13255465 | S55: 0.18229992 | T55: 0 | U55: 0
A56: Cogna | B56: COGN3 | C56: Education | D56: Rafael Barros | E56: Neutral | F56: FALSE | G56: 3.1 | H56: 2.03 | I56: 0.5270936 | J56: -39.133108 | K56: 28.210736 | L56: 6.9085098 | M56: 6.0884068 | N56: 3.6955838 | O56: 3.2431163 | P56: 0.28700334 | Q56: 0.28436288 | R56: -0.0073340289 | S56: 0.010079952 | T56: 0 | U56: 0
A57: Ser Educacional | B57: SEER3 | C57: Education | D57: Rafael Barros | E57: Buy | F57: FALSE | G57: 18.2 | H57: 3.25 | I57: 4.6 | J57: 3.4420878 | K57: 2.2798292 | L57: 1.8134887 | M57: 1.635645 | N57: 2.4168714 | O57: 2.0836147 | P57: 0.25889098 | Q57: 0.2398436 | R57: 0.075213356 | S57: 0.10520244 | T57: 0 | U57: 0
A58: Sector Average | B58: - | J58: -3.1444545 | K58: 8.0026316 | L58: 3.5782566 | M58: 3.1440176 | N58: 2.7665673 | O58: 2.3521899 | P58: 0.3830037 | Q58: 0.35237781 | R58: 0.068207392 | S58: 0.10708741 | T58: 0 | U58: 0
A59: Eletrobras | B59: ELET3 | C59: Utilities & Energy | D59: Maíra Maldonado | E59: Buy | F59: FALSE | G59: 70.998096 | H59: 30.53 | I59: 1.325519 | J59: 7.1748638 | K59: 5.4392024 | L59: 4.6019034 | M59: 4.1667429 | N59: 0.5441006 | O59: 0.82137661 | P59: 0.55311528 | Q59: 0.57365655 | R59: 0.077090701 | S59: 0.10546704 | T59: 0 | U59: 0
A60: Copel | B60: CPLE6 | C60: Utilities & Energy | D60: Maíra Maldonado | E60: Buy | F60: FALSE | G60: 8 | H60: 6.61 | I60: 0.21028744 | J60: 6.5913301 | K60: 6.320034 | L60: 4.9986272 | M60: 4.8631328 | N60: 0.022945527 | O60: 0.15863529 | P60: 0.71082739 | Q60: 0.68193105 | R60: 0.10784278 | S60: 0.1078999 | T60: 0.088991146 | U60: 0.092811212
A61: Isa Cteep | B61: TRPL4 | C61: Utilities & Energy | D61: Maíra Maldonado | E61: Neutral | F61: FALSE | G61: 26 | H61: 21.41 | I61: 0.2143858 | J61: 10.537041 | K61: 8.3702239 | L61: 7.1277551 | M61: 6.3506129 | N61: 1.7273516 | O61: 1.4978494 | P61: 2.3125469 | Q61: 2.0071414 | R61: 0.21946835 | S61: 0.23979542 | T61: 0.087421066 | U61: 0.067389743
A62: Taesa | B62: TAEE11 | C62: Utilities & Energy | D62: Maíra Maldonado | E62: Neutral | F62: FALSE | G62: 37 | H62: 34.5 | I62: 0.072463768 | J62: 9.1655569 | K62: 8.9001837 | L62: 10.071838 | M62: 9.5176307 | N62: 3.0746013 | O62: 2.5677431 | P62: 2.1054305 | Q62: 2.0186272 | R62: 0.22971114 | S62: 0.22680736 | T62: 0.066173793 | U62: 0.10005102
A63: Alupar | B63: ALUP11 | C63: Utilities & Energy | D63: Maíra Maldonado | E63: Buy | F63: FALSE | G63: 30 | H63: 26.39 | I63: 0.13679424 | J63: 23.325233 | K63: 13.245947 | L63: 7.1033639 | M63: 6.6459015 | N63: 3.1890483 | O63: 2.7635936 | P63: 1.7760786 | Q63: 1.7760786 | R63: 0.076144089 | S63: 0.13408469 | T63: 0.042115325 | U63: 0.074162293
A64: Ômega Geração | B64: MEGA3 | C64: Utilities & Energy | D64: Maíra Maldonado | E64: Buy | F64: FALSE | G64: 17 | H64: 7.83 | I64: 1.1711367 | J64: 21.013047 | K64: -4.4799255 | L64: 7.4819608 | M64: 6.7805327 | N64: 5.1227103 | O64: 3.9386444 | P64: 1.0874517 | Q64: 1.4360324 | R64: 0.051751261 | S64: -0.32054828 | T64: 0 | U64: 0
A65: AES Brasil | B65: AESB3 | C65: Utilities & Energy | D65: Maíra Maldonado | E65: Buy | F65: FALSE | G65: 15 | H65: 9.74 | I65: 0.54004107 | J65: 10.986061 | K65: 6.6646547 | L65: 7.2233363 | M65: 6.4290684 | N65: 3.7888373 | O65: 3.0303949 | P65: 1.7522021 | Q65: 1.5630102 | R65: 0.15949321 | S65: 0.23452231 | T65: 0.063767237 | U65: 0.09607389
A66: Cemig | B66: CMIG4 | C66: Utilities & Energy | D66: Maíra Maldonado | E66: Neutral | F66: FALSE | G66: 13 | H66: 10.52 | I66: 0.23574144 | J66: 14.254418 | K66: 11.723943 | L66: 7.0373107 | M66: 6.2065761 | N66: 2.1789833 | O66: 1.7336893 | P66: 1.3749551 | Q66: 1.2987953 | R66: 0.09645817 | S66: 0.11078144 | T66: 0.061472695 | U66: 0.07474085
A67: Equatorial Energia | B67: EQTL3 | C67: Utilities & Energy | D67: Maíra Maldonado | E67: Buy | F67: FALSE | G67: 30 | H67: 24.53 | I67: 0.22299225 | J67: 11.780915 | K67: 8.3935569 | L67: 10.070646 | M67: 9.6846836 | N67: 0 | O67: 0 | P67: - | Q67: - | R67: - | S67: - | T67: 0.02210621 | U67: 0.031027535
A68: EDP Brasil | B68: ENBR3 | C68: Utilities & Energy | D68: Maíra Maldonado | E68: Neutral | F68: FALSE | G68: 30 | H68: 21.89 | I68: 0.37048881 | J68: 12.466641 | K68: 9.941164 | L68: 8.7572904 | M68: 7.6255965 | N68: 0 | O68: 0 | P68: - | Q68: - | R68: - | S68: - | T68: 0.047355823 | U68: 0.04862623
A69: Engie Brasil | B69: EGIE3 | C69: Utilities & Energy | D69: Maíra Maldonado | E69: Neutral | F69: FALSE | G69: 49 | H69: 39.38 | I69: 0.24428644 | J69: 6.8472231 | K69: 6.551547 | L69: 6.0017223 | M69: 5.9814948 | N69: 0 | O69: 0 | P69: - | Q69: - | R69: - | S69: - | T69: 0.13762405 | U69: 0.14383512
A70: Auren | B70: AURE3 | C70: Utilities & Energy | D70: Maíra Maldonado | E70: Buy | F70: FALSE | G70: 21 | H70: 14.28 | I70: 0.47058824 | J70: 80.434 | K70: 61.48967 | L70: 19.871272 | M70: 18.661067 | N70: 0 | O70: 0 | P70: - | Q70: - | R70: - | S70: - | T70: 0.061602548 | U70: 0.074394933
A71: Sector Average | B71: - | J71: 17.881361 | K71: 11.880017 | L71: 8.3622522 | M71: 7.7427533 | N71: 1.6373815 | O71: 1.3759939 | P71: 1.4590759 | Q71: 1.4194091 | R71: 0.12724496 | S71: 0.10485123 | T71: 0.056552491 | U71: 0.066926069
A72: Vale | B72: VALE3 | C72: Metals & Mining | D72: André Vidal | E72: Buy | F72: FALSE | G72: 97.1 | H72: 79.58 | I72: 0.22015582 | J72: 5.6548272 | K72: 5.5288408 | L72: 3.7714838 | M72: 3.7912974 | N72: 0.24383862 | O72: 0.48075419 | P72: 1.3005207 | Q72: 1.1387047 | R72: 0.22998416 | S72: 0.20595722 | T72: 0 | U72: 0
A73: CSN Mineração | B73: CMIN3 | C73: Metals & Mining | D73: André Vidal | E73: Buy | F73: FALSE | G73: 7.8 | H73: 4.48 | I73: 0.74107143 | J73: 5.8807798 | K73: 6.0144688 | L73: 3.3456758 | M73: 3.3000052 | N73: 0.055628998 | O73: 0.044713024 | P73: 1.2676983 | Q73: 1.2164202 | R73: 0.21556636 | S73: 0.20224898 | T73: 0.074484962 | U73: 0.11652691
A74: Gerdau | B74: GGBR4 | C74: Metals & Mining | D74: André Vidal | E74: Buy | F74: FALSE | G74: 33.8 | H74: 24.3 | I74: 0.3909465 | J74: 7.6707119 | K74: 7.6233175 | L74: 4.2819374 | M74: 4.0849944 | N74: 0.38222084 | O74: 0.4411899 | P74: 0.88087854 | Q74: 0.87827259 | R74: 0.11483661 | S74: 0.11520871 | T74: 0 | U74: 0
A75: Aura Minerals | B75: AURA33 | C75: Metals & Mining | D75: André Vidal | E75: Buy | F75: FALSE | G75: 50 | H75: 37 | I75: 0.35135135 | J75: 28.563586 | K75: 29.855223 | L75: 17.768705 | M75: 16.189192 | N75: 0.26707297 | O75: 0.55008953 | P75: 6.2833302 | Q75: 5.3076474 | R75: 0.21997694 | S75: 0.17777953 | T75: 0.0077185362 | U75: 0.0041786425
A76: Usiminas | B76: USIM5 | C76: Metals & Mining | D76: André Vidal | E76: Neutral | F76: FALSE | G76: 15.485824 | H76: 6.64 | I76: 1.3322023 | J76: 4.1347526 | K76: 3.9555181 | L76: 3.3227736 | M76: 3.2331074 | N76: 1.5880839 | O76: 1.8932732 | P76: 0.3600057 | Q76: 0.33669103 | R76: 0.087068256 | S76: 0.085119324 | T76: 0 | U76: 0
A77: CBA | B77: CBAV3 | C77: Metals & Mining | D77: André Vidal | E77: Buy | F77: FALSE | G77: 18 | H77: 6.71 | I77: 1.6825633 | J77: 4.2206736 | K77: 3.7116786 | L77: 2.7063305 | M77: 2.4564694 | N77: 0.79584029 | O77: 0.48194601 | P77: 0.69645339 | Q77: 0.6075209 | R77: 0.16501001 | S77: 0.16367821 | T77: 0.039823035 | U77: 0.038587246
A78: Sector Average | B78: - | J78: 9.3542219 | K78: 9.4481745 | L78: 5.8661511 | M78: 5.5091777 | N78: 0.5554476 | O78: 0.64866097 | P78: 1.7981478 | Q78: 1.5808761 | R78: 0.17207372 | S78: 0.158332 | T78: 0.020337756 | U78: 0.026548799
A79: Klabin | B79: KLBN11 | C79: Pulp & Paper | D79: André Vidal | E79: Buy | F79: FALSE | G79: 26.8 | H79: 18.06 | I79: 0.48394241 | J79: 5.0254979 | K79: 7.7938768 | L79: 3.7145794 | M79: 4.1701626 | N79: 2.3084631 | O79: 2.8225204 | P79: 1.4026784 | Q79: 1.3051321 | R79: 0.27911233 | S79: 0.16745608 | T79: 0.073743663 | U79: 0.069725639
A80: Suzano | B80: SUZB3 | C80: Pulp & Paper | D80: André Vidal | E80: Buy | F80: FALSE | G80: 72.873054 | H80: 42.24 | I80: 0.72521435 | J80: 9.7663527 | K80: 10.961645 | L80: 4.8040446 | M80: 5.4647544 | N80: 2.6175563 | O80: 2.8204006 | P80: 1.3431041 | Q80: 1.2323574 | R80: 0.13752362 | S80: 0.1124245 | T80: 0.035897867 | U80: 0.02145364
A81: Irani | B81: RANI3 | C81: Pulp & Paper | D81: André Vidal | E81: Neutral | F81: FALSE | G81: 9.4 | H81: 8.41 | I81: 0.117717 | J81: 7.4515041 | K81: 12.40714 | L81: 3.9107734 | M81: 4.5609151 | N81: 1.3723172 | O81: 1.5040142 | P81: 1.5514275 | Q81: 1.4330342 | R81: 0.20820327 | S81: 0.11550077 | T81: 0.037405656 | U81: 0.022354739
A82: Sector Average | B82: - | J82: 7.4144515 | K82: 10.387554 | L82: 4.1431325 | M82: 4.731944 | N82: 2.0994455 | O82: 2.3823117 | P82: 1.4324034 | Q82: 1.3235079 | R82: 0.20827974 | S82: 0.13179378 | T82: 0.049015729 | U82: 0.037844673
A83: brMalls | B83: BRML3 | C83: Income Properties | D83: Ygor Altero | E83: Buy | F83: FALSE | G83: 13 | H83: #NUM! | I83: #NUM! | J83: 0 | K83: 0 | N83: 0 | O83: 0 | P83: 0 | Q83: 0 | R83: 0.057048488 | S83: 0.067724122 | T83: 0 | U83: 0
A84: Multiplan | B84: MULT3 | C84: Income Properties | D84: Ygor Altero | E84: Buy | F84: FALSE | G84: 33 | H84: 23.44 | I84: 0.40784983 | J84: 15.407105 | K84: 13.614913 | L84: 10.625252 | M84: 9.7082842 | N84: 0.77233085 | O84: 0.40995154 | P84: 2.0215574 | Q84: 1.8818479 | R84: 0.13120943 | S84: 0.13821961 | T84: 0.032340395 | U84: 0.031365288
A85: JHSF | B85: JHSF3 | C85: Income Properties | D85: Ygor Altero | E85: Buy | F85: FALSE | G85: 9.7 | H85: 3.51 | I85: 1.7635328 | J85: 4.6287801 | K85: 3.3027473 | L85: 6.0754924 | M85: 4.7941985 | N85: 0.33795411 | O85: 0.16016392 | P85: 0.54501287 | Q85: 0.5034719 | R85: 0.11774439 | S85: 0.15244033 | T85: 0.061590205 | U85: 0.087818465
A86: Iguatemi | B86: IGTI11 | C86: Income Properties | D86: Ygor Altero | E86: Buy | F86: FALSE | G86: 28 | H86: 18.33 | I86: 0.52755046 | J86: 8.546743 | K86: 6.1474343 | L86: 5.1291403 | M86: 4.7254719 | N86: 1.2165615 | O86: 0.89628252 | P86: 0.72217181 | Q86: 0.68210647 | R86: 0.084496727 | S86: 0.11095791 | T86: 0.03147887 | U86: 0.043764894
A87: Log Comm. Prop. | B87: LOGG3 | C87: Income Properties | D87: Ygor Altero | E87: Neutral | F87: FALSE | G87: 28 | H87: 15.07 | I87: 0.85799602 | J87: 20.477757 | K87: 9.7538179 | L87: 14.465229 | M87: 10.815182 | N87: 6.0214257 | O87: 5.7567875 | P87: 0.41417725 | Q87: 0.40139393 | R87: 0.020225714 | S87: 0.041152494 | T87: 0 | U87: 0.012919063
A88: Sector Average | B88: - | J88: 9.812077 | K88: 6.5637825 | L88: 9.0737784 | M88: 7.5107842 | N88: 1.6696544 | O88: 1.4446371 | P88: 0.74058386 | Q88: 0.69376405 | R88: 0.082144949 | S88: 0.10209889 | T88: 0.025081894 | U88: 0.035173542
A89: Sanepar | B89: SAPR11 | C89: Sanitation | D89: Maíra Maldonado | E89: Neutral | F89: FALSE | G89: 26 | H89: 17.05 | I89: 0.52492669 | J89: 3.4172304 | K89: 3.1039925 | L89: 3.1348678 | M89: 2.8983257 | N89: 1.2077142 | O89: 1.1641012 | P89: 0.52615466 | Q89: 0.46927981 | R89: 0.15397108 | S89: 0.15118587 | T89: 0.082589925 | U89: 0.090818633
A90: Orizon | B90: ORVR3 | C90: Sanitation | D90: Maíra Maldonado | E90: Buy | F90: FALSE | G90: 43 | H90: 35.28 | I90: 0.21882086 | J90: 12.474625 | K90: 9.5125231 | L90: 6.7717277 | M90: 5.052903 | N90: 1.5904947 | O90: 1.4640051 | P90: 3.890514 | Q90: 2.7612103 | R90: 0.31187422 | S90: 0.29027107 | T90: 0 | U90: 0
A91: Ambipar | B91: AMBP3 | C91: Sanitation | D91: Maíra Maldonado | E91: Buy | F91: FALSE | G91: 50 | H91: 17.78 | I91: 1.8121485 | J91: 5.2482771 | K91: 3.7898188 | L91: 4.8396399 | M91: 3.710898 | N91: 2.1144685 | O91: 1.8779393 | P91: 1.3861427 | Q91: 1.2879609 | R91: 0.26411385 | S91: 0.33984763 | T91: 0.015162016 | U91: 0.015162016
A92: Sabesp | B92: SBSP3 | C92: Sanitation | D92: Maíra Maldonado | E92: Neutral | F92: FALSE | G92: 52 | H92: 48.21 | I92: 0.078614395 | J92: 9.3114576 | K92: 9.0053826 | L92: 5.3175305 | M92: 5.1111502 | N92: 1.8652344 | O92: 2.0525936 | P92: 1.1645997 | Q92: 1.0961831 | R92: 0.12507169 | S92: 0.12172533 | T92: 0.051372908 | U92: 0.053224148
A93: Copasa | B93: CSMG3 | C93: Sanitation | D93: Maíra Maldonado | E93: Sell | F93: FALSE | G93: 17 | H93: 15.17 | I93: 0.12063283 | J93: 7.8595831 | K93: 7.4868638 | L93: 4.5458984 | M93: 4.3350399 | N93: 1.4773626 | O93: 1.4729113 | P93: 0.70719465 | Q93: 0.65957385 | R93: 0.089978647 | S93: 0.088097482 | T93: 0.032151866 | U93: 0.032257757
A94: Sector Average | B94: - | J94: 7.6622347 | K94: 6.5797161 | L94: 4.9219329 | M94: 4.2216634 | N94: 1.6510549 | O94: 1.6063101 | P94: 1.5349211 | Q94: 1.2548416 | R94: 0.1890019 | S94: 0.19822548 | T94: 0.036255343 | U94: 0.038292511
A95: Mater Dei | B95: MATD3 | C95: Health Care | D95: Leonardo Alencar | E95: Buy | F95: FALSE | G95: 9.9 | H95: 7.61 | I95: 0.30091984 | J95: 12.150969 | K95: 7.9920231 | L95: 5.5491995 | M95: 4.4031709 | N95: 2.4952435 | O95: 1.8089197 | P95: 1.5561937 | Q95: 1.4157915 | R95: 0.12807157 | S95: 0.17715058 | T95: 0 | U95: 0
A96: Kora Saude | B96: KRSA3 | C96: Health Care | D96: Leonardo Alencar | E96: Neutral | F96: FALSE | G96: 1.27 | H96: 0.81 | I96: 0.56790123 | J96: 38.190047 | K96: 8.1978403 | L96: 4.8930285 | M96: 4.3505416 | N96: 4.7480631 | O96: 4.1422239 | P96: 0.49823118 | Q96: 0.47563456 | R96: 0.0130461 | S96: 0.058019496 | T96: 0 | U96: 3.0162363e-19
A97: Oncoclínicas | B97: ONCO3 | C97: Health Care | D97: Leonardo Alencar | E97: Buy | F97: FALSE | G97: 9.3 | H97: 6.29 | I97: 0.47853736 | J97: 14.38369 | K97: 7.6838076 | L97: 5.7179548 | M97: 4.5671628 | N97: 3.0484125 | O97: 2.3041365 | P97: 1.1403116 | Q97: 1.0591382 | R97: 0.079278096 | S97: 0.13784028 | T97: 0 | U97: 0
A98: Blau | B98: BLAU3 | C98: Health Care | D98: Leonardo Alencar | E98: Buy | F98: FALSE | G98: 47 | H98: 25 | I98: 0.88 | J98: 9.014358 | K98: 7.3969436 | L98: 5.8872922 | M98: 4.7890378 | N98: 0.52118818 | O98: 0.25341308 | P98: 2.0267914 | Q98: 1.7945743 | R98: 0.22484035 | S98: 0.24261024 | T98: 0 | U98: 0
A99: Rede D'Or | B99: RDOR3 | C99: Health Care | D99: Leonardo Alencar | E99: Neutral | F99: FALSE | G99: 28.8 | H99: 20.75 | I99: 0.38795181 | J99: 19.182997 | K99: 12.629105 | L99: 9.6011778 | M99: 7.375399 | N99: 2.8212691 | O99: 2.3044958 | P99: 2.9774293 | Q99: 2.7051612 | R99: 0.15521189 | S99: 0.21420054 | T99: 0 | U99: 0
A100: Hapvida | B100: HAPV3 | C100: Health Care | D100: Leonardo Alencar | E100: Buy | F100: FALSE | G100: 3 | H100: 2.07 | I100: 0.44927536 | J100: -15.776797 | K100: 170.80392 | L100: 8.821179 | M100: 6.2824002 | N100: 5.5036961 | O100: 3.7222732 | P100: 0.3072194 | Q100: 0.24524358 | R100: -0.019472863 | S100: 0.0014358194 | T100: 0 | U100: 0
A101: Hypera | B101: HYPE3 | C101: Health Care | D101: Leonardo Alencar | E101: Buy | F101: FALSE | G101: 56.5 | H101: 39.47 | I101: 0.43146694 | J101: 12.841876 | K101: 10.267955 | L101: 10.233273 | M101: 8.9683461 | N101: 2.1189451 | O101: 1.8066698 | P101: 2.0955205 | Q101: 1.9099246 | R101: 0.16317868 | S101: 0.18600827 | T101: 0 | U101: 0
A102: Dasa | B102: DASA3 | C102: Health Care | D102: Leonardo Alencar | E102: Buy | F102: FALSE | G102: 20.8 | H102: 7.59 | I102: 1.740448 | J102: 131.92099 | K102: 6.6131246 | L102: 4.3704268 | M102: 3.4951958 | N102: 4.4534482 | O102: 3.5521531 | P102: 0.58231188 | Q102: 0.54079966 | R102: 0.0044140959 | S102: 0.081776722 | T102: 0 | U102: 0
A103: Hermes Pardini | B103: PARD3 | C103: Health Care | D103: Leonardo Alencar | E103: Neutral | F103: FALSE | G103: 21 | H103: 19.45 | I103: 0.079691517 | J103: 13.964627 | K103: 13.093114 | L103: 7.0298541 | M103: 6.607011 | N103: 0.54854272 | O103: 0.81913445 | P103: 2.2155319 | Q103: 1.96477 | R103: 0.15865313 | S103: 0.15006132 | T103: 0 | U103: 0
...

Sheet VALORES 2
A3: - | H3: Target | I3: Actual | K3: Mkt cap | L3: NOSH | M3: Net revenue (BRL M) | O3: EBITDA (BRL M) | Q3: Net income (BRL M) | S3: NII (BRL M) | U3: EPS (BRL M)
A4: Company | B4: Ticker | C4: Sector | D4: Analyst | E4: Recommendation | F4: Restricted | H4: price | I4: price | J4: % Upside | K4: (BRL B) | L4: 2023 | M4: 2023 | N4: 2024 | O4: 2023 | P4: 2024 | Q4: 2023 | R4: 2024 | S4: 2023 | T4: 2024 | U4: 2023 | V4: 2024
K5: =TODAY() -> 46317 | L5: NOSH | M5: NET_REV | N5: NET_REV | O5: EBITDA | P5: EBITDA | Q5: NET_INCOME | R5: NET_INCOME | S5: NET_INT_INCOME | T5: NET_INT_INCOME
A6: NAME | B6: TICKER | C6: SECTOR_XP | D6: LEAD_ANALYST | E6: RECOMMENDATION | F6: RESTRICTED | G6: CURRENCY | H6: TARGET | L6: =L5&"_"&L4 -> NOSH_2023 | M6: =M5&"_"&M4 -> NET_REV_2023 | N6: =N5&"_"&N4 -> NET_REV_2024 | O6: =O5&"_"&O4 -> EBITDA_2023 | P6: =P5&"_"&P4 -> EBITDA_2024 | Q6: =Q5&"_"&Q4 -> NET_INCOME_2023 | R6: =R5&"_"&R4 -> NET_INCOME_2024 | S6: =S5&"_"&S4 -> NET_INT_INCOME_2023 | T6: =T5&"_"&T4 -> NET_INT_INCOME_2024
A7: BrasilAgro | B7: AGRO3 | C7: Agribusiness | D7: Leonardo Alencar | E7: Neutral | F7: FALSE | G7: BRL | H7: 31.8 | I7: 23.8 | J7: 0.33613445 | K7: 2.3515787 | L7: 102.38 | M7: 1374.9424 | N7: 1496.1623 | O7: 563.81284 | P7: 655.96934 | Q7: 187.53679 | R7: 500.86051 | S7: 0 | T7: 0 | U7: 1.8317718 | V7: 4.8921714
A8: Agrogalaxy | B8: AGXY3 | C8: Agribusiness | D8: Leonardo Alencar | E8: Buy | F8: FALSE | G8: BRL | H8: 16.1 | I8: 7.8 | J8: 1.0641026 | K8: 1.3059486 | L8: 170.82499 | M8: 3270.241 | N8: 4142.648 | O8: 251.10823 | P8: 259.1433 | Q8: 59.817231 | R8: 81.593875 | S8: 0 | T8: 0 | U8: 0.35016675 | V8: 0.47764601
A9: Jalles Machado | B9: JALL3 | C9: Agribusiness | D9: Leonardo Alencar | E9: Buy | F9: FALSE | G9: BRL | H9: 11 | I9: 6.55 | J9: 0.67938931 | K9: 1.9196209 | L9: 294.7 | M9: 2183.4458 | N9: 2467.8531 | O9: 1667.3385 | P9: 1735.2933 | Q9: 345.39243 | R9: 406.46207 | S9: 0 | T9: 0 | U9: 1.1720137 | V9: 1.3792402
A10: Raizen | B10: RAIZ4 | C10: Agribusiness | D10: Leonardo Alencar | E10: Buy | F10: FALSE | G10: BRL | H10: 7.1 | I10: 2.26 | J10: 2.1415929 | K10: 23.319188 | L10: 10352.509 | M10: 268262.69 | N10: 280622.16 | O10: 13911.551 | P10: 15405.03 | Q10: 5711.3275 | R10: 5326.0156 | S10: 0 | T10: 0 | U10: 0.55168532 | V10: 0.51446614
A11: SLC Agricola | B11: SLCE3 | C11: Agribusiness | D11: Leonardo Alencar | E11: Buy | F11: FALSE | G11: BRL | H11: 58.8 | I11: 45 | J11: 0.30666667 | K11: 9.1901327 | L11: 212.42 | M11: 8323.0407 | N11: 7530.6608 | O11: 2759.0921 | P11: 2523.8426 | Q11: 1654.7112 | R11: 1364.5571 | S11: 0 | T11: 0 | U11: 7.7898089 | V11: 6.4238636
A12: São Martinho | B12: SMTO3 | C12: Agribusiness | D12: Leonardo Alencar | E12: Buy | F12: FALSE | G12: BRL | H12: 33.5 | I12: 23.74 | J12: 0.41112047 | K12: 8.2229441 | L12: 354.01 | M12: 7157.7989 | N12: 7267.7343 | O12: 3696.243 | P12: 3879.476 | Q12: 1242.8546 | R12: 1323.6658 | S12: 0 | T12: 0 | U12: 3.5107894 | V12: 3.7390632
A13: Boa Safra | B13: SOJA3 | C13: Agribusiness | D13: Leonardo Alencar | E13: Buy | F13: FALSE | G13: BRL | H13: 17.9 | I13: 11.16 | J13: 0.60394265 | K13: 1.307286 | L13: 117.14 | M13: 2025.5138 | N13: 2514.2981 | O13: 313.92062 | P13: 391.57138 | Q13: 255.74101 | R13: 312.98642 | S13: 0 | T13: 0 | U13: 2.1832082 | V13: 2.6719005
A14: 3tentos | B14: TTEN3 | C14: Agribusiness | D14: Leonardo Alencar | E14: Buy | F14: FALSE | G14: BRL | H14: 16.2 | I14: 12.12 | J14: 0.33663366 | K14: 6.0238582 | L14: 496.22 | M14: 11235.834 | N14: 13060.004 | O14: 955.09897 | P14: 1218.5431 | Q14: 705.70471 | R14: 996.3467 | S14: 0 | T14: 0 | U14: 1.422161 | V14: 2.0078729
A15: Vittia | B15: VITT3 | C15: Agribusiness | D15: Leonardo Alencar | E15: Buy | F15: FALSE | G15: BRL | H15: 18.9 | I15: 11.54 | J15: 0.63778163 | K15: 1.6423741 | L15: 143.05 | M15: 1140.4309 | N15: 1305.3419 | O15: 211.79818 | P15: 267.34735 | Q15: 181.48743 | R15: 205.06678 | S15: 0 | T15: 0 | U15: 1.2686993 | V15: 1.4335322
A17: Ambev | B17: ABEV3 | C17: Food & Beverages | D17: Leonardo Alencar | E17: Buy | F17: FALSE | G17: BRL | H17: 18.1 | I17: 13.78 | J17: 0.31349782 | K17: 216.92111 | L17: 15737.156 | M17: 88149.554 | N17: 92826.064 | O17: 26736.358 | P17: 29244.355 | Q17: 14112.339 | R17: 15942.523 | S17: 0 | T17: 0 | U17: 0.89675284 | V17: 1.0130498
A18: Minerva | B18: BEEF3 | C18: Food & Beverages | D18: Leonardo Alencar | E18: Buy | F18: FALSE | G18: BRL | H18: 19.1 | I18: 11.45 | J18: 0.66812227 | K18: 6.6974509 | L18: 607.28341 | M18: 32214.872 | N18: 32725.975 | O18: 3223.7507 | P18: 3370.9373 | Q18: 980.97183 | R18: 1456.568 | S18: 0 | T18: 0 | U18: 1.6153444 | V18: 2.3984979
A19: BRF | B19: BRFS3 | C19: Food & Beverages | D19: Leonardo Alencar | E19: Buy | F19: FALSE | G19: BRL | H19: 20.6 | I19: 5.55 | J19: 2.7117117 | K19: 5.9835485 | L19: 1082.2473 | M19: 56995.395 | N19: 59380.261 | O19: 5859.8898 | P19: 6770.1316 | Q19: 452.20085 | R19: 1098.2752 | S19: 0 | T19: 0 | U19: 0.41783504 | V19: 1.0148098
... A85: Suzano | B85: SUZB3 | C85: Pulp & Paper | D85: André Vidal | E85: Buy | F85: FALSE | G85: BRL | H85: 72.873054 | I85: 42.24 | J85: 0.72521435 | K85: 55.307029 | L85: 1309.352 | M85: 45176.37 | N85: 42110.714 | O85: 23508.184 | P85: 20665.954 | Q85: 5663.0178 | R85: 5045.5046 | S85: 6368.6258 | T85: 6465.6456 | U85: 4.3250538 | V85: 3.8534363
A87: brMalls | B87: BRML3 | C87: Income Properties | D87: Ygor Altero | E87: Buy | F87: FALSE | G87: BRL | H87: 13 | I87: #NUM! | J87: #NUM! | K87: #NUM! | L87: 824.601 | M87: 1652.5183 | N87: 1724.2465 | O87: 1163.9953 | P87: 1255.2951 | Q87: 658.58021 | R87: 814.93659 | S87: 147.92276 | T87: 77.897557 | U87: 0.79866531 | V87: 0.98827989
A88: Multiplan | B88: MULT3 | C88: Income Properties | D88: Ygor Altero | E88: Buy | F88: FALSE | G88: BRL | H88: 33 | I88: 23.44 | J88: 0.40784983 | K88: 13.71901 | L88: 586.55277 | M88: 2054.7171 | N88: 2245.8063 | O88: 1473.6435 | P88: 1612.8322 | Q88: 890.43399 | R88: 1007.6458 | S88: 174.08613 | T88: 174.63945 | U88: 1.5180799 | V88: 1.7179115
A89: JHSF | B89: JHSF3 | C89: Income Properties | D89: Ygor Altero | E89: Buy | F89: FALSE | G89: BRL | H89: 9.7 | I89: 3.51 | J89: 1.7635328 | K89: 2.3742085 | L89: 685.53064 | M89: 1817.4349 | N89: 2213.5818 | O89: 786.20664 | P89: 996.32765 | Q89: 512.92316 | R89: 718.85866 | S89: 31.41416 | T89: 35.310669 | U89: 0.74821332 | V89: 1.0486164
A90: Iguatemi | B90: IGTI11 | C90: Income Properties | D90: Ygor Altero | E90: Buy | F90: FALSE | G90: BRL | H90: 28 | I90: 18.33 | J90: 0.52755046 | K90: 2.9911317 | L90: 300.47893 | M90: 1193.2106 | N90: 1294.2218 | O90: 833.67668 | P90: 904.89262 | Q90: 349.97328 | R90: 486.56586 | S90: 299.93554 | T90: 225.53224 | U90: 1.1647182 | V90: 1.6193011
A91: Log Comm. Prop. | B91: LOGG3 | C91: Income Properties | D91: Ygor Altero | E91: Neutral | F91: FALSE | G91: BRL | H91: 28 | I91: 15.07 | J91: 0.85799602 | K91: 1.5055985 | L91: 100.763 | M91: 260.39131 | N91: 340.82501 | O91: 211.6202 | P91: 283.04049 | Q91: 73.523603 | R91: 154.35991 | S91: 69.253353 | T91: 56.000477 | U91: 0.72966866 | V91: 1.5319107
A93: Sanepar | B93: SAPR11 | C93: Sanitation | D93: Maíra Maldonado | E93: Neutral | F93: FALSE | G93: BRL | H93: 26 | I93: 17.05 | J93: 0.52492669 | K93: 5.1028373 | L93: 302.2411 | M93: 6437.2596 | N93: 6853.7974 | O93: 2863.9642 | P93: 3097.702 | Q93: 1493.267 | R93: 1643.9593 | S93: 0 | T93: 0 | U93: 4.9406482 | V93: 5.4392314
A94: Orizon | B94: ORVR3 | C94: Sanitation | D94: Maíra Maldonado | E94: Buy | F94: FALSE | G94: BRL | H94: 43 | I94: 35.28 | J94: 0.21882086 | K94: 2.8319581 | L94: 71.5 | M94: 1144.4676 | N94: 1483.8102 | O94: 506.82031 | P94: 679.22323 | Q94: 227.01749 | R94: 297.70841 | S94: 10.836814 | T94: 0.45625 | U94: 3.1750698 | V94: 4.163754
A95: Ambipar | B95: AMBP3 | C95: Sanitation | D95: Maíra Maldonado | E95: Buy | F95: FALSE | G95: BRL | H95: 50 | I95: 17.78 | J95: 1.8121485 | K95: 2.0079948 | L95: 112.935 | M95: 3806.5517 | N95: 4809.2995 | O95: 1097.2057 | P95: 1430.9422 | Q95: 382.60075 | R95: 529.83925 | S95: 171.29875 | T95: 91.935043 | U95: 3.3877961 | V95: 4.6915416
A96: Sabesp | B96: SBSP3 | C96: Sanitation | D96: Maíra Maldonado | E96: Neutral | F96: FALSE | G96: BRL | H96: 52 | I96: 48.21 | J96: 0.078614395 | K96: 32.952011 | L96: 683.50987 | M96: 19536.356 | N96: 20286.855 | O96: 9095.4482 | P96: 9462.7084 | Q96: 3538.8671 | R96: 3659.1461 | S96: 0 | T96: 0 | U96: 5.1774923 | V96: 5.3534649
A97: Copasa | B97: CSMG3 | C97: Sanitation | D97: Maíra Maldonado | E97: Sell | F97: FALSE | G97: BRL | H97: 17 | I97: 15.17 | J97: 0.12063283 | K97: 5.7521758 | L97: 380.25307 | M97: 5523.9143 | N97: 5791.8675 | O97: 1929.1669 | P97: 2023.0026 | Q97: 731.86779 | R97: 768.30245 | S97: 227.45558 | T97: 189.39612 | U97: 1.9246861 | V97: 2.0205029
A99: Blau | B99: BLAU3 | C99: Health Care | D99: Leonardo Alencar | E99: Buy | F99: FALSE | G99: BRL | H99: 47 | I99: 25 | J99: 0.88 | K99: 4.4457685 | L99: 178.772 | M99: 2023.3275 | N99: 2452.498 | O99: 698.04799 | P99: 858.12906 | Q99: 493.18748 | R99: 601.02777 | S99: 0 | T99: 0 | U99: 2.7587512 | V99: 3.3619793
A100: Dasa | B100: DASA3 | C100: Health Care | D100: Leonardo Alencar | E100: Buy | F100: FALSE | G100: BRL | H100: 20.8 | I100: 7.59 | J100: 1.740448 | K100: 4.2196011 | L100: 560.486 | M100: 14597.504 | N100: 16370.439 | O100: 2762.768 | P100: 3454.5919 | Q100: 31.985821 | R100: 638.06465 | S100: 0 | T100: 0 | U100: 0.057068011 | V100: 1.1384132
A101: Fleury | B101: FLRY3 | C101: Health Care | D101: Leonardo Alencar | E101: Neutral | F101: FALSE | G101: BRL | H101: 29 | I101: 14.23 | J101: 1.037948 | K101: 5.2139285 | L101: 317.3661 | M101: 3568.5687 | N101: 3812.7857 | O101: 1111.1501 | P101: 1198.4346 | Q101: 438.91879 | R101: 503.9147 | S101: 0 | T101: 0 | U101: 1.3830046 | V101: 1.5878025
... A161: Vulcabras | B161: VULC3 | C161: Retail | D161: Danniela Eiger | E161: Buy | F161: FALSE | G161: BRL | H161: 19 | I161: 11.77 | J161: 0.61427358 | K161: 2.886769 | L161: 245.75624 | M161: 2984.0046 | N161: 3394.5322 | O161: 605.43224 | P161: 710.34227 | Q161: 458.75071 | R161: 560.53709 | S161: -24.840882 | T161: -16.687995 | U161: 1.8666899 | V161: 2.2808661
A162: #N/A
A163: Petrobras | B163: PETR4 | C163: Oil & Gas | D163: André Vidal | E163: Buy | F163: FALSE | G163: USD | H163: 35.5 | I163: 22.8 | J163: 0.55701754 | K163: 318.02277 | L163: 6522.1006 | M163: 99673.668 | N163: 91674.819 | O163: 54670.35 | P163: 48788.922 | Q163: 22200.229 | R163: 17844.031 | S163: 0 | T163: 0 | U163: 3.4038464 | V163: 2.735933
A164: PetroRio | B164: PRIO3 | C164: Oil & Gas | D164: André Vidal | E164: Buy | F164: FALSE | G164: BRL | H164: 41.6 | I164: 29.93 | J164: 0.38990979 | K164: 14.836466 | L164: 843.99438 | M164: 2465.8676 | N164: 3043.6994 | O164: 18439.434 | P164: 24211.552 | Q164: 860.49125 | R164: 1163.2644 | S164: 0 | T164: 0 | U164: 1.0195462 | V164: 1.3782846
A165: PetroReconcavo | B165: RECV3 | C165: Oil & Gas | D165: André Vidal | E165: Buy | F165: FALSE | G165: BRL | H165: 33.8 | I165: 19.9 | J165: 0.69849246 | K165: 5.8262133 | L165: 292.57784 | M165: 4157.1208 | N165: 5806.8933 | O165: 1850.1314 | P165: 2910.8252 | Q165: 1278.7563 | R165: 2245.9582 | S165: 0 | T165: 0 | U165: 4.3706532 | V165: 7.6764467
A166: 3R Petroleum | B166: RRRP3 | C166: Oil & Gas | D166: André Vidal | E166: Buy | F166: FALSE | G166: BRL | H166: 82.5 | I166: 29.45 | J166: 1.8013582 | K166: 5.9809308 | L166: 202.593 | M166: 7414.5511 | N166: 8850.6767 | O166: 4372.6022 | P166: 5301.7522 | Q166: 2041.0441 | R166: 3042.8586 | S166: 0 | T166: 0 | U166: 10.074603 | V166: 15.019564
A167: #N/A

Sheet Disclaimer (2)
E95: - | G95: -
E96: - | G96: -
